Workbook
Name 金額区分別購入率: '5参考'!$A$16:$N$20
Name grpKeiyaku: #REF!
Name 区分２: '5参考'!$A$17:$N$17
Name 区分４: '5参考'!$A$19:$N$19
Name grpUkesyo: #REF!
Name 区分５: '5参考'!$A$20:$N$20
Name 区分１: '5参考'!$A$16:$N$16
Name 区分３: '5参考'!$A$18:$N$18

Sheet 説明
A1: 【 利用説明 】
A3: シート名 | B3: 内容 | C3: 備考
A4: 提出書類一覧 | B4: 提出書類を一覧にし、提出時期、提出先、部数、様式番号及び様式の指定の有無を記載しています。 様式番号は、様式ごとのシート名の番号と紐付いています。 また、様式番号を押下すると、対応した様式へ移動します。 | C4: 工事の種別、規模によって提出する書類が異なりますので、必ず監督職員と事前に打合せを行ってください。 指定有無の欄に「指定」とあるものは、市の指定様式を使用してください。また、「指定」以外のものは、任意の様式を使用してください。 なお、「参考」とあるものは、参考に作成した様式を掲載していますが、自社で使用している様式がある場合は、それらを使用していただいて構いません。
A5: 基本データ | B5: 各様式の工事番号、工事件名及び工期等を各様式（シート）に一括入力するためのものです。 | C5: 記載欄（黄色着色セル）に必要事項を記入してください。 セルに関数（例「=基本データ!D15」等）が入力されている個所が一括入力されます。
A6: 各様式（1～） | B6: 土浦市の指定様式、参考様式をシート別に掲載しています。 | C6: 基礎データに入力した事項でも、自動入力されない場合があります。未記入箇所、見切れなどを確認し、必要事項の追加及び修正してください。 ※工事件名、社名などで文字数が多い場合は特に注意してください。
A7: 更新内容 | B7: 更新、変更した内容を記録するもので、書類作成には使用しません。
A10: １ 工事打合せ簿、承諾書及び協議書など、双方の内容確認・承諾の証明として必要があるもの、その他、
A11: 特段の事情により受発注者協議により必要と判断したものは、これまでどおり、押印を存続します。
A13: ２ 一部書類の右上にある「責任者、担当者の氏名及び連絡先」は、行政文書の押印を省略する場合に真正
A14: 性を確保するため記載してください。
A15: なお、記載するのは、当該文書の責任者（承認者）、担当者（作成者）となります。
A17: ［参考］Microsoft Excelにおいて、複数のワークシート間を効率的に移動するためのショートカットキー
A18: 以下のショートカットキーを活用することで、マウス操作を介さずにキーボードのみでシート切り替え
A19: が可能となります。
A20: ○ 次のシートへ移動する場合は、「Ctrl 」キーを押しながら「 Page Down 」キーを押します。
A21: ○ 前のシートへ移動する場合は、「Ctrl 」キーを押しながら「 Page Up」 キーを押します。

Sheet 更新内容
A1: 【 更新内容 】
A3: 様式を更新する際、該当の様式名称・番号、日付を内容と共に記載する。
A5: 当初作成日 | B5: 46296
A7: 日 付 | B7: 様式名称 | C7: 様式番号 | D7: 内 容

Sheet 基本データ
A1: 【 基本データ入力シート 】
D3: 記 載 欄
B4: 工事番号 | D4: 土下維工 第○○号
B5: 工事名称 | D5: ○○○○○○○○○○○○○○○○○○○○○○○○○○○○○○○○○工事
B6: 工事場所 | D6: 土浦市 田中町 地内
B7: 工事期間 | C7: 自 | D7: 45791
C8: 至 | D8: 46096
C9: 計 | D9: =(DATEDIF(D7,D8,"D"))+1 -> 306 | E9: 日間 | F9: ←自動入力
B10: 監督職員 | C10: 所属課 | D10: 発注 | E10: 課 | F10: ←提出書類一覧シートの提出先と連動
C11: 職氏名 | D11: 技師 ○○ ○○
B12: 監理者 | C12: 名称及び個人名 | D12: ○○設計事務所 ○○ ○○
B13: 請負者 | C13: 郵便番号 | D13: 300-8686
C14: 所在 | D14: 土浦市大和町○○番○号
C15: 商号 | D15: ○○○○ (株)
C16: 事業者ID | D16: T1234567890122 | F16: ←建設キャリアアップシステム（CCUS)のIDがあれば入力
C17: 電話番号 | D17: 029-826-1111
C18: 代表者名 | D18: 代表取締役 土浦 太郎
C19: 現場代理人 | D19: 土浦 二郎
C20: 主任（監理）技術者 | D20: 土浦 三郎
C21: 責任者 | D21: 山田 花子 | F21: ←申請内容を最終的に確認し、組織としての意思決定や承認を行った方の名前を記載
C22: 担当者 | D22: 鈴木 一郎 | F22: ←申請内容の作成、取りまとめ、実務的な手続きを行った方の名前を記載
B23: 請負金額 | C23: 当初 | D23: 283200000
C24: 変更 | D24: 300000000 | F24: ←変更になった場合のみ記入 ※空欄の場合「当初」金額が自動入力
B25: 契約日 | D25: 45790

Sheet 提出書類一覧
A1: 【 工 事 提 出 書 類 一 覧 （ 土 木 工 事 ） 】
A2: （ 令和8年10月1日作成 ）
A3: № | B3: 確認 | C3: 提 出 書 類 | J3: 提出時期 | K3: 提出先 | L3: 部数 | M3: 書式 番号 | N3: 指定 有無 | O3: 備 考 | P3: 根拠法令
A4: =ROW()-ROW(A$4)+1 -> 1 | C4: 現場代理人及び主任(監理)技術者選任通知書 | J4: 契約後速やかに | K4: 契約検査課 | L4: 1部 | M4: 1 | N4: 指定 | O4: 表裏両面印刷 雇用関係証明・資格者証(主任・監理技術者)｜変更の場合も提出 | P4: 工事請負契約書/第10条、建設業法/19条の2
A5: =ROW()-ROW(A$4)+1 -> 2 | C5: 工事工程表 | J5: 契約後速やかに | K5: 契約検査課 | L5: 1部 | M5: 2 | N5: 指定 | O5: 表裏両面印刷｜変更の場合も提出 | P5: 工事請負契約書/第3条
A6: =ROW()-ROW(A$4)+1 -> 3 | C6: 下請負届 | J6: 契約後速やかに | K6: 契約検査課 | L6: 1部 | M6: 3 | N6: 指定 | O6: 表裏両面印刷｜変更の場合も提出 | P6: 工事請負契約書/第7条、建設業法/23条
A7: =ROW()-ROW(A$4)+1 -> 4 | C7: 着工届 | J7: 契約後速やかに | K7: =基本データ!$D$10&"課" -> 発注課 | L7: 1部 | M7: 4 | N7: 指定 | O7: 工事着手の前日までに提出 | P7: 土浦市請負工事及び委託業務執行規則第8条
A8: =ROW()-ROW(A$4)+1 -> 5 | C8: 建設業退職金共済掛金収納書・加入労働者数報告書 | J8: 契約後速やかに | K8: =基本データ!$D$10&"課" -> 発注課 | L8: 1部 | M8: 5 | N8: 指定 | O8: 証紙貼付方式は工事契約締結後１か月以内、電子申請方式は40日以内に提出 | P8: 中小企業退職金共済法、共通仕様書1-1-1-44
A9: =ROW()-ROW(A$4)+1 -> 6 | C9: 請負代金請求書（前払金）・前払金保証証書 | J9: 契約後速やかに | K9: 発注課 | L9: 1部 | M9: 6 | N9: 参考 | O9: 請負金額500万円以上｜請負金額の40％以内｜前金払保証書要｜インボイス登録番号が記載されていれば押印省略化 | P9: 工事請負契約書/第35条
A10: =ROW()-ROW(A$4)+1 -> 7 | C10: 工事実績情報（コリンズ）登録内容確認書（受注時） | J10: 契約後速やかに | K10: =基本データ!$D$10&"課" -> 発注課 | L10: 1部 | O10: 請負契約500万以上｜契約後10日以内に提出｜登録内容確認システムの場合は提出不要｜メール提出可｜変更の場合も提出 | P10: 工事特記仕様書(契約約款附則)、共通仕様書1-1-1-7
A11: =ROW()-ROW(A$4)+1 -> 8 | C11: 再生資源利用計画書-建設資材搬入工事用- | J11: 施工前 | K11: =基本データ!$D$10&"課" -> 発注課 | L11: 1部 | O11: 指定副産物(建設業の土砂、コンクリートの塊、アスファルト・コンクリートの塊、木材) | P11: 資源の有効な利用の促進に関する法律第12条、共通仕様書1-1-1-21
A12: =ROW()-ROW(A$4)+1 -> 9 | C12: 再生資源利用促進計画書-建設副産物搬出工事用- | J12: 施工前 | K12: =基本データ!$D$10&"課" -> 発注課 | L12: 1部 | O12: 指定副産物(建設業の土砂、コンクリートの塊、アスファルト・コンクリートの塊、木材) | P12: 資源の有効な利用の促進に関する法律第12条、共通仕様書1-1-1-21
A13: =ROW()-ROW(A$4)+1 -> 10 | C13: 施工計画書 | J13: 施工前 | K13: =基本データ!$D$10&"課" -> 発注課 | L13: 1部 | O13: 工事概要、計画工程表、現場組織表、指定・主要機械、主要資材、施工方法、施工管理計画、安全管理、交通管理、環境対策 | P13: 共通仕様書1-1-1-6
A14: =ROW()-ROW(A$4)+1 -> 11 | C14: 設計図書の照査確認資料 | J14: 施工前 | K14: =基本データ!$D$10&"課" -> 発注課 | L14: 1部 | O14: 国土交通省大臣官房技術調査課「詳細設計照査要領」（http://www.ktr.mlit.go.jp/gijyutu/gijyutu00000143.html） | P14: 工事請負契約書/第18条、共通仕様書1-1-1-3
A15: =ROW()-ROW(A$4)+1 -> 12 | C15: 工事測量成果表（仮ＢＭ及び多角点の設置） | J15: 施工前 | K15: =基本データ!$D$10&"課" -> 発注課 | L15: 1部 | P15: 共通仕様書1-1-1-41
A16: =ROW()-ROW(A$4)+1 -> 13 | C16: 工事測量結果 | J16: 施工前 | K16: =基本データ!$D$10&"課" -> 発注課 | L16: 1部 | P16: 共通仕様書1-1-1-41
A17: =ROW()-ROW(A$4)+1 -> 14 | C17: 施工体制台帳・再下請人通知書・作業員名簿 | J17: 施工前・中 | K17: =基本データ!$D$10&"課" -> 発注課 | L17: 1部 | M17: 14 | N17: 参考 | O17: 下請業者との金額が記載された契約書、又は注文書・注文請書写し添付 | P17: 建設業法律第24条の8、共通仕様書1-1-12
A18: =ROW()-ROW(A$4)+1 -> 15 | C18: 施工体系図 | J18: 施工前・中 | K18: =基本データ!$D$10&"課" -> 発注課 | L18: 1部 | M18: 15 | N18: 参考 | P18: 建設業法律第24条の8、共通仕様書1-1-12
A19: =ROW()-ROW(A$4)+1 -> 16 | C19: 工事打合せ簿（協議・承諾・提出・報告・通知） | J19: 施工前・中 | K19: =基本データ!$D$10&"課" -> 発注課 | L19: 1部 | M19: 16 | N19: 指定 | O19: 指示、協議、通知、承諾、報告、提出の際に共通で使用 | P19: 工事請負契約書、共通仕様書1-1-1-2
A20: =ROW()-ROW(A$4)+1 -> 17 | C20: 関係機関協議資料（許可後の資料） | J20: 契約前 | K20: =基本データ!$D$10&"課" -> 発注課 | L20: 1部 | P20: 共通仕様書1-1-1-39
A21: =ROW()-ROW(A$4)+1 -> 18 | C21: 近隣協議資料 | J21: 契約前 | K21: =基本データ!$D$10&"課" -> 発注課 | L21: 1部 | O21: 許可後の資料は提出ではなく提示でよい。ただし、監督員から請求があった場合は提出する。 | P21: 共通仕様書1-1-1-39
A22: =ROW()-ROW(A$4)+1 -> 19 | C22: 段階確認書 | J22: 契約前 | K22: =基本データ!$D$10&"課" -> 発注課 | L22: 1部 | M22: 17 | N22: 参考 | O22: 監督員から請求があった場合は提出する。 | P22: 共通仕様書3-1-1-5
A23: =ROW()-ROW(A$4)+1 -> 20 | C23: 休日・夜間作業通知届 | J23: 適 宜 | K23: =基本データ!$D$10&"課" -> 発注課 | L23: 1部 | M23: 18 | N23: 参考 | O23: 実施工程表に記載することで省略可 | P23: 共通仕様書1-1-1-40
A24: =ROW()-ROW(A$4)+1 -> 21 | C24: 安全教育訓練実施資料 ※提示のみ | J24: 完成時 | K24: =基本データ!$D$10&"課" -> 発注課 | O24: 新規入場者教育、ＫＹ活動、安全協議会等の記録、指摘及びその是正状況 | P24: 労働安全衛生法第59条、共通仕様書1-1-1-30
A25: =ROW()-ROW(A$4)+1 -> 22 | C25: 工事履行状況報告書（実施工程表含む） | J25: 完成時 | K25: =基本データ!$D$10&"課" -> 発注課 | L25: 1部 | P25: 工事請負契約書第11条、共通仕様書1-1-1-27
A26: =ROW()-ROW(A$4)+1 -> 23 | C26: 出来形管理 | J26: 施工中・完成時 | K26: =基本データ!$D$10&"課" -> 発注課 | L26: 1部 | M26: 23 | N26: 参考 | O26: 23（出来形管理一覧表）、23-1（出来形管理表Ⅰ・Ⅱ）、23-2（出来形管理図）、23-3～7（出来形管理一覧表Ⅰ～Ⅹ） | P26: 共通仕様書1-1-1-26
A27: =ROW()-ROW(A$4)+1 -> 24 | C27: 出来形数量計算書 | J27: 施工中・完成時 | K27: =基本データ!$D$10&"課" -> 発注課 | L27: 1部 | P27: 共通仕様書3-1-1-5
A28: =ROW()-ROW(A$4)+1 -> 25 | C28: 品質管理 | J28: 施工中・完成時 | K28: =基本データ!$D$10&"課" -> 発注課 | L28: 1部 | M28: 25 | N28: 参考 | P28: 共通仕様書1-1-1-26
A29: =ROW()-ROW(A$4)+1 -> 26 | C29: 材料使用届 | J29: 施工前 | K29: =基本データ!$D$10&"課" -> 発注課 | L29: 1部 | M29: 26 | N29: 参考 | P29: 共通仕様書2-2
A30: =ROW()-ROW(A$4)+1 -> 27 | C30: 請負代金請求書（中間前払金）・中間前払金保証証書 | J30: 適 宜 | K30: 発注課 | L30: 1部 | M30: 6 | N30: 参考 | O30: インボイス登録番号が記載されていれば押印省略化 | P30: 工事請負契約書第35条
A31: =ROW()-ROW(A$4)+1 -> 28 | C31: 一部履行届 | J31: 適 宜 | K31: =基本データ!$D$10&"課" -> 発注課 | L31: 1部 | M31: 28 | N31: 指定 | O31: 既済部分(出来高)検査、完済部分(部分引渡)検査を依頼する際に提出 | P31: 工事請負契約書第38、39条
A32: =ROW()-ROW(A$4)+1 -> 29 | C32: 出来高内訳書 | J32: 適 宜 | K32: =基本データ!$D$10&"課" -> 発注課 | L32: 1部 | P32: 工事請負契約書第38条、共通仕様書1-1-1-21
A33: =ROW()-ROW(A$4)+1 -> 30 | C33: 部分使用承諾書 | J33: 適 宜 | K33: =基本データ!$D$10&"課" -> 発注課 | L33: 1部 | P33: 工事請負契約書第34条
A34: =ROW()-ROW(A$4)+1 -> 31 | C34: 工期延期申請書 | J34: 適 宜 | K34: =基本データ!$D$10&"課" -> 発注課 | L34: 1部 | M34: 31 | N34: 指定 | P34: 工事請負契約書第22条
A35: =ROW()-ROW(A$4)+1 -> 32 | C35: 支給品受領書 | J35: 適 宜 | K35: =基本データ!$D$10&"課" -> 発注課 | L35: 1部 | M35: 32 | N35: 参考 | P35: 工事請負契約書第15条
A36: =ROW()-ROW(A$4)+1 -> 33 | C36: 残材返品調書 | J36: 適 宜 | K36: =基本データ!$D$10&"課" -> 発注課 | L36: 1部 | M36: 33 | N36: 指定 | P36: 共通仕様書1-1-1-19
A37: =ROW()-ROW(A$4)+1 -> 34 | C37: 現場発生材報告書 | J37: 適 宜 | K37: =基本データ!$D$10&"課" -> 発注課 | L37: 1部 | M37: 34 | N37: 指定 | P37: 共通仕様書1-1-1-20
A38: =ROW()-ROW(A$4)+1 -> 35 | C38: 建設廃棄物等処理報告（マニュフェスト） | J38: 完成時 | K38: =基本データ!$D$10&"課" -> 発注課 | L38: 1部 | O38: マニフェストE票、スクラップ伝票(有価物)の原本を監督員へ提示し、集計表に種類ごとの総量をまとめたものを提出 | P38: 共通仕様書1-1-1-21
A39: =ROW()-ROW(A$4)+1 -> 36 | C39: 施工中の写真、参考資料等 | J39: 完成時 | K39: =基本データ!$D$10&"課" -> 発注課 | L39: 1部
A40: =ROW()-ROW(A$4)+1 -> 37 | C40: 工事完成届 | J40: 完成時 | K40: =基本データ!$D$10&"課" -> 発注課 | L40: 1部 | M40: 37 | N40: 指定 | O40: 工事が完了した際に提出 | P40: 工事請負契約書第32条
A41: =ROW()-ROW(A$4)+1 -> 38 | C41: 工事主要材料使用総括表 | J41: 契約前 | K41: =基本データ!$D$10&"課" -> 発注課 | L41: 1部 | M41: 38 | N41: 参考 | P41: 共通仕様書3-1-1-1
A42: =ROW()-ROW(A$4)+1 -> 39 | C42: 工事写真 | J42: 完成時 | K42: =基本データ!$D$10&"課" -> 発注課 | L42: 1部 | O42: 「営繕工事写真要領」に基づき撮影 | P42: 共通仕様書1-1-1-26
A43: =ROW()-ROW(A$4)+1 -> 40 | C43: 高度技術・創意工夫・社会性等に関する実施状況報告書 | J43: 完成時 | K43: =基本データ!$D$10&"課" -> 発注課 | L43: 1部 | M43: 40 | N43: 指定 | O43: 高度技術や創意工夫などの工事の取り組みがある場合 | P43: 公共工事の品質確保の促進に関する法律第9条、共通仕様書3-1-1-10
A44: =ROW()-ROW(A$4)+1 -> 41 | C44: 工事実績情報（コリンズ）登録内容確認書（完成時） | J44: 完成時 | K44: =基本データ!$D$10&"課" -> 発注課 | L44: 1部 | O44: 工事完成後10日以内に登録、登録内容確認システムの場合は提出不要、メール提出可 | P44: 工事特記仕様書(契約約款附則)、共通仕様書1-1-1-7
A45: =ROW()-ROW(A$4)+1 -> 42 | C45: （建退協）掛金充当実績総括表／工事別共済証紙受払簿 | J45: 完成時 | K45: =基本データ!$D$10&"課" -> 発注課 | L45: 1部 | M45: 42 | O45: 共済証紙の受入・払出しの都度、記録・整理 | P45: 中小企業退職金共済法、共通仕様書1-1-1-40
A46: =ROW()-ROW(A$4)+1 -> 43 | C46: 再生資源利用実施書 | J46: 完成時 | K46: =基本データ!$D$10&"課" -> 発注課 | L46: 1部 | P46: 資源の有効な利用の促進に関する法律第37条、共通仕様書1-1-1-21
A47: =ROW()-ROW(A$4)+1 -> 44 | C47: 再生資源利用促進実施書 | J47: 完成時 | K47: =基本データ!$D$10&"課" -> 発注課 | L47: 1部 | P47: 資源の有効な利用の促進に関する法律第37条、共通仕様書1-1-1-18
A48: =ROW()-ROW(A$4)+1 -> 45 | C48: ストックヤード完了報告書 | J48: 完成時 | K48: =基本データ!$D$10&"課" -> 発注課 | L48: 1部 | P48: 共通仕様書1-1-1-19
A49: =ROW()-ROW(A$4)+1 -> 46 | C49: 建設リサイクル法に基づく説明書・別紙 | J49: 契約前 | K49: =基本データ!$D$10&"課" -> 発注課 | L49: 1部 | M49: 46 | N49: 指定 | O49: 工事担当課で確認後契約検査課へ｜特定建設資材を用いた建築物等に係る解体工事等であって一定規模以上の場合 | P49: 建設工事に係る資材の再資源化等に関する法律/第12条
A50: =ROW()-ROW(A$4)+1 -> 47 | C50: 解体等工事に係る事前調査説明書面等（石綿） | J50: 施工前 | K50: =基本データ!$D$10&"課" -> 発注課 | L50: 1部 | M50: 47 | N50: 参考 | O50: 大気汚染防止法に基づく、解体等工事に係る石綿使用の有無に関する事前調査結果説明書 | P50: 大気汚染防止法第18条の15
A51: =ROW()-ROW(A$4)+1 -> 48 | C51: 建設廃棄物等処理計画 | J51: 施工前 | K51: =基本データ!$D$10&"課" -> 発注課 | L51: 1部 | O51: 収集運搬・処分業者との委託契約書の写し、許可証、経路図｜有価物の場合は古物商の許可証の写し | P51: 廃棄物の処理及び清掃に関する法律等、建設廃棄物処理指針
A52: =ROW()-ROW(A$4)+1 -> 49 | C52: 工事現場保安管理計画書 | J52: 適 宜 | K52: =基本データ!$D$10&"課" -> 発注課 | L52: 1部 | M52: 49 | N52: 指定 | O52: 現場を長期休業する期間がある場合は提出(GW、夏季、年末年始等) | P52: 工事仕様書
A53: =ROW()-ROW(A$4)+1 -> 50 | C53: 再資源化等報告書 | J53: 完成時 | K53: =基本データ!$D$10&"課" -> 発注課 | L53: 1部 | M53: 50 | N53: 参考 | O53: 特定建設資材廃棄物が適切に再資源化されたことを確認・記録するために作成し、再資源化義務の履行状況を報告 | P53: 建設工事に係る資材の再資源化等に関する法律第18条
A54: =ROW()-ROW(A$4)+1 -> 51 | C54: 工事目的物引渡書（工事完成・部分引渡し） | J54: 検査合格後 | K54: 発注課 | L54: 1部 | M54: 51 | N54: 指定 | P54: 工事請負契約書第32条、第39条
A55: =ROW()-ROW(A$4)+1 -> 52 | C55: 請負代金請求書（工事完成・部分完成・出来高） | J55: 検査合格後 | K55: 発注課 | L55: 1部 | M55: 6 | N55: 参考 | O55: インボイス登録番号が記載されていれば押印省略化 | P55: 工事請負契約書第33条、第35条、第39条
A56: =ROW()-ROW(A$4)+1 -> 53 | C56: 契約保証金還付請求書 | J56: 検査合格後 | K56: 契約検査課 | L56: 1部 | M56: 53 | N56: 指定 | O56: インボイス登録番号が記載されていれば押印省略化 | P56: 工事請負契約書第4条
B57: ※ 記載の提出時期、部数等は原則とし、監督員と協議のうえ、決定してください。
B58: ※ 再生資源利用計画書、再生資源利用促進計画書及び同実施書は、JACICのコブリスプラスを利用してください。
B59: ※ 建退協の各様式、記入例は、事業本部HP (トップ ＞各種申請書 ＞加入・履行証明に関する様式)参照

Sheet 1-1
B1: 様式第1号（第4条関係）
I2: 責任者 | J2: 氏名 | K2: =基本データ!D21 -> 山田 花子 | M2: 連絡先 | N2: =基本データ!D17 -> 029-826-1111
I3: 担当者 | J3: 氏名 | K3: =基本データ!D22 -> 鈴木 一郎 | M3: 連絡先 | N3: =基本データ!D17 -> 029-826-1111
B5: （表面） | P5: ←（表面）、（裏面）を両面印刷
B6: 現場代理人及び主任（監理）技術者選任（変更）通知書
M9: =基本データ!D25 -> 45790 | P9: ←契約日
B10: （通知先） 土 浦 市 長
H11: 所在 | I11: =基本データ!D14 -> 土浦市大和町○○番○号
F12: 請負者 | H12: 商号 | I12: =基本データ!D15 -> ○○○○ (株)
H13: 代表者名 | I13: =基本データ!D18 -> 代表取締役 土浦 太郎
B15: =TEXT(M9," ggge年m月d日")&"付けで契約を締結した次の工事について、土浦市請負工事及び委託業務執行規則第4条第4項（第3項）の規定に基づき、現場代理人等を次のとおり選任（変更)したので通知します。" -> 令和7年5月13日付けで契約を締結した次の工事について、土浦市請負工事及び委託業務執行規則第4条第4項（第3項）の規定に基づき、現場代理人等を次のとおり選任（変更)したので通知します。
B16: 工事番号 | D16: =基本データ!D4 -> 土下維工 第○○号
B17: 工事件名 | D17: =基本データ!D5 -> ○○○○○○○○○○○○○○○○○○○○○○○○○○○○○○○○○工事
B18: 区分 | D18: 現 場 代 理 人 | H18: 主 任 （ 監 理 ） 技 術 者 | L18: 専門技術者
B19: 氏名及び年齢 | D19: =基本データ!D19 -> 土浦 二郎 | G19: 歳 | H19: =基本データ!D20 -> 土浦 三郎 | K19: 歳 | O19: 歳
B20: 住所又は
B21: 居所 | D21: （ 電 話 ） | H21: （ 電 話 ） | L21: （ 電 話 ）
B22: 工事に必要な
B23: 免許資格
B24: 最終学歴 | D24: 年卒 | H24: 年卒 | L24: 年卒
B26: 入社年月日 | D26: 年 月 日 | H26: 年 月 日 | L26: 年 月 日

Sheet 1-2
A1: 様式第１号（第４条関係）
A2: （裏面）
A3: 担当工事の経歴 | C3: 現 場 代 理 人 | G3: 主 任 （ 監 理 ） 技 術 者 | K3: 専門技術者
C4: 年 月 | G4: 年 月 | K4: 年 月
C5: 年 月 | G5: 年 月 | K5: 年 月
C6: 年 月 | G6: 年 月 | K6: 年 月
C7: 年 月 | G7: 年 月 | K7: 年 月
C8: 年 月 | G8: 年 月 | K8: 年 月
C9: 年 月 | G9: 年 月 | K9: 年 月
C10: 年 月 | G10: 年 月 | K10: 年 月
C11: 年 月 | G11: 年 月 | K11: 年 月
C12: 年 月 | G12: 年 月 | K12: 年 月
A14: （注１） 当該通知書は、契約締結後７日以内に提出すること。
A15: （注２） 記載事項の変更を通知する場合は、当該変更事項について朱書きすること。

Sheet 2-1
A1: 様式第2号（第5条関係）
BJ2: 責任者 | BQ2: 氏名 | BX2: =基本データ!D21 -> 山田 花子 | CK2: 連絡先 | CR2: =基本データ!D17 -> 029-826-1111
BJ3: 担当者 | BQ3: 氏名 | BX3: =基本データ!D22 -> 鈴木 一郎 | CK3: 連絡先 | CR3: =基本データ!D17 -> 029-826-1111 | DE3: ←（表面）、（裏面）を両面印刷
AQ4: （表面）
A5: 工 事 工 程 ( 変 更 ) 表
A8: =基本データ!D25 -> 45790 | AW8: 工 事 番 号 | BL8: =基本データ!D4 -> 土下維工 第○○号
A10: （提出先）土 浦 市 長 | AW10: 工 事 件 名 | BL10: =基本データ!D5 -> ○○○○○○○○○○○○○○○○○○○○○○○○○○○○○○○○○工事
A12: 所 在 | I12: =基本データ!D14 -> 土浦市大和町○○番○号 | AW12: 工 事 場 所 | BL12: =基本データ!D6 -> 土浦市 田中町 地内
A13: 請 負 者 商 号 | I13: =基本データ!D15 -> ○○○○ (株) | AW13: 請 負 金 額 | BL13: =IF(ISBLANK(基本データ!D24),基本データ!D23,IF(基本データ!D24>=0,基本データ!D24)) -> 300000000
A14: 代 表 者 名 | I14: =基本データ!D18 -> 代表取締役 土浦 太郎 | BL14: 自 | BU14: =基本データ!D7 -> 45791
A15: 工事に係る工程を次のとおり定めた（変更した）ので、土浦市請負工事及び委託業務執行規則第5条第1項（第2項）の規定に基づき提出します。 | AW15: 工 事 期 間 | BL15: =基本データ!D9 -> 306 | CR15: 日 間
BL16: 至 | BU16: =基本データ!D8 -> 46096
C17: 年 月 | D17: 年 月 | S17: 年 月 | AH17: 年 月 | AW17: 年 月 | BL17: 年 月 | CA17: 年 月 | CP17: 年 月
A18: 工 事 種 別 | C18: 日
A20: 工
A22: 程
A24: 表
B27: （注） 工程に関する事項を変更する場合は、当該変更のあった事項については、変更後の事項を朱書きで加筆すること。

Sheet 2-2
A1: （裏面）
C2: 年 月 | D2: 年 月 | S2: 年 月 | AH2: 年 月 | AW2: 年 月 | BL2: 年 月 | CA2: 年 月 | CP2: 年 月
A3: 工 事 種 別 | C3: 日
A7: 工
A9: 程
A11: 表

Sheet 3-1
B1: 様式第3号（第6条関係）
I2: 責任者 | J2: 氏名 | K2: =基本データ!D21 -> 山田 花子 | M2: 連絡先 | N2: =基本データ!D17 -> 029-826-1111
I3: 担当者 | J3: 氏名 | K3: =基本データ!D22 -> 鈴木 一郎 | M3: 連絡先 | N3: =基本データ!D17 -> 029-826-1111
L5: =基本データ!D25 -> 45790
A7: （表面） | P7: ←（表面）、（裏面）を両面印刷
A8: 下 請 負 ( 変 更 ) 届
B10: （届出先） 土 浦 市 長
G13: 所在 | I13: =基本データ!D14 -> 土浦市大和町○○番○号
E14: 請負者 | G14: 商号 | I14: =基本データ!D15 -> ○○○○ (株)
G15: 代表者名 | I15: =基本データ!D18 -> 代表取締役 土浦 太郎
B17: 次の工事に係る下請負人を定めた（変更した）ので、土浦市請負工事及び委託業務執行規則第6条第1項（第3項）の規定に基づき届け出ます。
B18: 工事番号 | D18: =基本データ!D4 -> 土下維工 第○○号
B19: 工事件名 | D19: =基本データ!D5 -> ○○○○○○○○○○○○○○○○○○○○○○○○○○○○○○○○○工事
B20: 工事場所 | D20: =基本データ!D6 -> 土浦市 田中町 地内 | G20: 請負金額 | I20: =基本データ!D23 -> 283200000 | O20: 円
B22: 契約年月日 | D22: =基本データ!D25 -> 45790 | G22: 現場代理人氏名 | I22: =基本データ!D19 -> 土浦 二郎
D24: ="自 "&TEXT(基本データ!D7,"ggge年ｍ月ｄ日") -> 自 令和7年5月14日 | G24: 主任（監理)・専門 | I24: =基本データ!D20 -> 土浦 三郎
B25: 工事期間 | E25: =基本データ!D9&" 日間" -> 306 日間
D26: ="至 "&TEXT(基本データ!D8,"ggge年ｍ月ｄ日") -> 至 令和8年3月15日 | G26: 技術者氏名

Sheet 3-2
A2: （裏面）
B3: 当該工事に係る下請負人について次のとおり届けます。
A4: 下請業種 | B4: 商 号 | C4: 所 在 | D4: 許可番号 許可業種 | E4: 主任技術者氏名
A13: （注１） 下請負人がない場合は、提出不要。
A14: （注２） 記載事項の変更を通知する場合は、当該変更事項については、朱書きとすること。

Sheet 4
B1: 様式第4号（第8条関係）
E3: 責任者 | F3: 氏名 | G3: =基本データ!D21 -> 山田 花子 | I3: 連絡先 | J3: =基本データ!D17 -> 029-826-1111
E4: 担当者 | F4: 氏名 | G4: =基本データ!D22 -> 鈴木 一郎 | I4: 連絡先 | J4: =基本データ!D17 -> 029-826-1111
A6: 着 工 届
J8: =TEXT(基本データ!D25," ggge年m月d日") -> 令和7年5月13日
B10: （届出先）土 浦 市 長
G14: 所 在 | H14: =基本データ!D14 -> 土浦市大和町○○番○号
F15: 請 負 者 | G15: 商 号 | H15: =基本データ!D15 -> ○○○○ (株)
G16: 代表者名 | H16: =基本データ!D18 -> 代表取締役 土浦 太郎
B18: =TEXT(基本データ!D25," ggge年m月d日")&"付けで契約しました下記工事について、"&TEXT(基本データ!D25+1," ggge年m月d日")&"に着工しますので、土浦市請負工事及び委託業務執行規則第8条の規定に基づき届け出ます。" -> 令和7年5月13日付けで契約しました下記工事について、 令和7年5月14日に着工しますので、土浦市請負工事及び委託業務執行規則第8条の規定に基づき届け出ます。
A21: 記
B24: １ 工事番号及び | D24: =基本データ!D4 -> 土下維工 第○○号
B25: 工事件名 | D25: =基本データ!D5 -> ○○○○○○○○○○○○○○○○○○○○○○○○○○○○○○○○○工事
B27: ２ 工事場所 | D27: =基本データ!D6 -> 土浦市 田中町 地内
B29: ３ 工事期間 | D29: 自 | E29: =基本データ!D7 -> 45791
G30: =基本データ!D9 -> 306 | H30: 日間
D31: 至 | E31: =基本データ!D8 -> 46096
B34: ４ 請負金額 | D34: =基本データ!D23 -> 283200000 | F34: 円

Sheet 5
A1: 様式第033号
B3: 発注者 | E3: 土浦市長 安藤 真理子 | J3: 殿
B4: 工事番号および工事名 | G4: =基本データ!D4&" "&基本データ!D5 -> 土下維工 第○○号 ○○○○○○○○○○○○○○○○○○○○○○○○○○○○○○○○○工事
B6: 建設キャリアアップシステム現場ID | M6: 総工事費 | O6: =基本データ!D23 -> 283200000 | R6: 円
F8: 受注者（元請）
F10: 住 所 | G10: =基本データ!D14 -> 土浦市大和町○○番○号
F12: 名 称 | G12: =基本データ!D15 -> ○○○○ (株)
F14: 共済契約者番号
F16: 建設キャリアアップシステム事業者ID | K16: =基本データ!D16 -> T1234567890122
F18: 共済証紙購入金額 | R18: 円
D20: 掛金収納書提出用台紙
T22: (掛金収納書は台紙に貼り付ける)
B23: 当該工事における共済証紙購入の考え方 (該当する□に✓をチェックして下さい)
D25: 1. 発注者の指示のとおり
D27: 2. 対象労働者数と当該労働者の就労日数を的確に把握している場合
F28: 就労予定延人数 | I28: 販売価格
G29: 人日 | H29: × | K29: 円 | L29: ＝ | N29: =IF(F29="","",F29*I29) | P29: 円
D31: 3. 対象労働者数と当該労働者の就労日数の把握が困難な場合
F32: 総工事費 | I32: 購入率 | K32: ※加入率
G33: 円 | H33: × | J33: × | L33: ％ | M33: ＝ | N33: =IF(F33="","",F33*I33/1000*K33/70) | P33: 円
I35: 1000 | K35: 70 | L35: ％
F36: ※対象工事における労働者の建退共加入率
D37: 4.その他
E38: 購入額の根拠を記入
D40: （参考）
D41: 建設キャリアアップシステム登録情報
D42: 共済契約者である元請負人の建設キャリアアップシステム事業者登録の有無 | O42: （ 有 ・ 無 ）
D43: 本工事について、現場・契約情報の建設キャリアアップシステムへの登録の有無 | O43: （ 有 ・ 無 ）
D44: 本工事について、カードリーダーの設置等、就業履歴が蓄積可能な環境の有無 | O44: （ 有 ・ 無 ）

Sheet 5参考
E7: 入力欄 | Q7: ここは非表示にします。
B8: ①総工事費（税込） | F8: 円 | I8: 共済証紙・退職金ポイント必要数 | L8: =ROUNDUP($Q$8/320,0) -> 0 | O8: 日分 | Q8: =($E$8*$B$29/1000)*$E$10/70 -> 0
B9: ②工 事 種 別 | I9: 共済証紙・退職金ポイント購入額 | L9: =L8*320 -> 0 | O9: 円
B10: ③加 入 率 | F10: ％
A11: 金額区分 | E11: =MAX(E30:I30) -> 1
A13: 金額区分 | D13: 工事種別 | E13: 1 | F13: 2 | G13: 3 | H13: 4 | I13: 5 | J13: 6 | K13: 7 | L13: 8 | M13: 9 | N13: 10
D14: 工事種別 | E14: 土木 | K14: 建築 | M14: 設備
B15: 総工事費 | E15: 舗装 | F15: 橋梁等 | G15: 隧道 | H15: 堰堤 | I15: 浚渫・埋立 | J15: その他土木 | K15: 住宅・同設備 | L15: 非住宅・同設備 | M15: 屋外の電気等 | N15: 機械器具設置
A16: 1 | B16: 1,000 ～ 9,999千円 | E16: 3.5 | F16: 3.5 | G16: 4.5 | H16: 4.1 | I16: 3.7 | J16: 4.1 | K16: 4.8 | L16: 3.2 | M16: 2.9 | N16: 2.2
A17: 2 | B17: 10,000 ～ 49,999千円 | E17: 3.3 | F17: 3.2 | G17: 3.6 | H17: 3.8 | I17: 2.8 | J17: 3.6 | K17: 2.9 | L17: 3 | M17: 2.1 | N17: 1.7
A18: 3 | B18: 50,000 ～ 99,999千円 | E18: 2.9 | F18: 2.8 | G18: 2.8 | H18: 3.1 | I18: 2.7 | J18: 3.1 | K18: 2.7 | L18: 2.5 | M18: 1.8 | N18: 1.4
A19: 4 | B19: 100,000 ～ 499,999千円 | E19: 2.3 | F19: 2.1 | G19: 2.1 | H19: 2.5 | I19: 1.9 | J19: 2.3 | K19: 2.2 | L19: 2.1 | M19: 1.4 | N19: 1.1
A20: 5 | B20: 500,000千円以上 | E20: 1.7 | F20: 1.6 | G20: 1.9 | H20: 1.8 | I20: 1.7 | J20: 1.8 | K20: 2 | L20: 1.8 | M20: 1.1 | N20: 1.1
B22: （注１）総工事費とは、請負契約額（消費税相当額を含む。）と無償支給材料評価額（発注機関が施工者に対し工事用の建設資材を無償で支給した場合、その建設
B23: 資材を金額に換算した額）の合計額をいう。
B24: （注２）総工事費100万円以下の購入率が示されていませんが、100万円以下については、対象労働者の延べ就労日数が把握できるものとして省かれております。
B25: もし、把握できない場合には、100万円からの購入率を参考にしてください。
B26: （注３）この購入率は、当機構で定めた率であり工事発注者が独自で率を設けている場合もありますので発注者に確認してください。
B29: =MAX(E29:N29) -> 0 | E29: =IF($E9=1,VLOOKUP($E$11,金額区分別購入率,5),"×") -> × | F29: =IF($E9=2,VLOOKUP($E$11,金額区分別購入率,6),"×") -> × | G29: =IF($E9=3,VLOOKUP($E$11,金額区分別購入率,7),"×") -> × | H29: =IF($E9=4,VLOOKUP($E$11,金額区分別購入率,8),"×") -> × | I29: =IF($E9=5,VLOOKUP($E$11,金額区分別購入率,9),"×") -> × | J29: =IF($E9=6,VLOOKUP($E$11,金額区分別購入率,10),"×") -> × | K29: =IF($E9=7,VLOOKUP($E$11,金額区分別購入率,11),"×") -> × | L29: =IF($E9=8,VLOOKUP($E$11,金額区分別購入率,12),"×") -> × | M29: =IF($E9=9,VLOOKUP($E$11,金額区分別購入率,13),"×") -> × | N29: =IF($E9=10,VLOOKUP($E$11,金額区分別購入率,14),"×") -> ×
B30: =MAX(E30:I30) -> 1 | E30: =IF(E8<10000000,1,"×") -> 1 | F30: =IF(AND(E8>=10000000,E8<50000000),2,"×") -> × | G30: =IF(AND(E8>=50000000,E8<100000000),3,"×") -> × | H30: =IF(AND(E8>=100000000,E8<500000000),4,"×") -> × | I30: =IF(E8>=500000000,5,"×") -> ×

Sheet 5-1
B1: 建退共事務受託様式第6号
AO2: 年 | AQ2: 月 | AS2: 日
B5: （元請事業者）
B6: =基本データ!D15 -> ○○○○ (株) | R6: 様
Y8: 下請業者
B11: 建設業退職金共済制度加入労働者数報告書
J13: =基本データ!D4&" "&基本データ!D5 -> 土下維工 第○○号 ○○○○○○○○○○○○○○○○○○○○○○○○○○○○○○○○○工事
B14: 〔工事番号および工事名： | AL14: 〕
B15: いずれか該当する□にレ点をつけてください。
C16: １．建退共制度に加入している
C18: ２．建退共制度に加入していない （就労予定労働者数 | X18: 人 | Y18: ）
B20: 以下のとおり、建退共制度の対象労働者数等を報告します。
C21: ※「□ ２．建退共制度に加入していない」に該当した場合は、「共済契約者番号」は「－」、「うち、被共済者数②」は「０人」とし、これ以外の項目は記載してください。
AL23: （単位：人）
E24: 共済契約者番号 | L24: 事務所名 | T24: 就労予定労働者数① | AA24: うち、被共済者数② | AH24: 被共済者以外（①―②）
AH25: =IF(T25="","",T25-AA25)
M26: （被共済者以外（①―②）の内訳）
O27: 企業の役員 | V27: 中退共、商工会など他 の退職金制度に加入 | AC27: 自社の退職金制度のみ を適用 | AJ27: その他 （具体的に）
B31: 注１） 自社の退職金制度と建退共制度を両方適用している場合は、被共済者に該当しますので、「うち、被共済者数②」にその人数を記載してください。
B32: 注２） 「中退共、商工会など他の退職金制度に加入」の場合は、加入証明書や契約書の写しなど、加入していることが分かる資料をつけてください。
B33: 注３） 「自社の退職金制度のみを適用」の場合は、就業規則、退職金規程の写しなど、適用していることが分かる資料をつけてください。
B34: 注４） 工事種別、工法等により「就労予定労働者数①」が著しく少ない場合は、その理由の分かる資料をつけてください。

Sheet 6
D1: 請負代金請求書
F3: 課 | I3: 請求書番号 | O3: ←未記入
B4: 工事(委託) | D4: =基本データ!D4 -> 土下維工 第○○号
B5: 番号及び件名 | D5: =基本データ!D5 -> ○○○○○○○○○○○○○○○○○○○○○○○○○○○○○○○○○工事
B6: 工事(委託) の場所 | D6: =基本データ!D6 -> 土浦市 田中町 地内
B7: 期間 | D7: ="自 "&TEXT(基本データ!D7,"ggge年m月d日")&" ～ 至 "&TEXT(基本データ!D8,"ggge年m月d日") -> 自 令和7年5月14日 ～ 至 令和8年3月15日
A8: （ 完成（完了）払・出来高払（第 回）・前払/中間前払金 ）請求金 | O8: ←該当する項目を丸で囲む若しくは非該当項目を二重線で削除
B9: 請負代金額 (業務委託料)
B10: 請求金額
A11: 消費税率 ％ 対象額 | D11: 円（消費税込みの額を記入のこと）
B12: 消費税額 | D12: 円（上の金額に含まれる消費税の額）
A13: 受領済額 | C13: 前払金額 | F13: 円
C14: 出来高払額 | F14: 円
J16: 令和 年 月 日
B17: 上記のとおり請求します。
B18: （請求先）土 浦 市 長
B19: 住 所
B20: 名 称
B21: 代表者名
B22: 登録番号 | O22: ←Tから始まる登録番号が記載されていれば押印省略可
B27: 振込先 | C27: 金融機関名 | I27: 支店名
C29: 預金種別 １普通 ２当座 ３その他（ ） | I29: 口座番号
C31: 口座名義 | E31: フリガナ
E32: 漢字

Sheet 14-1
AB1: 令和 年 月 日
A2: 施工体制台帳
AQ3: 《下請負人に関する事項》
B5: ［会社名・事業者ID］ | K5: =基本データ!D15&" ・ "&基本データ!D16 -> ○○○○ (株) ・ T1234567890122 | AR5: 会社名・ 事業者ID | BM5: 代表者名
B7: ［事業所名・現場ID］
AR8: 住所
B9: 建設業の 許可 | H9: 許 可 業 種 | R9: 許 可 番 号 | AF9: 許可（更新）年月日
O11: 工事業 | R11: 大臣 特定 | W11: 第 号 | AF11: 年 月 日 | AR11: 工事名称 及び 工事内容
R12: 知事 一般
O13: 工事業 | R13: 大臣 特定 | W13: 第 号 | AF13: 年 月 日
R14: 知事 一般 | AR14: 工期 | AX14: 自 年 月 日 至 年 月 日 | BM14: 契約日 | BS14: 年 月 日
B16: 工事名称 及び 工事内容
AR18: 建設業の 許可 | AX18: 施工に必要な許可業種 | BH18: 許 可 番 号 | BV18: 許可（更新）年月日
B19: 発注者名 及び 住所 | H19: 土浦市長 安藤 真理子 土浦市大和町9-1
BE20: 工事業 | BH20: 大臣 特定 | BM20: 第 号 | BV20: 年 月 日
BH21: 知事 一般
B22: 工期 | H22: ="自 "&TEXT(基本データ!D7,"ggge年ｍ月ｄ日") -> 自 令和7年5月14日 | W22: 契約日 | AC22: =基本データ!D25 -> 45790 | BE22: 工事業 | BH22: 大臣 特定 | BM22: 第 号 | BV22: 年 月 日
BH23: 知事 一般
H24: ="至 "&TEXT(基本データ!D8,"ggge年ｍ月ｄ日") -> 至 令和8年3月15日
AR25: 健康保険等の加入状況 | AY25: 保険加入の有無 | BD25: 健康保険 | BN25: 厚生年金保険 | BW25: 雇用保険
B26: 契約 営業所 | I26: 区分 | N26: 名 称 | AC26: 住 所
BD27: 加入 未加入 適用除外 | BN27: 加入 未加入 適用除外 | BW27: 加入 未加入 適用除外
I28: 元請契約
AX29: 事業所 整理記号等 | BD29: 営業所の名称 | BK29: 健康保険 | BS29: 厚生年金保険 | BZ29: 雇用保険
I30: 下請契約
B33: 健康保険等の加入状況 | I33: 保険加入の有無 | N33: 健康保険 | X33: 厚生年金保険 | AG33: 雇用保険
AQ34: 現場代理人名 | BL34: 安全衛生責任者名
N35: 加入 未加入 適用除外 | X35: 加入 未加入 適用除外 | AG35: 加入 未加入 適用除外
AS36: 権限及び 意見申出方法 | BL36: 安全衛生推進者名
H37: 事業所 整理記号等 | N37: 区分 | R37: 営業所の名称 | Y37: 健康保険 | AE37: 厚生年金保険 | AK37: 雇用保険
AQ38: 主任技術者名 | AZ38: 専 任 非専任 | BL38: 雇用管理責任者名
N39: 元請契約
AS40: 資格内容 | BL40: 専門技術者名
N41: 下請契約
BN42: 資格内容
B44: 発注者の 監督員名 | H44: =基本データ!D11 -> 技師 ○○ ○○ | W44: 権限及び意見申出方法 | BN44: 担当工事内容
B47: 監督員名 | W47: 権限及び意見申出方法 | AQ47: 一号特定技能外国人の 従事の状況（有無） | BE47: 有 無 | BL47: 外国人技能実習生の 従事の状況（有無） | BZ47: 有 無
B49: 現場 代理人名 | H49: =基本データ!D19 -> 土浦 二郎 | W49: 権限及び意見申出方法
B51: 監理技術者名 主任技術者名 | H51: 専 任 非専任 | W51: 資格内容
AQ52: ※施工体制台帳の添付書類（建設業法施行規則第１４条の２第２項） ・発注者と作成建設業者の請負契約及び作成建設業者と下請負人の下請契約に係る当初契約及び変更契約の契約書面の写し（公共工事以外の建設工事について締結されるものに係るものは、請負代金の額に係る部分を除く） ・主任技術者又は監理技術者が主任技術者資格又は監理技術者資格を有する事を証する書面及び当該主任技術者又は監理技術者が作成建設業者に雇用期間を特に限定することなく雇用されている者であることを証する書面又はこれらの写し ・専門技術者をおく場合は、その者が主任技術者資格を有することを証する書面及びその者が作成建設業者に雇用期間を特に限定することなく雇用されている者であることを証する書面又はこれらの写し
A53: 監理技術者補佐名 | W53: 資格内容
B55: 専門 技術者名 | W55: 専門 技術者名
C57: 資格内容 | X57: 資格内容
C59: 担当 工事内容 | X59: 担当 工事内容
A62: 一号特定技能外国人の 従事の状況（有無） | O62: 有 無 | V62: 外国人技能実習生の 従事の状況（有無） | AJ62: 有 無

Sheet 14-1例
AI1: 年 | AL1: 月 | AO1: 日
B2: 施工体制台帳
AR3: 《下請負人に関する事項》
C5: ［会社名・事業者ID］ | M5: 元請建材（株）・〇〇 | AS5: 会社名・ 事業者ID | AY5: （有）一次下請工業 〇〇 | BN5: 代表者名 | BT5: 〇〇 〇〇
C7: ［事業所名・現場ID］ | M7: 橋梁下部工事作業所・〇〇
AS8: 住所 | AY8: 茨城県〇〇郡〇〇町１００００
C9: 建設業の 許可 | I9: 許 可 業 種 | S9: 許 可 番 号 | AG9: 許可（更新）年月日
I11: 土,と,石,鋼,舗,し,塗,水 | P11: 工事業 | S11: 大臣 特定 | X11: 第 XXXXX 号 | AG11: 令和３年３月１日 | AS11: 工事名称 及び 工事内容 | AY11: ＡＡＡ橋下部工事に伴う杭基礎他工事 杭基礎工事他
S12: 知事 一般
I13: 建，電 | P13: 工事業 | S13: 大臣 特定 | X13: 第 XXXXX 号 | AG13: 令和３年３月１日
S14: 知事 一般 | AS14: 工期 | AY14: 自 令和３年 ４月２４日 至 令和３年 ６月３０日 | BN14: 契約日 | BT14: 令和３年 ４月２３日
C16: 工事名称 及び 工事内容 | I16: 国補〇〇第〇〇－〇〇－〇〇〇－〇－〇〇〇号 橋梁下部工事（ＡＡＡ橋） 橋梁下部工事
AS18: 建設業の 許可 | AY18: 施工に必要な許可業種 | BI18: 許 可 番 号 | BW18: 許可（更新）年月日
C19: 発注者名 及び 住所 | I19: 茨城県〇〇〇〇事務所 茨城県〇〇市〇〇町100
AY20: と | BF20: 工事業 | BI20: 大臣 特定 | BN20: 第 YYYYY 号 | BW20: 令和２年９月３０日
BI21: 知事 一般
C22: 工期 | I22: 自 令和３年 ４月２１日 至 令和３年１０月１５日 | X22: 契約日 | AD22: 令和３年 ４月２０日 | BF22: 工事業 | BI22: 大臣 特定 | BN22: 第 号 | BW22: 年 月 日
BI23: 知事 一般
AS25: 健康保険等の加入状況 | AZ25: 保険加入の有無 | BE25: 健康保険 | BO25: 厚生年金保険 | BX25: 雇用保険
C26: 契約 営業所 | J26: 区分 | O26: 名 称 | AD26: 住 所
BE27: 加入 未加入 適用除外 | BO27: 加入 未加入 適用除外 | BX27: 加入 未加入 適用除外
J28: 元請契約 | O28: 本店 | AD28: 〇〇県〇〇市〇〇町200
AY29: 事業所 整理記号等 | BE29: 営業所の名称 | BL29: 健康保険 | BT29: 厚生年金保険 | CA29: 雇用保険
J30: 下請契約 | O30: 〇〇支店 | AD30: 〇〇県〇〇市〇〇町300
BE31: □□営業所 | BL31: 33-ｳｳｳ-33333 | BT31: 33-ｳｳｳ-33333 | CA31: 777-777777-7
C33: 健康保険等の加入状況 | J33: 保険加入の有無 | O33: 健康保険 | Y33: 厚生年金保険 | AH33: 雇用保険
AR34: 現場代理人名 | BA34: 〇〇 〇〇 | BM34: 安全衛生責任者名 | BV34: 〇〇 〇〇
O35: 加入 未加入 適用除外 | Y35: 加入 未加入 適用除外 | AH35: 加入 未加入 適用除外
AT36: 権限及び 意見申出方法 | BA36: 契約書記載のとおり | BM36: 安全衛生推進者名 | BV36: 〇〇 〇〇
I37: 事業所 整理記号等 | O37: 区分 | S37: 営業所の名称 | Z37: 健康保険 | AF37: 厚生年金保険 | AL37: 雇用保険
AR38: 主任技術者名 | BA38: 専 任 非専任 | BD38: 〇〇 〇〇 | BM38: 雇用管理責任者名 | BV38: 〇〇 〇〇
O39: 元請契約 | S39: 本店 | Z39: 11-ｱｱｱ-11111 | AF39: 11-ｱｱｱ-11111 | AL39: 888-888888-8
AT40: 資格内容 | BA40: 二級土木施工管理技士 （土木） | BM40: 専門技術者名
O41: 下請契約 | S41: 〇〇支店 | Z41: 22-ｲｲｲ-22222 | AF41: 22-ｲｲｲ-22222 | AL41: 999-999999-9
BO42: 資格内容
C44: 発注者の 監督員名 | I44: 〇〇 〇〇 | X44: 権限及び意見申出方法 | AD44: 契約書記載のとおり | BO44: 担当工事内容
C47: 監督員名 | I47: 〇〇 〇〇 | X47: 権限及び意見申出方法 | AD47: 契約書記載のとおり | AR47: 一号特定技能外国人の 従事の状況（有無） | BF47: 有 無 | BM47: 外国人技能実習生の 従事の状況（有無） | CA47: 有 無
C49: 現場 代理人名 | I49: 〇〇 〇〇 | X49: 権限及び意見申出方法 | AD49: 契約書記載のとおり
C51: 監理技術者名 主任技術者名 | I51: 専 任 非専任 | L51: 〇〇 〇〇 | X51: 資格内容 | AD51: 一級土木施工管理技士
B53: 監理技術者補佐名 | I53: 〇〇 〇〇 | X53: 資格内容 | AD53: 一級土木施工管理技士補
C55: 専門 技術者名 | I55: 〇〇 〇〇 | X55: 専門 技術者名
D57: 資格内容 | I57: 第１種電気工事士 | Y57: 資格内容
D59: 担当 工事内容 | I59: 電気工事 | Y59: 担当 工事内容
B62: 一号特定技能外国人の 従事の状況（有無） | P62: 有 無 | W62: 外国人技能実習生の 従事の状況（有無） | AK62: 有 無

Sheet 14-2
AH1: 年 | AK1: 月 | AN1: 日
A3: 再下請負通知書 | AR3: 《再下請負関係》
BC4: 再下請負業者及び再下請負契約関係について次のとおり報告いたします。
AS5: 会社名 ・事業者ID | BN5: 代表者名
B6: 直近上位 注文者名
W8: 【報告下請負業者】 | AS8: 住所 電話番号
X10: 住所
AS11: 工事名称 及び 工事内容
B13: 元請名称・事業者ID | H13: =基本データ!D15&CHAR(10)&基本データ!D16 -> ○○○○ (株) T1234567890122
AS14: 工期 | AY14: 自 年 月 日 至 年 月 日 | BN14: 契約日 | BT14: 年 月 日
X16: 会社名・事業者ID
X18: 代表者名 | AS18: 建設業の 許可 | AY18: 施工に必要な許可業種 | BI18: 許 可 番 号 | BW18: 許可（更新）年月日
B19: 《自社に関する事項》
BF20: 工事業 | BI20: 大臣 特定 | BN20: 第 号 | BW20: 年 月 日
B21: 工事名称 及び 工事内容 | BI21: 知事 一般
BF22: 工事業 | BI22: 大臣 特定 | BN22: 第 号 | BW22: 年 月 日
BI23: 知事 一般
B24: 工期 | H24: 自 年 月 日 至 年 月 日 | W24: 注文者との 契約日 | AC24: 年 月 日
AS25: 健康保険等の加入状況 | AZ25: 保険加入の有無 | BE25: 健康保険 | BO25: 厚生年金保険 | BX25: 雇用保険
BE27: 加入 未加入 適用除外 | BO27: 加入 未加入 適用除外 | BX27: 加入 未加入 適用除外
B28: 建設業の 許可 | H28: 施工に必要な許可業種 | R28: 許 可 番 号 | AF28: 許可（更新）年月日
AY29: 事業所 整理記号等 | BE29: 営業所の名称 | BL29: 健康保険 | BT29: 厚生年金保険 | CA29: 雇用保険
O30: 工事業 | R30: 大臣 特定 | W30: 第 号 | AF30: 年 月 日
R31: 知事 一般
O32: 工事業 | R32: 大臣 特定 | W32: 第 号 | AF32: 年 月 日
R33: 知事 一般
AR34: 現場代理人名 | BM34: 安全衛生責任者名
B35: 健康保険等の加入状況 | I35: 保険加入の有無 | N35: 健康保険 | X35: 厚生年金保険 | AG35: 雇用保険
AT36: 権限及び 意見申出方法 | BM36: 安全衛生推進者名
N37: 加入 未加入 適用除外 | X37: 加入 未加入 適用除外 | AG37: 加入 未加入 適用除外
AR38: 主任技術者名 | BA38: 専 任 非専任 | BM38: 雇用管理責任者名
H39: 事業所 整理記号等 | N39: 営業所の名称 | U39: 健康保険 | AC39: 厚生年金保険 | AJ39: 雇用保険
AT40: 資格内容 | BM40: 専門技術者名
BO42: 資格内容
A44: 監督員名 | V44: 安全衛生責任者名 | BO44: 担当工事内容
C46: 権限及び 意見申出方法 | V46: 安全衛生推進者名
AR47: 一号特定技能外国人の 従事の状況（有無） | BF47: 有 無 | BM47: 外国人技能実習生の 従事の状況（有無） | CA47: 有 無
A48: 現場代理人名 | V48: 雇用管理責任者名
C50: 権限及び 意見申出方法 | V50: 専門技術者名
AR51: ※再下請通知書の添付書類（建設業法施行規則第１４条の４第３項） ・再下請通知人が再下請人と締結した当初契約及び変更契約の契約書面の写し（公共工事以外の建設工事について締結されるものに係るものは、請負代金の額に係る部分を除く）
A52: 主任技術者名 | J52: 専 任 非専任 | X52: 資格内容
C54: 資格内容 | X54: 担当工事内容
A57: 一号特定技能外国人の 従事の状況（有無） | O57: 有 無 | V57: 外国人技能実習生の 従事の状況（有無） | AJ57: 有 無

Sheet 14-2例
AI2: 年 | AL2: 月 | AO2: 日
B4: 再下請負通知書 | AS4: 《再下請負関係》
BD5: 再下請負業者及び再下請負契約関係について次のとおり報告いたします。
AT6: 会社名 ・事業者ID | AZ6: （株）二次下請建設 〇〇 | BO6: 代表者名 | BU6: 〇〇 〇〇
C7: 直近上位 注文者名 | I7: 元請建材(株）
X9: 【報告下請負業者】 | AT9: 住所 電話番号 | AZ9: 茨城県〇〇市〇〇町999
Y11: 住所 | AD11: 茨城県〇〇郡〇〇町１００００ | AZ11: TEL：0000-00-0000
AT12: 工事名称 及び 工事内容 | AZ12: ＡＡＡ橋下部工事に伴う土工事 土工事
AD13: TEL：0000-00-0000
C14: 元請名称・事業者ID | I14: 元請建材(株) 〇〇
AD15: FAX：0000-00-0000 | AT15: 工期 | AZ15: 自 令和３年 ４月２８日 至 令和３年 ７月３０日 | BO15: 契約日 | BU15: 令和３年 ４月２７日
Y17: 会社名・事業者ID | AD17: (有）一次下請工業
Y19: 代表者名 | AD19: 〇〇 〇〇 | AT19: 建設業の 許可 | AZ19: 施工に必要な許可業種 | BJ19: 許 可 番 号 | BX19: 許可（更新）年月日
C20: 《自社に関する事項》
AZ21: と | BG21: 工事業 | BJ21: 大臣 特定 | BO21: 第 ZZZZZ 号 | BX21: 令和元年 ６月１５日
C22: 工事名称 及び 工事内容 | I22: ＡＡＡ橋下部工事に伴う杭基礎他工事 杭基礎他工事 | BJ22: 知事 一般
BG23: 工事業 | BJ23: 大臣 特定 | BO23: 第 号 | BX23: 年 月 日
BJ24: 知事 一般
C25: 工期 | I25: 自 令和３年 ４月２４日 至 令和３年 ６月３０日 | X25: 注文者との 契約日 | AD25: 令和３年 ４月２３日
AT26: 健康保険等の加入状況 | BA26: 保険加入の有無 | BF26: 健康保険 | BP26: 厚生年金保険 | BY26: 雇用保険
BF28: 加入 未加入 適用除外 | BP28: 加入 未加入 適用除外 | BY28: 加入 未加入 適用除外
C29: 建設業の 許可 | I29: 施工に必要な許可業種 | S29: 許 可 番 号 | AG29: 許可（更新）年月日
AZ30: 事業所 整理記号等 | BF30: 営業所の名称 | BM30: 健康保険 | BU30: 厚生年金保険 | CB30: 雇用保険
I31: と | P31: 工事業 | S31: 大臣 特定 | X31: 第 YYYYY 号 | AG31: 令和２年９月３０日
S32: 知事 一般 | BF32: 本店 | BM32: 44-ｴｴｴ-44444 | BU32: 44-ｴｴｴ-44444 | CB32: 666-666666-6
P33: 工事業 | S33: 大臣 特定 | X33: 第 号 | AG33: 年 月 日
S34: 知事 一般
AS35: 現場代理人名 | BB35: 〇〇 〇〇 | BN35: 安全衛生責任者名 | BW35: 〇〇 〇〇
C36: 健康保険等の加入状況 | J36: 保険加入の有無 | O36: 健康保険 | Y36: 厚生年金保険 | AH36: 雇用保険
AU37: 権限及び 意見申出方法 | BB37: 契約書記載のとおり | BN37: 安全衛生推進者名 | BW37: 〇〇 〇〇
O38: 加入 未加入 適用除外 | Y38: 加入 未加入 適用除外 | AH38: 加入 未加入 適用除外
AS39: 主任技術者名 | BB39: 専 任 非専任 | BE39: 〇〇 〇〇 | BN39: 雇用管理責任者名 | BW39: 〇〇 〇〇
I40: 事業所 整理記号等 | O40: 営業所の名称 | V40: 健康保険 | AD40: 厚生年金保険 | AK40: 雇用保険
AU41: 資格内容 | BB41: 実務経験(10年・とび) | BN41: 専門技術者名
O42: □□営業所 | V42: 33-ｳｳｳ-33333 | AD42: 33-ｳｳｳ-33333 | AK42: 777-777777-7
BP43: 資格内容
B45: 監督員名 | K45: 〇〇 〇〇 | W45: 安全衛生責任者名 | AF45: 〇〇 〇〇 | BP45: 担当工事内容
D47: 権限及び 意見申出方法 | K47: 契約書記載のとおり | W47: 安全衛生推進者名 | AF47: 〇〇 〇〇
AS48: 一号特定技能外国人の 従事の状況（有無） | BG48: 有 無 | BN48: 外国人技能実習生の 従事の状況（有無） | CB48: 有 無
B49: 現場代理人名 | K49: 〇〇 〇〇 | W49: 雇用管理責任者名 | AF49: 〇〇 〇〇
D51: 権限及び 意見申出方法 | W51: 専門技術者名
B53: 主任技術者名 | K53: 専 任 非専任 | N53: 〇〇 〇〇 | Y53: 資格内容
D55: 資格内容 | K55: 二級土木施工管理技士 （土木） | Y55: 担当工事内容
B58: 一号特定技能外国人の 従事の状況（有無） | P58: 有 無 | W58: 外国人技能実習生の 従事の状況（有無） | AK58: 有 無

Sheet 14-3
M1: 作 業 員 名 簿
M2: （ 年 月 日作成) | S2: 元請 確認欄
A3: 事業所の名称 ・現場ID | K3: 本書面に記載した内容は、作業員名簿として安全衛生管理や労働災害発生時の緊急連絡・対応のために元請負業者に提示することについて、記載者本人は同意しています。
A4: 所長名 | S4: 提出日 年 月 日
O6: 一次会社名 ・事業者ID | S6: （ 次)会社名 ・事業者ID
A9: 番号 | B9: ふりがな | F9: 職種 | I9: ※ | J9: 生年月日 | M9: 健康保険 | O9: 建設業退職金 共済制度 | P9: 教 育・資 格・免 許 | T9: 入場年月日
B11: 氏名 | M11: 年金保険
J12: 年齢 | O12: 中小企業退職金 共済制度 | P12: 雇入・職長 特別教育 | Q12: 技能講習 | S12: 免 許 | T12: 受入教育 実施年月日
B13: 技能者ID | M13: 雇用保険
J15: 年 月 日 | T15: 年 月 日
J18: 歳 | T18: 年 月 日
J21: 年 月 日 | T21: 年 月 日
J24: 歳 | T24: 年 月 日
J27: 年 月 日 | T27: 年 月 日
J30: 歳 | T30: 年 月 日
J33: 年 月 日 | T33: 年 月 日
J36: 歳 | T36: 年 月 日
J39: 年 月 日 | T39: 年 月 日
J42: 歳 | T42: 年 月 日
J45: 年 月 日 | T45: 年 月 日
J48: 歳 | T48: 年 月 日
... J60: 歳 | T60: 年 月 日
A63: （注)１.※印欄には次の記号を入れる。 | P63: （注）６．健康保険欄には、左欄に健康保険の名称（健康保険組合、協会けんぽ、建設国保、国民健康保険）を記載。上記の保険に加入しておらず、後期高齢者である等により、国民健康保険の適用除外である場合には、左欄に「適用除外」と記載。
B66: …現場代理人 | E66: …作業主任者（（注）2.) | K66: …女性作業員 | M66: …18歳未満の作業員
P68: （注）７．年金保険欄には、左欄に年金保険の名称（厚生年金、国民年金）を記載。各年金の受給者である場合は、左欄に「受給者」と記載。
B69: …主任技術者 | E69: …職 長 | I69: …安全衛生責任者 | L69: …能力向上教育 | N69: …危険有害業務・再発防止教育
P70: （注）８．雇用保険欄には右欄に被保険者番号の下４けたを記載。（日雇労働被保険者の場合には左欄に「日雇保険」と記載）事業主である等により雇用保険の適用除外である場合には左欄に「適用除外」と記載。
B71: …外国人技能実習生 | F71: …外国人建設就労者 | L71: …１号特定技能外国人
P72: （注）９．建設業退職金共済制度及び中小企業退職金共済制度への加入の有無については、それぞれの欄に「有」又は「無」と記載。
A73: （注）２.作業主任者は作業を直接指揮する義務を負うので、同時に施工されている他の現場や、同一現場においても 他の作業個所との作業主任者を兼務することは、法的に認められていないので、複数の選任としなければならない。
P74: （注）１０．安全衛生に関する教育の内容（例：雇入時教育、職長教育、建設用リフトの運転の業務に係る特別教育）については「雇入・職長特別教育」欄に記載。
A75: （注）３．経験年数は現在担当している仕事の経験年数を記入する。
A76: （注）４．各社別に作成するのが原則だが、リース機械等の運転者は一緒でもよい。 | P76: （注）１１．建設工事に係る知識及び技術又は技能に関する資格（例：登録○○基幹技能者、○級○○施工管理技士）を有する場合は、「免許」欄に記載。
A77: （注）５．資格・免許等の写しを添付すること。(発注機関への提出は要しない。）
P78: （注）１２．記載事項の一部について、別紙を用いて記載しても差し支えない。

Sheet 14-3例
M1: 作 業 員 名 簿
M2: （〇年〇月〇日作成) | S2: 元請 確認欄
A3: 事業所の名称 ・現場ID | D3: 橋梁下部工事作業所 〇〇 | K3: 本書面に記載した内容は、作業員名簿として安全衛生管理や労働災害発生時の緊急連絡・対応のために元請負業者に提示することについて、記載者本人は同意しています。
A4: 所長名 | D4: 〇〇 〇〇 | S4: 提出日 〇年 〇月 〇日
O6: 一次会社名 ・事業者ID | S6: （ 次)会社名 ・事業者ID
A9: 番号 | B9: ふりがな | F9: 職種 | I9: ※ | J9: 生年月日 | M9: 健康保険 | O9: 建設業退職金 共済制度 | P9: 教 育・資 格・免 許 | T9: 入場年月日
B11: 氏名 | M11: 年金保険
J12: 年齢 | O12: 中小企業退職金 共済制度 | P12: 雇入・職長 特別教育 | Q12: 技能講習 | S12: 免 許 | T12: 受入教育 実施年月日
B13: 技能者ID | M13: 雇用保険
A15: 1 | B15: いばらき いちろう | F15: 〇〇工 | I15: 女 | J15: 〇年〇月〇日 | M15: 健康保険組合 | O15: 有 | P15: 雇入時教育 職長教育 | Q15: 玉掛 型枠支保工 | S15: 大型免許 大型特殊 | T15: 〇年〇月〇日
B17: 茨城 一郎 | M17: 厚生年金
J18: ３０歳 | O18: 無 | T18: 〇年〇月〇日
B19: 〇〇〇〇 | M19: 〇〇〇〇
A21: 2 | B21: いばらき じろう | F21: 〇〇工 | I21: 作 | J21: 〇年〇月〇日 | M21: 健康保険組合 | O21: 有 | P21: 雇入時教育 職長教育 | Q21: 小型移動式クレーン 玉掛 | S21: 大型免許 大型特殊 | T21: 〇年〇月〇日
B23: 茨城 二郎 | M23: 厚生年金
J24: ４５歳 | O24: 無 | T24: 〇年〇月〇日
B25: 〇〇〇〇 | M25: 〇〇〇〇
A27: 3 | B27: いばらき さぶろう | F27: 〇〇工 | I27: 主 | J27: 〇年〇月〇日 | M27: 健康保険組合 | O27: 有 | P27: 雇入時教育 職長教育 | S27: 二級土木施工管理技士 | T27: 〇年〇月〇日
B29: 茨城 三郎 | M29: 厚生年金
J30: ６０歳 | O30: 無 | T30: 〇年〇月〇日
B31: 〇〇〇〇 | M31: 〇〇〇〇
A33: 4 | B33: いばらき しろう | F33: 〇〇工 | I33: 職 | J33: 〇年〇月〇日 | M33: 適用除外 | O33: 有 | P33: 雇入時教育 職長教育 | T33: 年 月 日
B35: 茨城 四郎 | M35: 受給者
J36: ７６歳 | O36: 無 | T36: 年 月 日
B37: 〇〇〇〇 | M37: 〇〇〇〇
J39: 年 月 日 | T39: 年 月 日
J42: 歳 | T42: 年 月 日
J45: 年 月 日 | T45: 年 月 日
J48: 歳 | T48: 年 月 日
J51: 年 月 日 | T51: 年 月 日
J54: 歳 | T54: 年 月 日
J57: 年 月 日 | T57: 年 月 日
J60: 歳 | T60: 年 月 日
A63: （注)１.※印欄には次の記号を入れる。 | P63: （注）６．健康保険欄には、左欄に健康保険の名称（健康保険組合、協会けんぽ、建設国保、国民健康保険）を記載。上記の保険に加入しておらず、後期高齢者である等により、国民健康保険の適用除外である場合には、左欄に「適用除外」と記載。
B66: …現場代理人 | E66: …作業主任者（（注）2.) | K66: …女性作業員 | M66: …18歳未満の作業員
P68: （注）７．年金保険欄には、左欄に年金保険の名称（厚生年金、国民年金）を記載。各年金の受給者である場合は、左欄に「受給者」と記載。
B69: …主任技術者 | E69: …職 長 | I69: …安全衛生責任者 | L69: …能力向上教育 | N69: …危険有害業務・再発防止教育
P70: （注）８．雇用保険欄には右欄に被保険者番号の下４けたを記載。（日雇労働被保険者の場合には左欄に「日雇保険」と記載）事業主である等により雇用保険の適用除外である場合には左欄に「適用除外」と記載。
B71: …外国人技能実習生 | F71: …外国人建設就労者 | L71: …１号特定技能外国人
P72: （注）９．建設業退職金共済制度及び中小企業退職金共済制度への加入の有無については、それぞれの欄に「有」又は「無」と記載。
A73: （注）２.作業主任者は作業を直接指揮する義務を負うので、同時に施工されている他の現場や、同一現場においても 他の作業個所との作業主任者を兼務することは、法的に認められていないので、複数の選任としなければならない。
P74: （注）１０．安全衛生に関する教育の内容（例：雇入時教育、職長教育、建設用リフトの運転の業務に係る特別教育）については「雇入・職長特別教育」欄に記載。
A75: （注）３．経験年数は現在担当している仕事の経験年数を記入する。
A76: （注）４．各社別に作成するのが原則だが、リース機械等の運転者は一緒でもよい。 | P76: （注）１１．建設工事に係る知識及び技術又は技能に関する資格（例：登録○○基幹技能者、○級○○施工管理技士）を有する場合は、「免許」欄に記載。
A77: （注）５．資格・免許等の写しを添付すること。(発注機関への提出は要しない。）
P78: （注）１２．記載事項の一部について、別紙を用いて記載しても差し支えない。

Sheet 15-1
G4: 施工体系図
A6: 発注者名 | C6: 土浦市 | M6: 工期 | O6: =基本データ!D7 -> 45791
A7: 工事名称 | C7: =基本データ!D4&CHAR(10)&基本データ!D5 -> 土下維工 第○○号 ○○○○○○○○○○○○○○○○○○○○○○○○○○○○○○○○○工事 | O7: =基本データ!D8 -> 46096
A9: 元請名・事業者ID | C9: =基本データ!D15&" ・ "&基本データ!D16 -> ○○○○ (株) ・ T1234567890122 | G9: 工事 | I9: 会社名・事業者ID | N9: 工事 | P9: 会社名・事業者ID | U9: 工事 | W9: 会社名・事業者ID | AB9: 工事 | AD9: 会社名・事業者ID
A10: 監督員名 | I10: 代表者名 | P10: 代表者名 | W10: 代表者名 | AD10: 代表者名
A11: 監理技術者名 主任技術者名 | C11: =基本データ!D20 -> 土浦 三郎 | I11: 許可番号 | P11: 許可番号 | W11: 許可番号 | AD11: 許可番号
A12: 監理技術者補佐名 | I12: 一般 / 特定の別 | L12: 一般 / 特定 | P12: 一般 / 特定の別 | S12: 一般 / 特定 | W12: 一般 / 特定の別 | Z12: 一般 / 特定 | AD12: 一般 / 特定の別 | AG12: 一般 / 特定
A13: 専門技術者名 | I13: 安全衛生責任者 | P13: 安全衛生責任者 | W13: 安全衛生責任者 | AD13: 安全衛生責任者
B14: 担当工事内容 | I14: 主任技術者 | P14: 主任技術者 | W14: 主任技術者 | AD14: 主任技術者
A15: 専門技術者名 | E15: 元方安全衛生管理者 | J15: 特定専門工事の該当 | L15: 有 ・ 無 | Q15: 特定専門工事の該当 | S15: 有 ・ 無 | X15: 特定専門工事の該当 | Z15: 有 ・ 無 | AE15: 特定専門工事の該当 | AG15: 有 ・ 無
B16: 担当工事内容 | I16: 専門技術者 | P16: 専門技術者 | W16: 専門技術者 | AD16: 専門技術者
J17: 担当工事 内 容 | Q17: 担当工事 内 容 | X17: 担当工事 内 容 | AE17: 担当工事 内 容
A18: 会 長 | C18: 統括安全衛生責任者 | G18: 工期 | J18: 年 月 日 ～ 年 月 日 | N18: 工期 | Q18: 年 月 日 ～ 年 月 日 | U18: 工期 | X18: 年 月 日 ～ 年 月 日 | AB18: 工期 | AE18: 年 月 日 ～ 年 月 日
G20: 工事 | I20: 会社名・事業者ID | N20: 工事 | P20: 会社名・事業者ID | U20: 工事 | W20: 会社名・事業者ID | AB20: 工事 | AD20: 会社名・事業者ID
A21: 副 会 長 | I21: 代表者名 | P21: 代表者名 | W21: 代表者名 | AD21: 代表者名
I22: 許可番号 | P22: 許可番号 | W22: 許可番号 | AD22: 許可番号
I23: 一般 / 特定の別 | L23: 一般 / 特定 | P23: 一般 / 特定の別 | S23: 一般 / 特定 | W23: 一般 / 特定の別 | Z23: 一般 / 特定 | AD23: 一般 / 特定の別 | AG23: 一般 / 特定
I24: 安全衛生責任者 | P24: 安全衛生責任者 | W24: 安全衛生責任者 | AD24: 安全衛生責任者
I25: 主任技術者 | P25: 主任技術者 | W25: 主任技術者 | AD25: 主任技術者
J26: 特定専門工事の該当 | L26: 有 ・ 無 | Q26: 特定専門工事の該当 | S26: 有 ・ 無 | X26: 特定専門工事の該当 | Z26: 有 ・ 無 | AE26: 特定専門工事の該当 | AG26: 有 ・ 無
I27: 専門技術者 | P27: 専門技術者 | W27: 専門技術者 | AD27: 専門技術者
J28: 担当工事 内 容 | Q28: 担当工事 内 容 | X28: 担当工事 内 容 | AE28: 担当工事 内 容
G29: 工期 | J29: 年 月 日 ～ 年 月 日 | N29: 工期 | Q29: 年 月 日 ～ 年 月 日 | U29: 工期 | X29: 年 月 日 ～ 年 月 日 | AB29: 工期 | AE29: 年 月 日 ～ 年 月 日
G31: 工事 | I31: 会社名・事業者ID | N31: 工事 | P31: 会社名・事業者ID | U31: 工事 | W31: 会社名・事業者ID | AB31: 工事 | AD31: 会社名・事業者ID
I32: 代表者名 | P32: 代表者名 | W32: 代表者名 | AD32: 代表者名
I33: 許可番号 | P33: 許可番号 | W33: 許可番号 | AD33: 許可番号
I34: 一般 / 特定の別 | L34: 一般 / 特定 | P34: 一般 / 特定の別 | S34: 一般 / 特定 | W34: 一般 / 特定の別 | Z34: 一般 / 特定 | AD34: 一般 / 特定の別 | AG34: 一般 / 特定
I35: 安全衛生責任者 | P35: 安全衛生責任者 | W35: 安全衛生責任者 | AD35: 安全衛生責任者
I36: 主任技術者 | P36: 主任技術者 | W36: 主任技術者 | AD36: 主任技術者
J37: 特定専門工事の該当 | L37: 有 ・ 無 | Q37: 特定専門工事の該当 | S37: 有 ・ 無 | X37: 特定専門工事の該当 | Z37: 有 ・ 無 | AE37: 特定専門工事の該当 | AG37: 有 ・ 無
I38: 専門技術者 | P38: 専門技術者 | W38: 専門技術者 | AD38: 専門技術者
J39: 担当工事 内 容 | Q39: 担当工事 内 容 | X39: 担当工事 内 容 | AE39: 担当工事 内 容
G40: 工期 | J40: 年 月 日 ～ 年 月 日 | N40: 工期 | Q40: 年 月 日 ～ 年 月 日 | U40: 工期 | X40: 年 月 日 ～ 年 月 日 | AB40: 工期 | AE40: 年 月 日 ～ 年 月 日
G42: 工事 | I42: 会社名・事業者ID | N42: 工事 | P42: 会社名・事業者ID | U42: 工事 | W42: 会社名・事業者ID | AB42: 工事 | AD42: 会社名・事業者ID
I43: 代表者名 | P43: 代表者名 | W43: 代表者名 | AD43: 代表者名
I44: 許可番号 | P44: 許可番号 | W44: 許可番号 | AD44: 許可番号
I45: 一般 / 特定の別 | L45: 一般 / 特定 | P45: 一般 / 特定の別 | S45: 一般 / 特定 | W45: 一般 / 特定の別 | Z45: 一般 / 特定 | AD45: 一般 / 特定の別 | AG45: 一般 / 特定
I46: 安全衛生責任者 | P46: 安全衛生責任者 | W46: 安全衛生責任者 | AD46: 安全衛生責任者
I47: 主任技術者 | P47: 主任技術者 | W47: 主任技術者 | AD47: 主任技術者
J48: 特定専門工事の該当 | L48: 有 ・ 無 | Q48: 特定専門工事の該当 | S48: 有 ・ 無 | X48: 特定専門工事の該当 | Z48: 有 ・ 無 | AE48: 特定専門工事の該当 | AG48: 有 ・ 無
I49: 専門技術者 | P49: 専門技術者 | W49: 専門技術者 | AD49: 専門技術者
J50: 担当工事 内 容 | Q50: 担当工事 内 容 | X50: 担当工事 内 容 | AE50: 担当工事 内 容
G51: 工期 | J51: 年 月 日 ～ 年 月 日 | N51: 工期 | Q51: 年 月 日 ～ 年 月 日 | U51: 工期 | X51: 年 月 日 ～ 年 月 日 | AB51: 工期 | AE51: 年 月 日 ～ 年 月 日

Sheet 15-1例
H4: 施工体系図
B6: 発注者名 | D6: 茨城県〇〇〇〇事務所 | I6: 工期 | K6: 自 令和３年 ４月 ２１日 至 令和３年 １０月 １５日
B7: 工事名称 | D7: 国補〇〇第〇〇－〇〇－〇〇〇－〇－〇〇〇号 橋梁下部工事（AAA橋）
H8: 【一次下請】 | O8: 【二次下請】 | V8: 【三次下請】 | AC8: 【四次下請】
B9: 元請名・事業者ID | D9: 元請建材（株）・〇〇 | H9: 杭基礎 | J9: 会社名・事業者ID | M9: (有）一次下請工業・〇〇 | Q9: 会社名・事業者ID | T9: （株）二次下請建設・〇〇 | X9: 会社名・事業者ID | AE9: 会社名・事業者ID
B10: 監督員名 | D10: 〇〇 〇〇 | J10: 代表者名 | M10: 〇〇 〇〇 | Q10: 代表者名 | T10: 〇〇 〇〇 | X10: 代表者名 | AE10: 代表者名
B11: 監理技術者名 主任技術者名 | D11: 〇〇 〇〇 | J11: 許可番号 | M11: 茨城県知事 第YYYYY号 | Q11: 許可番号 | T11: 茨城県知事 第ZZZZZ号 | X11: 許可番号 | AE11: 許可番号
B12: 監理技術者補佐名 | D12: 〇〇 〇〇 | J12: 一般 / 特定の別 | M12: 一般 / 特定 | Q12: 一般 / 特定の別 | T12: 一般 / 特定 | X12: 一般 / 特定の別 | AA12: 一般 / 特定 | AE12: 一般 / 特定の別 | AH12: 一般 / 特定
B13: 専門技術者名 | D13: 〇〇 〇〇 | J13: 安全衛生責任者 | M13: 〇〇 〇〇 | Q13: 安全衛生責任者 | T13: 〇〇 〇〇 | X13: 安全衛生責任者 | AE13: 安全衛生責任者
C14: 担当工事内容 | D14: 電気工事 | J14: 主任技術者 | M14: 〇〇 〇〇 | Q14: 主任技術者 | T14: 〇〇 〇〇 | X14: 主任技術者 | AE14: 主任技術者
B15: 専門技術者名 | F15: 元方安全衛生管理者 | K15: 特定専門工事の該当 | M15: 有 ・ 無 | R15: 特定専門工事の該当 | T15: 有 ・ 無 | Y15: 特定専門工事の該当 | AA15: 有 ・ 無 | AF15: 特定専門工事の該当 | AH15: 有 ・ 無
C16: 担当工事内容 | F16: 〇〇 〇〇 | H16: 工事 | J16: 専門技術者 | O16: 工事 | Q16: 専門技術者 | V16: 工事 | X16: 専門技術者 | AC16: 工事 | AE16: 専門技術者
K17: 担当工事 内 容 | R17: 担当工事 内 容 | Y17: 担当工事 内 容 | AF17: 担当工事 内 容
B18: 会 長 | D18: 統括安全衛生責任者 | H18: 工期 | K18: 令和３年４月２４日～令和３年６月３０日 | O18: 工期 | R18: 令和３年４月２８日～令和３年７月３０日 | V18: 工期 | Y18: 年 月 日～ 年 月 日 | AC18: 工期 | AF18: 年 月 日～ 年 月 日
D19: 〇〇 〇〇
J20: 会社名・事業者ID | Q20: 会社名・事業者ID | X20: 会社名・事業者ID | AE20: 会社名・事業者ID
B21: 副 会 長 | J21: 代表者名 | Q21: 代表者名 | X21: 代表者名 | AE21: 代表者名
D22: 〇〇 〇〇 | J22: 許可番号 | Q22: 許可番号 | X22: 許可番号 | AE22: 許可番号
J23: 一般 / 特定の別 | M23: 一般 / 特定 | Q23: 一般 / 特定の別 | T23: 一般 / 特定 | X23: 一般 / 特定の別 | AA23: 一般 / 特定 | AE23: 一般 / 特定の別 | AH23: 一般 / 特定
J24: 安全衛生責任者 | Q24: 安全衛生責任者 | X24: 安全衛生責任者 | AE24: 安全衛生責任者
J25: 主任技術者 | Q25: 主任技術者 | X25: 主任技術者 | AE25: 主任技術者
K26: 特定専門工事の該当 | M26: 有 ・ 無 | R26: 特定専門工事の該当 | T26: 有 ・ 無 | Y26: 特定専門工事の該当 | AA26: 有 ・ 無 | AF26: 特定専門工事の該当 | AH26: 有 ・ 無
H27: 工事 | J27: 専門技術者 | O27: 工事 | Q27: 専門技術者 | V27: 工事 | X27: 専門技術者 | AC27: 工事 | AE27: 専門技術者
K28: 担当工事 内 容 | R28: 担当工事 内 容 | Y28: 担当工事 内 容 | AF28: 担当工事 内 容
H29: 工期 | K29: 年 月 日～ 年 月 日 | O29: 工期 | R29: 年 月 日～ 年 月 日 | V29: 工期 | Y29: 年 月 日～ 年 月 日 | AC29: 工期 | AF29: 年 月 日～ 年 月 日
J31: 会社名・事業者ID | Q31: 会社名・事業者ID | X31: 会社名・事業者ID | AE31: 会社名・事業者ID
J32: 代表者名 | Q32: 代表者名 | X32: 代表者名 | AE32: 代表者名
J33: 許可番号 | Q33: 許可番号 | X33: 許可番号 | AE33: 許可番号
J34: 一般 / 特定の別 | M34: 一般 / 特定 | Q34: 一般 / 特定の別 | T34: 一般 / 特定 | X34: 一般 / 特定の別 | AA34: 一般 / 特定 | AE34: 一般 / 特定の別 | AH34: 一般 / 特定
J35: 安全衛生責任者 | Q35: 安全衛生責任者 | X35: 安全衛生責任者 | AE35: 安全衛生責任者
J36: 主任技術者 | Q36: 主任技術者 | X36: 主任技術者 | AE36: 主任技術者
K37: 特定専門工事の該当 | M37: 有 ・ 無 | R37: 特定専門工事の該当 | T37: 有 ・ 無 | Y37: 特定専門工事の該当 | AA37: 有 ・ 無 | AF37: 特定専門工事の該当 | AH37: 有 ・ 無
H38: 工事 | J38: 専門技術者 | O38: 工事 | Q38: 専門技術者 | V38: 工事 | X38: 専門技術者 | AC38: 工事 | AE38: 専門技術者
K39: 担当工事 内 容 | R39: 担当工事 内 容 | Y39: 担当工事 内 容 | AF39: 担当工事 内 容
H40: 工期 | K40: 年 月 日～ 年 月 日 | O40: 工期 | R40: 年 月 日～ 年 月 日 | V40: 工期 | Y40: 年 月 日～ 年 月 日 | AC40: 工期 | AF40: 年 月 日～ 年 月 日
J42: 会社名・事業者ID | Q42: 会社名・事業者ID | X42: 会社名・事業者ID | AE42: 会社名・事業者ID
J43: 代表者名 | Q43: 代表者名 | X43: 代表者名 | AE43: 代表者名
J44: 許可番号 | Q44: 許可番号 | X44: 許可番号 | AE44: 許可番号
J45: 一般 / 特定の別 | M45: 一般 / 特定 | Q45: 一般 / 特定の別 | T45: 一般 / 特定 | X45: 一般 / 特定の別 | AA45: 一般 / 特定 | AE45: 一般 / 特定の別 | AH45: 一般 / 特定
J46: 安全衛生責任者 | Q46: 安全衛生責任者 | X46: 安全衛生責任者 | AE46: 安全衛生責任者
J47: 主任技術者 | Q47: 主任技術者 | X47: 主任技術者 | AE47: 主任技術者
K48: 特定専門工事の該当 | M48: 有 ・ 無 | R48: 特定専門工事の該当 | T48: 有 ・ 無 | Y48: 特定専門工事の該当 | AA48: 有 ・ 無 | AF48: 特定専門工事の該当 | AH48: 有 ・ 無
H49: 工事 | J49: 専門技術者 | O49: 工事 | Q49: 専門技術者 | V49: 工事 | X49: 専門技術者 | AC49: 工事 | AE49: 専門技術者
K50: 担当工事 内 容 | R50: 担当工事 内 容 | Y50: 担当工事 内 容 | AF50: 担当工事 内 容
H51: 工期 | K51: 年 月 日～ 年 月 日 | O51: 工期 | R51: 年 月 日～ 年 月 日 | V51: 工期 | Y51: 年 月 日～ 年 月 日 | AC51: 工期 | AF51: 年 月 日～ 年 月 日

Sheet 15-2
A2: 施工体系図（作成例）
A3: 発 注 者 名 | D3: 土浦市 | J3: 工 期 | K3: =基本データ!D7 -> 45791
A4: 工 事 名 称 | D4: =基本データ!D4&" "&基本データ!D5 -> 土下維工 第○○号 ○○○○○○○○○○○○○○○○○○○○○○○○○○○○○○○○○工事 | K4: =基本データ!D8 -> 46096
A6: 元請名・事業者ID | D6: =基本データ!D15&" ・ "&基本データ!D16 -> ○○○○ (株) ・ T1234567890122
A7: 監 督 員 名 | J7: 会長(統括安全衛生責任者)
A8: 監理技術者名 | D8: =基本データ!D20 -> 土浦 三郎 | J8: 元方安全衛生管理者
A9: 監理技術者を補佐する者 | J9: 副 会 長
A10: 専門技術者名 | J10: 副 会 長
B11: 担当工事内容 | J11: 書 記
A12: 専門技術者名
B13: 担当工事内容 | I13: ※この書類は、下請負業者編成表に基づき、元請業者が作成する。
A15: 番号 | B15: 請負 次数 | C15: 企業名・事業者ID | D15: 代表者氏名 | E15: 工事内容 | F15: 工期 | G15: 建設業許可番号1 | H15: 建設業許可番号2 | I15: 安全衛生 責任者 | J15: 主任 技術者 | K15: 特定専門 工事該当 の有無 | L15: 専門技術者 | M15: 担当 工事内容
A16: 1 | B16: 1
B17: 2
B18: 2
B19: 3
A21: 2 | B21: 1
B22: 2
B23: 3
B24: 2
B25: 3
B26: 3
A28: 3 | B28: 1
A30: 4 | B30: 1
B31: 2
B32: 2
B33: 3
B34: 2
B35: 3
B36: 3
B37: 2
B38: 2
B39: 3
A41: 5 | B41: 1
B42: 2
A44: 6 | B44: 1
B45: 2
B46: 3
A48: 7 | B48: 1
B49: 2
B50: 3

Sheet 15-2例
A2: 施工体系図（作成例）
A3: 発 注 者 名 | D3: 北海道開発局 | J3: 工 期 | K3: 自 2020年6月1日
A4: 工 事 名 称 | D4: 道道〇〇号線道路改良工事 | K4: 至 2022年8月31日
A6: 元請名・事業者ID | D6: 北海道建設株式会社（01234567890123）
A7: 監 督 員 名 | D7: 札幌 一郎 | J7: 会長(統括安全衛生責任者) | L7: 函館 四郎
A8: 監理技術者名 | D8: 小樽 二郎 | J8: 元方安全衛生管理者 | L8: 室蘭 五郎
A9: 監理技術者を補佐する者 | D9: 旭川 三郎 | J9: 副 会 長 | L9: 北見 六郎
A10: 専門技術者名 | J10: 副 会 長
B11: 担当工事内容 | J11: 書 記 | L11: 釧路 七郎
A12: 専門技術者名
B13: 担当工事内容 | I13: ※この書類は、下請負業者編成表に基づき、元請業者が作成する。
A15: 番号 | B15: 請負 次数 | C15: 企業名・事業者ID | D15: 代表者氏名 | E15: 工事内容 | F15: 工期 | G15: 建設業許可番号1 | H15: 建設業許可番号2 | I15: 安全衛生 責任者 | J15: 主任 技術者 | K15: 特定専門 工事該当 の有無 | L15: 専門技術者 | M15: 担当 工事内容
A16: 1 | B16: 1 | C16: 青森建設工業株式会社 （12345678901234） | D16: 八戸 一郎 | E16: 一般土木工事 | F16: 2020年6月8日～ 2021年8月31日 | G16: とび・土工工事業 知事 （般-1）第12345号 | I16: 三沢 二郎 | J16: 弘前 三郎 | K16: 無
B17: 2 | C17: 岩手建設株式会社 （23456789012345） | D17: 盛岡 一郎 | E17: とび・土工工事 | F17: 2020年8月19日～ 2021年8月31日 | G17: とび・土工工事業 知事 （般-29）第34567号 | I17: 安比 二郎 | J17: 平泉 三郎 | K17: 無
B18: 2 | C18: 株式会社秋田建設 （34567890123456） | D18: 本庄 一郎 | E18: 一般土木工事 | F18: 2020年8月19日～ 2021年8月31日 | G18: とび・土工工事業 知事 （特-29）第45678号 | I18: 由利 二郎 | J18: 大潟 三郎 | K18: 無
B19: 3 | C19: 宮城圧送株式会社 （45678901234567） | D19: 松島 一郎 | E19: コンクリート工事 | F19: 2020年8月26日～ 2021年8月31日 | G19: とび・土工工事業 知事 （般-1）第56789号 | I19: 石巻 二郎 | J19: 女川 三郎 | K19: 無
A21: 2 | B21: 1 | C21: 関東工業株式会社 （01234567890123） | D21: 東京 一郎 | E21: 一般土木工事 | F21: 2020年9月1日～ 2021年8月31日 | G21: とび・土工工事業 知事 （般-1）第01234号 | I21: 足立 二郎 | J21: 大田 三郎 | K21: 無
B22: 2 | C22: 千葉建設株式会社（00123456789012） | D22: 柏 一郎 | E22: 型枠工事 | F22: 2020年9月1日～ 2021年8月31日 | G22: 大工工事業 知事 （般-29）第00123号 | H22: とび・土工工事業 知事 （般-29）第00123号 | I22: 松戸 二郎 | J22: 成田 三郎 | K22: 無
B23: 3 | C23: 株式会社茨城土建 （00012345678901） | D23: 水戸 一郎 | E23: 型枠工事 | F23: 2020年9月1日～ 2021年8月31日 | G23: 大工工事業 知事 （般-29）第00124号 | I23: 日立 二郎 | J23: 鹿島 三郎 | K23: 無
B24: 2 | C24: 神奈川鉄筋株式会社 （0001234567890） | D24: 横浜 一郎 | E24: 鉄筋工事 | F24: 2020年9月1日～ 2021年8月31日 | G24: 鉄筋工事業 知事 （般-29）第00125号 | I24: 川崎 二郎 | J24: 厚木 三郎 | K24: 無
B25: 3 | C25: 有限会社埼玉鉄筋 （0000123456789） | D25: 大宮 一郎 | E25: 鉄筋工事 | F25: 2020年9月21日～ 2021年8月31日 | G25: 鉄筋工事業 知事 （般-29）第00126号 | I25: 春日部 二郎 | J25: 草加 三郎 | K25: 無
B26: 3 | C26: 有限会社群馬鉄筋 （0000012345678） | D26: 前橋 一郎 | E26: 鉄筋工事 | F26: 2020年9月21日～ 2021年8月31日 | G26: 鉄筋工事業 知事 （般-29）第00127号 | I26: 高崎 二郎 | J26: 赤城 三郎 | K26: 無
A28: 3 | B28: 1 | C28: 山形電機工業株式会社 （00123456781111） | D28: 庄内 一郎 | E28: 仮設電気工事 | F28: 2020年6月1日～ 2021年8月31日 | G28: 電気工事業 知事（般-29） 第0012８号 | I28: 鶴岡 二郎 | J28: 酒田 三郎 | K28: 無
A30: 4 | B30: 1 | C30: 中部建設工業株式会社 （00123456781112） | D30: 愛知 一郎 | E30: 一般土木工事 | F30: 2020年7月8日～ 2021年8月31日 | G30: とび・土工工事業 知事 （般-1）第00015号 | I30: 名古屋 二郎 | J30: 豊橋 三郎 | K30: 無
B31: 2 | C31: 静岡建設株式会社 （00123456781113） | D31: 清水 一郎 | E31: とび・土工工事 | F31: 2020年7月8日～ 2021年8月31日 | G31: とび・土工工事業 知事 （般-29）第00201号 | I31: 駿河 二郎 | J31: 下田 三郎 | K31: 無
B32: 2 | C32: 株式会社山梨機工 （00123456781114） | D32: 甲府 一郎 | E32: 型枠工事 | F32: 2020年7月8日～ 2021年8月31日 | G32: 大工工事業 知事 （般-29）第00210号 | H32: とび・土工工事業 知事 （般-29）第00202号 | I32: 勝沼 二郎 | J32: 富士 三郎 | K32: 無
B33: 3 | C33: 長野建設株式会社 （00123456781115） | D33: 松本 一郎 | E33: 型枠工事 | F33: 2020年7月8日～ 2021年8月31日 | G33: 大工工事業 知事 （般-29）第00211号 | I33: 大町 二郎 | J33: 諏訪 三郎 | K33: 無
B34: 2 | C34: 福島工業株式会社 （00123456781116） | D34: 郡山 一郎 | E34: 鉄筋工事 | F34: 2020年7月8日～ 2021年8月31日 | G34: 鉄筋工事業 知事 （般-29）第00204号 | I34: 磐城 二郎 | J34: 伊達 三郎 | K34: 無
B35: 3 | C35: 株式会社新潟鉄筋 （00123456781117） | D35: 長岡 一郎 | E35: 鉄筋工事 | F35: 2020年7月8日～ 2021年8月31日 | G35: 鉄筋工事業 知事 （般-29）第00205号 | I35: 魚沼 二郎 | J35: 新発田 三郎 | K35: 無
B36: 3 | C36: 有限会社富山鉄筋 （00123456781118） | D36: 立山 一郎 | E36: 鉄筋工事 | F36: 2020年7月8日～ 2021年8月31日 | G36: 鉄筋工事業 知事 （般-29）第00206号 | I36: 魚津 二郎 | J36: 高岡 三郎 | K36: 無
B37: 2 | C37: 石川鉄筋株式会社 （00123456781119） | D37: 金沢 一郎 | E37: 鉄筋工事 | F37: 2020年7月8日～ 2021年8月31日 | G37: 鉄筋工事業 知事 （般-29）第00207号 | I37: 加賀 二郎 | J37: 能登 三郎 | K37: 無
B38: 2 | C38: 株式会社福井圧送 （00123456781120） | D38: 越前 一郎 | E38: コンクリート工事 | F38: 2020年7月8日～ 2021年8月31日 | G38: とび・土工工事業 知事 （般-29）第00208号 | I38: 敦賀 二郎 | J38: 鯖江 三郎 | K38: 無
B39: 3 | C39: 岐阜圧送工業株式会社 （00123456781121） | D39: 大垣 一郎 | E39: コンクリート工事 | F39: 2020年7月8日～ 2021年8月31日 | G39: とび・土工工事業 知事 （般-29）第00209号 | I39: 高山 二郎 | J39: 郡上 三郎 | K39: 無
A41: 5 | B41: 1 | C41: 愛知工業株式会社 （00123456781122） | D41: 豊田 一郎 | E41: 地盤改良工事 | F41: 2020年9月15日～ 2021年8月31日 | G41: とび・土木工事業 知事 （般-29）第00211号 | I41: 岡崎 二郎 | J41: 小牧 三郎 | K41: 無
B42: 2 | C42: 三重建設工業株式会社 （00123456781123） | D42: 津 一郎 | E42: 地盤改良工事 | F42: 2020年9月25日～ 2021年8月31日 | G42: とび・土木工事業 知事 （般-29）第00212号 | I42: 四日市 二郎 | J42: 伊勢 三郎 | K42: 無
A44: 6 | B44: 1 | C44: 京都工業株式会社 （00123456781125） | D44: 嵐山 一郎 | E44: クレーン工事 | F44: 2020年6月10日～ 2021年8月31日 | G44: とび・土木工事業 知事 （般-29）第0012８号 | I44: 宇治 二郎 | J44: 舞鶴 三郎 | K44: 無
B45: 2 | C45: 株式会社大阪商事 （00123456781126） | D45: 西宮一郎 | E45: クレーン工事 | F45: 2020年8月25日～ 2021年2月19日 | G45: とび・土木工事業 知事 （般-29）第00129号 | I45: 梅田 二郎 | J45: 難波 三郎 | K45: 無
B46: 3 | C46: 奈良建販株式会社 （00123456781127） | D46: 大和 一郎 | E46: クレーン工事 | F46: 2020年8月25日～ 2021年2月19日 | G46: とび・土木工事業 知事 （般-29）第00130号 | I46: 吉野 二郎 | J46: 天理 三郎 | K46: 無
A48: 7 | B48: 1 | C48: 株式会社兵庫道路 （00123456781128） | D48: 神戸 一郎 | E48: 舗装工事 | F48: 2020年6月1日～ 2021年8月31日 | G48: 舗装工事業 知事 （般-29）第00131号 | H48: とび・土木工事業 知事 （般-29）第0013１号 | I48: 姫路 二郎 | J48: 明石 三郎 | K48: 無
B49: 2 | C49: 和歌山舗装株式会社 （00123456781129） | D49: 有田 一郎 | E49: 舗装工事 | F49: 2020年7月27日～ 2021年8月31日 | G49: 舗装工事業 知事 （般-29）第00132号 | H49: とび・土木工事業 知事 （般-29）第00122号 | I49: 白浜 二郎 | J49: 新宮 三郎 | K49: 無
B50: 3 | C50: 有限会社滋賀道路 （00123456781124） | D50: 大津 一郎 | E50: 舗装工事 | F50: 2020年9月25日～ 2021年9月24日 | G50: 舗装工事業 知事 （般-29）第00133号 | I50: 近江 二郎 | J50: 美浜 三郎 | K50: 無

Sheet 16
A1: 様式第４号（第７条・第９条・第13 条・第15 条・第17 条―第19 条・第22 条―第24
A2: 第28 条・第30 条関係）
A3: 工 事 打 合 せ 簿
A4: 発議者 | E4: □発注者 □受注者 | K4: 発議年月日 | N4: 年 月 日
A5: 発議事項 | E5: □指示 □協議 □通知 □承諾 □報告 □提出
E6: □その他 | H6: （ | X6: ）
A7: 工事名 | E7: =基本データ!D5 -> ○○○○○○○○○○○○○○○○○○○○○○○○○○○○○○○○○工事
B8: （内容）
B27: 添付図 | G27: 葉、その他添付図書
B28: 発注者 | C28: 上記について | G28: □指示 | J28: □承諾 | M28: □協議 | P28: □提出 | S28: □受理 | U28: します。
A29: 処理
G30: □その他
A33: ・ | M33: 年月日：
B34: 受注者 | C34: 上記について | G34: □承諾 | J34: □協議 | M34: □提出 | P34: □報告 | S34: □受理 | U34: します。
A35: 回答
G36: □その他
M39: 年月日：
E42: 総 括 監督員 | H42: 主 任 監督員 | K42: 監督員 | R42: 現 場 代理人 | U42: 主 任 （監 理） 技術者

Sheet 17
M2: 別 紙
A4: 段 階 確 認 書
C6: ="工事名称："&基本データ!D5 -> 工事名称：○○○○○○○○○○○○○○○○○○○○○○○○○○○○○○○○○工事
E9: 受注者名： | F9: =基本データ!D15 -> ○○○○ (株) | K9: ="監督員："&基本データ!D11 -> 監督員：技師 ○○ ○○
E10: 現場代理人： | F10: =基本データ!D19 -> 土浦 二郎 | K10: 監督員：
B12: 確 認 項 目 等 （現場代理人記入欄） | G12: 施工予定時期の報告 （現場代理人記入欄） | L12: 確認予定日の通知 （監督員記入欄） | M12: 段階確認の実施 （監督員記入欄）
B13: 種 別 | D13: 細 別 | E13: 確認項目 | G13: 報 告 日 | H13: 施 工 予 定 時 期 | L13: 確認予定日 | M13: 確認実施日 | O13: 監督 員印
C19: １ 現場代理人は，「茨城県土木部・企業局土木工事共通仕様書」に定める段階確認について，その施工予定時期が判明した時点で，「確認項目等」及び
C20: 「施工予定時期の報告」の欄に必要事項を記入のうえ，本段階確認書により監督員へ報告すること。
C21: ２ 監督員は，現場代理人から上記１について報告を受けたときは，「確認予定日の通知」欄に確認予定日を記入し，本段階確認書により現場代理人に
C22: 通知すること。
C23: ３ 監督員は，段階確認が完了したときは，本段階確認書の「段階確認の実施」欄に必要事項を記入すること。
C24: ４ 現場代理人は，本段階確認書を保管し，検査時に提出すること。

Sheet 18
B3: 部長 | E3: 課長 | H3: 係長 | K3: 係 | Q3: 監督員
Y10: 令和 年 月 日
B12: 監督員
C13: =基本データ!D11 -> 技師 ○○ ○○ | I13: 様 あて
N15: 請 負 者
O16: 会 社 名 | R16: =基本データ!D15 -> ○○○○ (株)
O17: 現場代理人 | R17: =基本データ!D19 -> 土浦 二郎 | Y17: 印
A21: 休日・夜間作業通知届
C25: 下記の通り、休日及び夜間作業を報告致します。
A28: 記
B31: 1 | C31: 工事件名 | G31: =基本データ!D5 -> ○○○○○○○○○○○○○○○○○○○○○○○○○○○○○○○○○工事
B33: 2 | C33: 作業時間 | G33: 令和 年 月 日 （ ）
G34: 8：00 ～ 17：00 まで
B36: 3 | C36: 作業内容 | G36: ○○工事
B38: 4 | C38: 作業場所 | G38: 待合室（別添）
B40: 5 | C40: 交通規制 | G40: 前面通行止 ・ 片側交互通行 ・ 規制なし
C41: の有無
B43: 6 | C43: 就労人員 | G43: ４人程度
B45: 7 | C45: 作業責任者 | G45: ○○ ○○ 連絡先：090-****-****
B47: 8 | C47: 休日夜間作業を必要とする理由

Sheet 23
U1: 出来形管理一覧表 | BF1: （Ⅰ）
B3: 工事番号 | G3: =基本データ!D4 -> 土下維工 第○○号 | AE3: 事務所名 | AJ3: 土浦市 | BF3: 受注者 | BN3: =基本データ!D15 -> ○○○○ (株)
B4: 工事名 | G4: =基本データ!D5 -> ○○○○○○○○○○○○○○○○○○○○○○○○○○○○○○○○○工事 | AE4: 監督員 | AJ4: =基本データ!D11 -> 技師 ○○ ○○ | BB4: 印 | BF4: 現場代理人又は
B5: 工期 | G5: =TEXT((基本データ!D7),"ggge年M月d日")&"～"&TEXT((基本データ!D8),"ggge年M月d日") -> 令和7年5月14日～令和8年3月15日 | AE5: 監督員 | BB5: 印 | BF5: 施工管理担当者 | BN5: =基本データ!D19 -> 土浦 二郎 | CA5: 印
A7: 工 種 | G7: 名 称 | M7: 細 別 | S7: 設計数量 | X7: 単 位 | Z7: 管 理 基 準 | BJ7: 試 験 及 び 管 理 結 果 | BY7: 監督員 合 否 判 定
Z8: 試験管理 項 目 | AF8: 試験管理 数 量 | AK8: 試験管理 頻 度 | AQ8: 試験管 理回数 | AT8: 試験管理 方 法 | AY8: 規 格 値 | BG8: 備考 | BJ8: 試験管 理回数 | BM8: 最大値 | BS8: 平 均 値 (結果値)
BM9: 最小値
U35: 出来形管理一覧表 | BF35: （Ⅱ）
A38: 工 種 | G38: 名 称 | M38: 細 別 | S38: 設計数量 | X38: 単 位 | Z38: 管 理 基 準 | BJ38: 試 験 及 び 管 理 結 果 | BY38: 監督員 合 否 判 定
Z39: 試験管理 項 目 | AF39: 試験管理 数 量 | AK39: 試験管理 頻 度 | AQ39: 試験管 理回数 | AT39: 試験管理 方 法 | AY39: 規 格 値 | BG39: 備考 | BJ39: 試験管 理回数 | BM39: 最大値 | BS39: 平 均 値 (結果値)
BM40: 最小値

Sheet 23-1
U1: 出来形管理表 | BF1: （Ⅰ）
B3: 工事番号 | G3: =基本データ!D4 -> 土下維工 第○○号 | AE3: 事務所名 | AJ3: 土浦市 | BF3: 受注者 | BN3: =基本データ!D15 -> ○○○○ (株)
B4: 工事名 | G4: =基本データ!D5 -> ○○○○○○○○○○○○○○○○○○○○○○○○○○○○○○○○○工事 | AE4: 監督員 | AJ4: =基本データ!D11 -> 技師 ○○ ○○ | BB4: 印
B5: 工期 | H5: =TEXT((基本データ!D7),"ggge年M月d日")&"～"&TEXT((基本データ!D8),"ggge年M月d日") -> 令和7年5月14日～令和8年3月15日 | AE5: 監督員 | BB5: 印 | BF5: 担当者 | BN5: =基本データ!D19 -> 土浦 二郎 | CA5: 印
O7: 幅 員 | BA7: 構成図
M8: 左 | O8: 中 | AF8: 右
E9: ①＝ | O9: ①
E10: ②＝ | O10: ②
E11: ③＝ | O11: ③
E12: ④＝
O13: ④
A17: 測 点 | G17: 工 種 | M17: 基準高 mm | X17: 幅 員 mm | AI17: 厚 さ mm
M18: 規格値 | X18: 規格値 | AI18: 工 種 | AO18: 左 | AW18: 中 | BE18: 右 | BM18: 平均値 | BX18: 規格値
M19: 設計値 | Q19: 測定値 | U19: 差 | X19: 設計値 | AB19: 測定値 | AF19: 差 | AO19: 測定値 | AS19: 施工厚 | AW19: 測定値 | BA19: 施工厚 | BE19: 測定値 | BI19: 施工厚 | BM19: 測定値 | BQ19: 施工厚 | BU19: 差
AO20: ① | AW20: ① | BE20: ① | BM20: ①
AO21: ② | AS21: ②－① | AW21: ② | BA21: ②－① | BE21: ② | BI21: ②－① | BM21: ② | BQ21: ②－①
AO22: ③ | AS22: ③－② | AW22: ③ | BA22: ③－② | BE22: ③ | BI22: ③－② | BM22: ③ | BQ22: ③－②
AO23: ④ | AS23: ④－③ | AW23: ④ | BA23: ④－③ | BE23: ④ | BI23: ④－③ | BM23: ④ | BQ23: ④－③
U44: 出来形管理表 | BF44: （Ⅱ）
A47: 測 点 | G47: 工 種 | M47: 基準高 mm | X47: 幅 員 mm | AI47: 厚 さ mm
M48: 規格値 | X48: 規格値 | AI48: 工 種 | AO48: 左 | AW48: 中 | BE48: 右 | BM48: 平均値 | BX48: 規格値
M49: 設計値 | Q49: 測定値 | U49: 差 | X49: 設計値 | AB49: 測定値 | AF49: 差 | AO49: 測定値 | AS49: 施工厚 | AW49: 測定値 | BA49: 施工厚 | BE49: 測定値 | BI49: 施工厚 | BM49: 測定値 | BQ49: 施工厚 | BU49: 差
AO50: ① | AW50: ① | BE50: ① | BM50: ①
AO51: ② | AS51: ②－① | AW51: ② | BA51: ②－① | BE51: ② | BI51: ②－① | BM51: ② | BQ51: ②－①
AO52: ③ | AS52: ③－② | AW52: ③ | BA52: ③－② | BE52: ③ | BI52: ③－② | BM52: ③ | BQ52: ③－②
AO53: ④ | AS53: ④－③ | AW53: ④ | BA53: ④－③ | BE53: ④ | BI53: ④－③ | BM53: ④ | BQ53: ④－③

Sheet 23-2
U1: 出来形管理図
B3: 工事番号 | G3: =基本データ!D4 -> 土下維工 第○○号
B4: 工事名 | G4: =基本データ!D5 -> ○○○○○○○○○○○○○○○○○○○○○○○○○○○○○○○○○工事
B6: 工種
A8: 測 点
A9: 基準高 (mm) | F9: SU CL SL
A11: 幅 員 (mm) | F11: SU CL SL
A13: 厚 さ (mm) | F13: SU CL SL
B15: 工種
A17: 測 点
A18: 基準高 (mm) | F18: SU CL SL
A20: 幅 員 (mm) | F20: SU CL SL
A22: 厚 さ (mm) | F22: SU CL SL
B24: 工種
A26: 測 点
A27: 基準高 (mm) | F27: SU CL SL
A29: 幅 員 (mm) | F29: SU CL SL
A31: 厚 さ (mm) | F31: SU CL SL

Sheet 23-3
U1: 出来形管理図表 | BF1: （Ⅰ）
B2: 工事番号 | G2: =基本データ!D4 -> 土下維工 第○○号
B3: 工事名 | G3: =基本データ!D5 -> ○○○○○○○○○○○○○○○○○○○○○○○○○○○○○○○○○工事
B4: 工期 | H4: =TEXT((基本データ!D7),"ggge年M月d日")&"～"&TEXT((基本データ!D8),"ggge年M月d日") -> 令和7年5月14日～令和8年3月15日 | BF4: 受注者 | BN4: =基本データ!D15 -> ○○○○ (株)
B5: 工種 | BF5: 担当者 | BN5: =基本データ!D19 -> 土浦 二郎
A7: 測定項目 | G7: 測点 区分 | BR7: 備考（略図等）
G8: 設 計 値
G9: 測 定 値
G10: 差
G11: 規 格 値 | I11: SU CL SL
G13: 設 計 値
G14: 測 定 値
G15: 差
G16: 規 格 値 | I16: SU CL SL
G18: 設 計 値
G19: 測 定 値
G20: 差
G21: 規 格 値 | I21: SU CL SL
G23: 設 計 値
G24: 測 定 値
G25: 差
G26: 規 格 値 | I26: SU CL SL
G28: 設 計 値
G29: 測 定 値
G30: 差
G31: 規 格 値 | I31: SU CL SL
U34: 出来形管理図表 | BF34: （Ⅱ）
A38: 測定項目 | G38: 測点 区分 | BR38: 備考（略図等）
G39: 設 計 値
G40: 測 定 値
G41: 差
G42: 規 格 値 | I42: SU CL SL
G44: 設 計 値
G45: 測 定 値
G46: 差
G47: 規 格 値 | I47: SU CL SL
G49: 設 計 値
G50: 測 定 値
G51: 差
G52: 規 格 値 | I52: SU CL SL
G54: 設 計 値
G55: 測 定 値
G56: 差
G57: 規 格 値 | I57: SU CL SL
G59: 設 計 値
G60: 測 定 値
G61: 差
G62: 規 格 値 | I62: SU CL SL

Sheet 23-4
U1: 出来形管理図表 | BF1: （Ⅲ）
B3: 工事番号 | G3: =基本データ!D4 -> 土下維工 第○○号
B4: 工事名 | G4: =基本データ!D5 -> ○○○○○○○○○○○○○○○○○○○○○○○○○○○○○○○○○工事 | AE4: 事務所名 | AJ4: 土浦市
B5: 工期 | H5: =TEXT((基本データ!D7),"ggge年M月d日")&"～"&TEXT((基本データ!D8),"ggge年M月d日") -> 令和7年5月14日～令和8年3月15日 | AE5: 監督員 | AJ5: =基本データ!D11 -> 技師 ○○ ○○ | BB5: 印 | BF5: 受注者 | BK5: =基本データ!D15 -> ○○○○ (株) | CA5: 印
B6: 工種名 | AE6: 監督員 | BB6: 印 | BF6: 測定者 | CA6: 印
A8: 測 点
A9: 測 定 値 | D9: 掘 削 高
D10: 上 幅
D11: 下 幅
A12: 掘削高 設計高 と 測定値高 の差
F13: 上限規格値(SU) | M13: ±0
F15: 規格中心 (CL)
F17: 下限規格値(SL) | M17: -150
A20: 上幅ズレ 設計値 と 測定値 の差
F21: 上限規格値(SU) | M21: +150
F23: 規格中心 (CL)
F25: 下限規格値(SL) | M25: ±0
A28: 下幅ズレ 設計値 と 測定値 の差
F29: 上限規格値(SU) | M29: +150
F31: 規格中心 (CL)
F33: 下限規格値(SL) | M33: ±0
A36: 摘 要
A37: （注） １． 測定値欄は、設計値は測定値との差を記入する。必要に応じ設計値又は測定値
A38: ２． 上限・下限規格値線は赤書きとする。
U39: 出来形管理図表 | BF39: （Ⅳ）
A46: 測 点
A47: 測 定 値 | D47: 掘 削 高
D48: 上 幅
D49: 下 幅
A50: 掘削高 設計高 と 測定値高 の差
F51: 上限規格値(SU) | M51: ±0
F53: 規格中心 (CL)
F55: 下限規格値(SL) | M55: -150
A58: 上幅ズレ 設計値 と 測定値 の差
F59: 上限規格値(SU) | M59: +150
F61: 規格中心 (CL)
F63: 下限規格値(SL) | M63: ±0
A66: 下幅ズレ 設計値 と 測定値 の差
F67: 上限規格値(SU) | M67: +150
F69: 規格中心 (CL)
F71: 下限規格値(SL) | M71: ±0
A74: 摘 要
A75: （注） １． 測定値欄は、設計値は測定値との差を記入する。必要に応じ設計値又は測定値
A76: ２． 上限・下限規格値線は赤書きとする。

Sheet 23-5
U1: 出来形管理図表 | BF1: （Ⅴ）
B3: 工事番号 | G3: =基本データ!D4 -> 土下維工 第○○号
B4: 工事名 | G4: =基本データ!D5 -> ○○○○○○○○○○○○○○○○○○○○○○○○○○○○○○○○○工事 | AE4: 事務所名 | AJ4: 土浦市
B5: 工期 | H5: =TEXT((基本データ!D7),"ggge年M月d日")&"～"&TEXT((基本データ!D8),"ggge年M月d日") -> 令和7年5月14日～令和8年3月15日 | AE5: 監督員 | AJ5: =基本データ!D11 -> 技師 ○○ ○○ | BB5: 印 | BF5: 受注者 | BK5: =基本データ!D15 -> ○○○○ (株) | CA5: 印
B6: 工種名 | AE6: 監督員 | BB6: 印 | BF6: 測定者 | CA6: 印
A8: 測 点
A9: 測 定 値 | D9: 土 被 り 高
D10: 長 さ (区間)
D11: 中 心 線
A12: 土被り高 設計高 と 測定値高 の差
F13: 上限規格値(SU) | M13: ±0
F15: 規格中心 (CL)
F17: 下限規格値(SL) | M17: -150
A20: 中心線ｽﾞﾚ 設計値 と 測定値 の差
F21: 上限規格値(SU) | M21: +100
F23: 規格中心 (CL) | M23: ±0
F25: 下限規格値(SL) | M25: -100
A28: 摘 要
A29: （注） １． 測定値欄は、設計値は測定値との差を記入する。必要に応じ設計値又は測定値
A30: ２． 上限・下限規格値線は赤書きとする。
U31: 出来形管理図表 | BF31: （Ⅵ）
A38: 測 点
A39: 測 定 値 | D39: 土 被 り 高
D40: 長 さ (区間)
D41: 中 心 線
A42: 土被り高 設計高 と 測定値高 の差
F43: 上限規格値(SU) | M43: ±0
F45: 規格中心 (CL)
F47: 下限規格値(SL) | M47: -150
A50: 中心線ｽﾞﾚ 設計値 と 測定値 の差
F51: 上限規格値(SU) | M51: +100
F53: 規格中心 (CL) | M53: ±0
F55: 下限規格値(SL) | M55: -100
A58: 摘 要
A59: （注） １． 測定値欄は、設計値は測定値との差を記入する。必要に応じ設計値又は測定値
A60: ２． 上限・下限規格値線は赤書きとする。

Sheet 23-6
U1: 出来形管理図表 | BF1: （Ⅶ）
B3: 工事番号 | G3: =基本データ!D4 -> 土下維工 第○○号
B4: 工事名 | G4: =基本データ!D5 -> ○○○○○○○○○○○○○○○○○○○○○○○○○○○○○○○○○工事 | AE4: 事務所名 | AJ4: 土浦市
B5: 工期 | H5: =TEXT((基本データ!D7),"ggge年M月d日")&"～"&TEXT((基本データ!D8),"ggge年M月d日") -> 令和7年5月14日～令和8年3月15日 | AE5: 監督員 | AJ5: =基本データ!D11 -> 技師 ○○ ○○ | BB5: 印 | BF5: 受注者 | BK5: =基本データ!D15 -> ○○○○ (株) | CA5: 印
B6: 工種名 | AE6: 監督員 | BB6: 印 | BF6: 測定者 | CA6: 印
A8: 管径(管厚) | BS8: 備 考
A9: 名 称
A10: 寸 法
A11: 管体番号
A12: 内面タール エポキシ 外面アスファルト ビニロンクロス | BS12: 内面の測定値は内面、外面の測定値は外面に記入する。
A22: ホリデーディ テクター検査 | I22: 内面
I23: 外面
A24: Ｘ線検査 | BS24: 等級を記入
A25: 溶接年月日 | I25: 内面
I26: 外面
A27: 塗装年月日 | I27: 内面 | BS27: 検査年月日を記入
I28: 外面
A29: 厚 さ | C29: 内 面 | E29: 上 限 規 格 | I29: +0.2 | BS29: 測定値は最小値を使用
I30: mm
E31: 規 格 中 心 | I31: ±0
I32: mm
C33: 外 面 | E33: 上 限 規 格
E35: 規 格 中 心 | I35: ±0
I36: mm
U38: 出来形管理図表 | BF38: （Ⅷ）
A45: 管径(管厚) | BS45: 備 考
A46: 名 称
A47: 寸 法
A48: 管体番号
A49: 内面タール エポキシ 外面アスファルト ビニロンクロス | BS49: 内面の測定値は内面、外面の測定値は外面に記入する。
A59: ホリデーディ テクター検査 | I59: 内面
I60: 外面
A61: Ｘ線検査 | BS61: 等級を記入
A62: 溶接年月日 | I62: 内面
I63: 外面
A64: 塗装年月日 | I64: 内面 | BS64: 検査年月日を記入
I65: 外面
A66: 厚 さ | C66: 内 面 | E66: 上 限 規 格 | I66: +0.2 | BS66: 測定値は最小値を使用
I67: mm
E68: 規 格 中 心 | I68: ±0
I69: mm
C70: 外 面 | E70: 上 限 規 格
E72: 規 格 中 心 | I72: ±0
I73: mm

Sheet 23-7
U1: 出来形管理図表 | BF1: （Ⅸ）
B3: 工事番号 | G3: =基本データ!D4 -> 土下維工 第○○号
B4: 工事名 | G4: =基本データ!D5 -> ○○○○○○○○○○○○○○○○○○○○○○○○○○○○○○○○○工事 | AE4: 事務所名 | AJ4: 土浦市
B5: 工期 | H5: =TEXT((基本データ!D7),"ggge年M月d日")&"～"&TEXT((基本データ!D8),"ggge年M月d日") -> 令和7年5月14日～令和8年3月15日 | AE5: 監督員 | AJ5: =基本データ!D11 -> 技師 ○○ ○○ | BB5: 印 | BF5: 受注者 | BK5: =基本データ!D15 -> ○○○○ (株) | CA5: 印
B6: 工種名 | AE6: 監督員 | BB6: 印 | BF6: 測定者 | CA6: 印
A8: 管径(型、種管) | BS8: 備 考
A9: 名 称
A10: 寸 法
A11: 管体番号
A12: 胴 体 間 隔 ｂ、ｂ１、ｂ２ | BS12: 外面よりの測定値 ｂ、ｂ１、ｂ、ｂ１を記入 内面よりの測定値ｂ２を各々記入する。
A22: 接合年月日
A23: 接合確認者 | BS23: トルクレンチの確認者
A24: 接 合 配 管 図
A37: （注） 測定者とは胴付間隔の確認者をいう。
U38: 出来形管理図表 | BF38: （Ⅹ）
A45: 管径(型、種管) | BS45: 備 考
A46: 名 称
A47: 寸 法
A48: 管体番号
A49: 胴 体 間 隔 ｂ、ｂ１、ｂ２ | BS49: 外面よりの測定値 ｂ、ｂ１、ｂ、ｂ１を記入 内面よりの測定値ｂ２を各々記入する。
A59: 接合年月日
A60: 接合確認者 | BS60: トルクレンチの確認者
A61: 接 合 配 管 図
A74: （注） 測定者とは胴付間隔の確認者をいう。

Sheet 23-8
L1: 舗装路面の平坦性測定
B4: 工事番号 | J4: =基本データ!D4 -> 土下維工 第○○号
B5: 工事名 | J5: =基本データ!D5 -> ○○○○○○○○○○○○○○○○○○○○○○○○○○○○○○○○○工事
B6: 測定区間 | R6: ～ | AC6: 試験年月日 | AL6: 年 月 日
B7: 測線の位置 | AC7: 測定器の種類
B8: 測定距離 | U8: ｍ | AC8: 試験者
A10: № | D10: ｄ | H10: ｄ２ | L10: № | O10: ｄ | S10: ｄ２ | W10: № | Z10: ｄ | AD10: ｄ２ | AH10: № | AK10: ｄ | AO10: ｄ２ | AS10: № | AV10: ｄ | AZ10: ｄ２
A21: 計 | D21: ① | H21: ② | L21: 計 | O21: ① | S21: ② | W21: 計 | Z21: ① | AD21: ② | AH21: 計 | AK21: ① | AO21: ② | AS21: 計 | AV21: ① | AZ21: ②
A33: 計 | D33: ① | H33: ② | L33: 計 | O33: ① | S33: ② | W33: 計 | Z33: ① | AD33: ② | AH33: 計 | AK33: ① | AO33: ② | AS33: 計 | AV33: ① | AZ33: ②
A35: ③ | D35: Σ① (mm) | AC35: ⑥ | AF35: 各シートのΣ③ (mm) | BB35: *
A36: ④ | D36: Σ② (mm2) | AC36: ⑦ | AF36: 各シートのΣ④ (mm2) | BB36: *
A37: ⑤ | D37: デ ー タ 数 | AC37: ⑧ | AF37: 各シートのΣ⑤ | BB37: *
A38: ⑨ | D38: 標 準 偏 差
A39: 備 考
A44: 注）＊印の欄は最後のデータシートのみ記入する。

Sheet 25
U1: 品質管理一覧表 | BF1: （Ⅰ）
B3: 工事番号 | G3: =基本データ!D4 -> 土下維工 第○○号 | AE3: 事務所名 | AJ3: 土浦市 | BF3: 受注者 | BN3: =基本データ!D15 -> ○○○○ (株)
B4: 工事名 | G4: =基本データ!D5 -> ○○○○○○○○○○○○○○○○○○○○○○○○○○○○○○○○○工事 | AE4: 監督員 | AJ4: =基本データ!D11 -> 技師 ○○ ○○ | BB4: 印 | BF4: 現場代理人又は
B5: 工期 | H5: =TEXT((基本データ!D7),"ggge年M月d日")&"～"&TEXT((基本データ!D8),"ggge年M月d日") -> 令和7年5月14日～令和8年3月15日 | AE5: 監督員 | BB5: 印 | BF5: 施工管理担当者 | BN5: =基本データ!D19 -> 土浦 二郎 | CA5: 印
A7: 工 種 | G7: 名 称 | M7: 細 別 | S7: 設計数量 | X7: 単 位 | Z7: 管 理 基 準 | BJ7: 試 験 及 び 管 理 結 果 | BY7: 監督員 合 否 判 定
Z8: 試験管理 項 目 | AF8: 試験管理 数 量 | AK8: 試験管理 頻 度 | AQ8: 試験管 理回数 | AT8: 試験管理 方 法 | AY8: 規 格 値 | BG8: 備考 | BJ8: 試験管 理回数 | BM8: 最大値 | BS8: 平 均 値 (結果値)
BM9: 最小値
U35: 品質管理一覧表 | BF35: （Ⅱ）
A38: 工 種 | G38: 名 称 | M38: 細 別 | S38: 設計数量 | X38: 単 位 | Z38: 管 理 基 準 | BJ38: 試 験 及 び 管 理 結 果 | BY38: 監督員 合 否 判 定
Z39: 試験管理 項 目 | AF39: 試験管理 数 量 | AK39: 試験管理 頻 度 | AQ39: 試験管 理回数 | AT39: 試験管理 方 法 | AY39: 規 格 値 | BG39: 備考 | BJ39: 試験管 理回数 | BM39: 最大値 | BS39: 平 均 値 (結果値)
BM40: 最小値

Sheet 25-1
U1: コンクリートのスランプ及び空気量試験
B2: 工事番号 | G2: =基本データ!D4 -> 土下維工 第○○号 | BF2: コンクリートの種類
B3: 工事名 | G3: =基本データ!D5 -> ○○○○○○○○○○○○○○○○○○○○○○○○○○○○○○○○○工事 | BF3: 試験者
A5: スランプ | I5: 試験回数 | S5: 回 | U5: 最大値 | AE5: cm | AG5: 最小値 | AQ5: cm | AS5: 平均値 | BC5: cm | BE5: 規格値 | BO5: cm
A6: 空気量 | AE6: % | AQ6: % | BC6: % | BO6: %
A7: 番号
A8: 試験月日
A10: 天候
A11: スランプ
A12: 設計値の差
A13: ス ラ ン プ
D14: ＋ | E14: 3
E15: 2.5
E16: 2
E17: 1.5
E18: 1
E19: 0.5
D20: 0
E21: 0.5
E22: 1
E23: 1.5
E24: 2
E25: 2.5
D26: － | E26: 3
A28: 空気量
A29: 設計値の差
A30: 空 気 量
D31: ＋ | E31: 2
E32: 1.5
E33: 1
E34: 0.5
D35: 0
E36: 0.5
E37: 1
E38: 1.5
D39: － | E39: 2

Sheet 25-2
T1: コンクリート圧縮強度試験管理図表 ［Ⅰ］ | BE1: (曲げ・引張強度試験もこれに準ずる)
B4: 工事番号 | G4: =基本データ!D4 -> 土下維工 第○○号 | AC4: 事務所名 | AI4: 土浦市 | BC4: 強度試験
B5: 工事名 | G5: =基本データ!D5 -> ○○○○○○○○○○○○○○○○○○○○○○○○○○○○○○○○○工事 | AC5: 監督員 | AI5: =基本データ!D11 -> 技師 ○○ ○○ | AY5: 印 | BC5: 実施機関名
AC6: 受注者 | AI6: =基本データ!D15 -> ○○○○ (株)
B7: 工種名 | AC7: 現場代理人 | AI7: =基本データ!D19 -> 土浦 二郎 | AY7: 印 | BC7: 試験者 | BX7: 印
A9: 供試体 番号 | F9: 製作 年月日 | K9: 試験 年月日 | P9: 材令 (日) | U9: 供試体寸法 | AE9: 見掛密度 (kg/m3) | AK9: スランプ (cm) | AP9: 空気量 (%) | AU9: 圧縮強度 (N/mm2) | BA9: 圧縮強度平均値 (N/mm2) | BM9: 養生方法 | BR9: 供試体の 破壊状況 | BW9: 摘要
U10: 直径(cm) | Z10: 高さ(cm)
D11: 1
D12: 2
D13: 3
D14: 1
D15: 2
D16: 3
D17: 1
D18: 2
D19: 3
D20: 1
D21: 2
D22: 3
... D28: 3
A29: 管 理 図 | F29: 供 試 体 番 号 | AV29: 判定
F30: 圧 縮 強 度 N/mm2 | AV30: ① 1回の結果が85%以上 ② 3回の平均値が規格値以上
A38: 示 方 配 合 | F38: 粗骨材の 最大寸法 (cm) | K38: ｽﾗﾝﾌﾟの 目 標 値 (cm) | P38: 空気量の 目 標 値 (cm) | U38: 水ｾﾒﾝﾄ比 (w/c) (%) | Z38: 細骨材率 (S/a) (%) | AE38: 単 位 量 (kg/m3) | BW38: その他の 指示事項
AE39: 水(W) | AI39: セメント（C) | AQ39: 細骨材(S) | AY39: 粗骨材(G) | BG39: 混和剤 | BO39: 混和材
AE40: 量 | AI40: 種類 | AM40: 量 | AQ40: 種類 | AU40: 量 | AY40: 種類 | BC40: 量 | BG40: 種類 | BK40: 量 | BO40: 種類 | BS40: 量
A42: 設計基準強度 | M42: N/mm2 | Q42: 設計基準強度 保 証 材 令 | AC42: 日 | AG42: 基準スランプ | AS42: cm | AW42: 基準空気量 | BI42: % | BM42: その他
D44: 注１． 試験を(一財)茨城県建設技術管理センターで行った場合は、別に試験データを添付し、該当欄に転記して管理図を作成する。なお、試験者名及び印を省略してもよい。
D45: 注２． 管理図に、設計基準強度の85%を下限規格値として赤書きすること。
T46: コンクリート圧縮強度試験管理図表 ［Ⅱ］ | BE46: (曲げ・引張強度試験もこれに準ずる)
A48: 供試体 番号 | F48: 製作 年月日 | K48: 試験 年月日 | P48: 材令 (日) | U48: 供試体寸法 | AE48: 見掛密度 (kg/m3) | AK48: スランプ (cm) | AP48: 空気量 (%) | AU48: 圧縮強度 (N/mm2) | BA48: 圧縮強度平均値 (N/mm2) | BM48: 養生方法 | BR48: 供試体の 破壊状況 | BW48: 摘要
U49: 直径(cm) | Z49: 高さ(cm)
D50: 1
D51: 2
D52: 3
D53: 1
D54: 2
D55: 3
D56: 1
D57: 2
D58: 3
D59: 1
D60: 2
D61: 3
... D76: 3
A77: 管 理 図 | F77: 供 試 体 番 号 | AV77: 判定
F78: 圧 縮 強 度 N/mm2 | AV78: ① 1回の結果が85%以上 ② 3回の平均値が規格値以上
D88: 注１． 試験を(一財)茨城県建設技術管理センターで行った場合は、別に試験データを添付し、該当欄に転記して管理図を作成する。なお、試験者名及び印を省略してもよい。
D89: 注２． 管理図に、設計基準強度の85%を下限規格値として赤書きすること。

Sheet 25-3
J1: JIS A 1214 砂置換法による土の密度試験
B4: 受付年月日 | J4: 年 月 日 | AA4: 試験年月日 | AI4: 年 月 日
B5: 工事番号 | J5: =基本データ!D4 -> 土下維工 第○○号
B6: 工事名 | J6: =基本データ!D5 -> ○○○○○○○○○○○○○○○○○○○○○○○○○○○○○○○○○工事
B7: 工種 | AA7: 試 験 者
B8: ①試験用砂の密度 | M8: ロートとベースプレートの体積 | AA8: ②ロートとベースプレートの体積を満たす砂の質量
I9: g/cm3 | W9: g/cm3 | AR9: g
B11: Ⅰ．試験孔から取出した湿潤・乾燥質量・含水比の測定
B12: 測点 | Y12: 1 | AH12: 2 | AQ12: 3
B13: ma | F13: ③ （湿土）＋（容器）質量 | W13: g
B14: mb | F14: ④ （乾土）＋（容器）質量 | W14: g
B15: mc | F15: ⑤ 容 器 質 量 | W15: g
B16: ma-mc | F16: ⑥ 湿 土 質 量 | R16: ③－⑤ g
B17: ms | F17: ⑦ 乾 土 質 量 | R17: ④－⑤ g
B18: mw | F18: ⑧ 水 の 質 量 | R18: ⑥－⑦ g
B19: w | F19: ⑨ 含 水 比 | R19: ⑧/⑦*100 %
B21: ２．試験孔の体積測定と土の密度 | AH21: * 現場で測定するもの
Y22: 1 | AH22: 2 | AQ22: 3
B23: *⑩ 測定器に砂を満たした質量 | W23: g
B24: *⑪ 測定器と残った砂の質量 | W24: g
B25: ⑫ 試験孔とロートに入った砂の質量 | R25: ⑩－⑪ g
B26: ⑬ 試験孔の入った砂の質量 | R26: ⑫－② g
B27: ⑭ 試 験 孔 の 体 積 | R27: ⑬/① g/cm3
B28: ⑮ 土 の 湿 潤 密 度 | R28: ⑥/⑭ g/cm3
B29: ⑯ 土 の 乾 燥 密 度 | R29: ⑦/⑭ g/cm3
B30: 締 め 固 め 度 | R30: ⑯/⑳*100 %
B32: 平 均 値 | D32: ⑰ 土 の 湿 潤 密 度 | R32: ρt= | AC32: g/cm3 | AJ32: 最 大 粒 径 | AX32: mm
D33: ⑱ 土 の 乾 燥 密 度 | R33: ρd= | AC33: g/cm3
D34: ⑲ 含 水 比 | R34: w= | AC34: %
D35: ⑳ 最 大 乾 燥 密 度 ρdmax | AC35: g/cm3
D36: 締 め 固 め 度 | AC36: %
D37: 合 格 判 定 値 | AC37: % 以上
C39: 備考

Sheet 25-4
J1: JIS A 1215準拠 平 板 載 荷 試 験
B4: 工事番号 | J4: =基本データ!D4 -> 土下維工 第○○号
B5: 工事名 | J5: =基本データ!D5 -> ○○○○○○○○○○○○○○○○○○○○○○○○○○○○○○○○○工事
B6: 測点 | AA6: 天候
B7: 工種 | AA7: 試験者
B8: 載荷板の直径 | M8: 300 | T8: mm | AA8: 試験年月日 | AJ8: 年 月 日
B9: 載荷板の面積 | M9: 70.65 | T9: mm2 | AA9: 計算に用いた沈下量 | AU9: mm
B11: 全荷重 | J11: 荷重強度 | R11: ダイヤルゲージの読み 1/100mm | AP11: 沈下量 mm
B12: KN | J12: kN/m2 | R12: 左 | Z12: 右 | AH12: 平均値
B13: 0 | J13: 0
B14: 5 | J14: 70
B15: 10 | J15: 140
B16: 15 | J16: 220
B17: 20 | J17: 277
B18: 25 | J18: 347
B19: 30 | J19: 416
B20: 35 | J20: 486
B21: 40 | J21: 555
B22: 45 | J22: 624
B23: 50 | J23: 694
AH28: K30 = | AK28: 荷重強度
AK29: 沈下量
AH31: K30 = | AP31: = | AV31: MN/m2
AI34: （注）
AI35: 下層路盤工
AJ36: K30 = | AM36: 荷重強度 | AR36: ≧ 18 MN/m2
AM37: 沈下量
AH39: 備考

Sheet 25-5
B2: 載荷圧力（kN/m2） | C2: 沈下量（mm）
B3: 0
B4: 100
B5: 200
B6: 300
B7: 400
B8: 500
B9: 600
B10: 700
B11: 800
B12: 900
B13: 1000

Sheet 25-6
O1: JIS A 1102 骨材のふるい分け試験（粒径加積曲線図）
B4: 工事番号 | H4: =基本データ!D4 -> 土下維工 第○○号
B5: 工事名 | H5: =基本データ!D5 -> ○○○○○○○○○○○○○○○○○○○○○○○○○○○○○○○○○工事 | BB5: ふるい目 | BG5: 残留質量 g | BL5: 残留率 % | BQ5: 加積残留率 % | BV5: 加積通過率 %
B7: 試料名 | AB7: 試験年月日 | AI7: 年 月 日
B9: 測点番号 | AB9: 試験者
BB15: 計

Sheet 25-7
O1: JIS A 1102 骨材のふるい分け試験（粒径加積曲線図）
B4: 工事番号 | H4: =基本データ!D4 -> 土下維工 第○○号
B5: 工事名 | H5: =基本データ!D5 -> ○○○○○○○○○○○○○○○○○○○○○○○○○○○○○○○○○工事 | BB5: ふるい目 | BG5: 残留質量 g | BL5: 残留率 % | BQ5: 加積残留率 % | BV5: 加積通過率 %
B7: 試料名 | AB7: 試験年月日 | AI7: 平成 年 月 日
B9: 測点番号 | AB9: 試験者
BB15: 計

Sheet 25-8
B3: mm | C3: %
B4: 37.5
B5: 31.5
B6: 19
B7: 4.75
B8: 2.36
B9: 0.425
B10: 0.075

Sheet 25-9
U1: 混合物温度管理図
B2: 工事番号 | G2: =基本データ!D4 -> 土下維工 第○○号
B3: 工事名 | G3: =基本データ!D5 -> ○○○○○○○○○○○○○○○○○○○○○○○○○○○○○○○○○工事 | BF3: 年 月 日～ 年 月 日
B4: 混合物の種類 | BF4: 測定者
A6: 台数
A7: 温 度 ℃ | F7: 190
F10: 180
F13: 170
F16: 160
F19: 150
F22: 140
F25: 130
F28: 120
F31: 110
BM33: 最 高 | BR33: 最 低 | BW33: 平 均
F34: 100
BH35: 発 温 度
F37: 90 | BH37: 敷均し温度
A39: 発温度
A40: 敷均し温度
A41: 測定月日

Sheet 25-10
T1: コア切取、厚さ・アスファルト量・密度試験結果表
B4: 工事番号 | G4: =基本データ!D4 -> 土下維工 第○○号 | BF4: 工種名
B5: 工事名 | G5: =基本データ!D5 -> ○○○○○○○○○○○○○○○○○○○○○○○○○○○○○○○○○工事 | BF5: 合材種類
B6: 事務所名 | G6: 土浦市 | BF6: 監督員 | BN6: =基本データ!D11 -> 技師 ○○ ○○
B7: 受注者 | G7: =基本データ!D15 -> ○○○○ (株) | BF7: 測定者
B9: 項目 | L9: 基準値 | W9: 測 定 値 | BO9: 規格値
W10: ｎ | AH10: 最大値 | AS10: 最小値 | BD10: 平均値 | BO10: 合格判定値
B11: 厚さ
B12: アスファルト量
B13: 密度
B15: 測点 項目
B17: 厚 さ cm | D17: 測定値
D21: 設定値
B26: ア ス フ ァ ル ト 量 % | D26: 測定値
D30: 設定値
B35: 密 度 | D35: 測定値
D39: 設定値

Sheet 26
A1: 材 料 使 用 届 (Ⅰ) | M1: 年月日
A3: 土浦市 | E3: 殿
H4: 受注者 | I4: 住所 | J4: =基本データ!D14 -> 土浦市大和町○○番○号
I5: 商号 | J5: =基本データ!D15 -> ○○○○ (株)
H6: 現場代理人 | I6: 氏名 | J6: =基本データ!D19 -> 土浦 二郎
A9: 工 事 番 号 | B9: =基本データ!D4 -> 土下維工 第○○号 | D9: 施 工 場 所 | G9: =基本データ!D6 -> 土浦市 田中町 地内 | K9: 工 期 | L9: =基本データ!D7 -> 45791
L11: =基本データ!D8 -> 46096
A13: 使用材料 | H13: 産地又は製造工場 | J13: 添付書類
A14: 名称 | C14: 規格 | D14: 単 位 | F14: 数 量 | I14: 県内 | J14: 配合計画書→Ａ 配合設定書→Ｂ 試験成績書→Ｃ その他→資料名
A27: 本工事について、上記の材料使用を承諾します。
A28: なお、配合等期限を過ぎて使用する場合、又は製造工場等に変更のある場合は再届出すること。
I29: 監督員 | J29: =基本データ!D11 -> 技師 ○○ ○○ | N29: 印
B30: 年 月 日 | I30: 監督員 | N30: 印
A31: 材 料 使 用 届 (Ⅱ) | M31: 年月日
A32: 使用材料 | H32: 産地又は製造工場 | J32: 添付書類
A33: 名称 | C33: 規格 | D33: 単 位 | F33: 数 量 | I33: 県内 | J33: 配合計画書→Ａ 配合設定書→Ｂ 試験成績書→Ｃ その他→資料名

Sheet 28
B1: 様式第６号（第１５条関係）
B3: 一 部 履 行 届
B4: （第 回）
J6: 令和 年 月 日
B9: （届出先） 土 浦 市 長
G12: 所 在 | H12: =基本データ!D14 -> 土浦市大和町○○番○号
F13: 請 負 者 | G13: 商 号 | H13: =基本データ!D15 -> ○○○○ (株)
G14: 代表者名 | H14: =基本データ!D18&" ㊞" -> 代表取締役 土浦 太郎 ㊞
B17: 下記の工事について、令和 年 月 日現在でその一部を履行したので、土浦市請負工事及び委託業務執行規則第１５条第１項の規定に基づき届け出ます。ついては、同規則第１７条の規定に基づく検査（出来高）をお願いします。
B20: 記
C23: １ 工事番号及び | E23: =基本データ!D4 -> 土下維工 第○○号
C24: 工事件名 | E24: =基本データ!D5 -> ○○○○○○○○○○○○○○○○○○○○○○○○○○○○○○○○○工事
C27: ２ 工事場所 | E27: =基本データ!D14 -> 土浦市大和町○○番○号
C29: ３ 契約年月日 | E29: =基本データ!D25 -> 45790
E32: =基本データ!D7 -> 45791
C33: ４ 工事期間 | G33: =基本データ!D9 -> 306 | H33: 日間
E34: =基本データ!D8 -> 46096
C37: ５ 請負金額 | E37: =IF(ISBLANK(基本データ!D24),基本データ!D23,IF(基本データ!D24>=0,基本データ!D24)) -> 300000000

Sheet 31
A1: 様式第５号（第１３条関係）
A3: 工 期 延 期 申 請 書
I5: 令和 年 月 日
A7: （申請先）土 浦 市 長
E10: 所 在 | F10: =基本データ!D14 -> 土浦市大和町○○番○号
D11: 請 負 者 | E11: 商 号 | F11: =基本データ!D15 -> ○○○○ (株)
E12: 代表者名 | F12: =基本データ!D18&" ㊞" -> 代表取締役 土浦 太郎 ㊞
B16: １ 工事番号及び | D16: =基本データ!D4 -> 土下維工 第○○号
B17: 工事件名 | D17: =基本データ!D5 -> ○○○○○○○○○○○○○○○○○○○○○○○○○○○○○○○○○工事
B20: ２ 工事場所 | D20: =基本データ!D6 -> 土浦市 田中町 地内
B22: ３ 契約年月日 | D22: =基本データ!D25 -> 45790
B24: ４ 工事期間 | D24: =基本データ!D7 -> 45791
E25: =基本データ!D9 -> 306 | F25: 日間
D26: =基本データ!D8 -> 46096
B28: ５ 請負金額 | D28: =IF(ISBLANK(基本データ!D24),基本データ!D23,IF(基本データ!D24>=0,基本データ!D24)) -> 300000000
A32: 上記の工事について、次の理由により工期の延長を申請します。
B34: 延期理由
B43: 延期による工事完成期限又は期間 令和 年 月 日
B45: 又は 日間

Sheet 32
A3: 支 給 品 受 領 書
A5: 土浦市 殿
A6: 年 月 日
F7: 受注者(住所) | G7: =基本データ!D14 -> 土浦市大和町○○番○号
F8: (氏名) | G8: =基本データ!D15 -> ○○○○ (株)
F9: (現場代理人氏名) | H9: =基本データ!D19 -> 土浦 二郎 | J9: 印
A10: 下記のとおり支給品を受領しました。
A12: 記
A14: 工事名 | B14: =基本データ!D5 -> ○○○○○○○○○○○○○○○○○○○○○○○○○○○○○○○○○工事 | G14: 契約日 | I14: =基本データ!D25 -> 45790
A15: 品 名 | B15: 規格 | D15: 単位 | E15: 数 量 | I15: 備 考
E16: 前回まで | F16: 今回 | G16: 累計
A23: 備考 1 監督職員経由で担当課に提出

Sheet 33
A1: 様式第7号(第21条関係)
H2: 年 月 日
B4: (あて先)土浦市長
E6: 所 在 | G6: =基本データ!D14 -> 土浦市大和町○○番○号
D7: 請負人(受託者) | E7: 商 号 | G7: =基本データ!D15 -> ○○○○ (株)
E8: 代表者名 | G8: =基本データ!D18 -> 代表取締役 土浦 太郎
A9: 残 材 返 品 調 書
A10: 年 月 日に引渡しを受けた(支給材料・貸与品)について、残材が生じたので下記の材料を返品します。
A12: 記
A13: 工事(業務委託) 番号及び件名 | C13: =基本データ!D4&CHAR(10)&基本データ!D5 -> 土下維工 第○○号 ○○○○○○○○○○○○○○○○○○○○○○○○○○○○○○○○○工事 | F13: 工事(委託)場所 | H13: =基本データ!D6 -> 土浦市 田中町 地内
A14: 保 管 場 所
A15: 品名 | D15: 形状・寸法・品質 | E15: 数 量 | G15: 単 位 | H15: 摘要

Sheet 34
A1: 様式第8号(第25条関係)
I2: 年 月 日
A3: 現 場 発 生 材 報 告 書
A4: (報告先)土浦市長
H6: 所 在 | I6: =基本データ!D14 -> 土浦市大和町○○番○号
F7: 請負人(受託者) | H7: 商 号 | I7: =基本データ!D15 -> ○○○○ (株)
H8: 代表者氏名 | I8: =基本データ!D18 -> 代表取締役 土浦 太郎
B10: 工事等の施工等に伴い現場発生材が生じたので、下記のとおり報告します。
A12: 記
A14: 工事(業務委託) 番号及び件名 | C14: =基本データ!D4&CHAR(10)&基本データ!D5 -> 土下維工 第○○号 ○○○○○○○○○○○○○○○○○○○○○○○○○○○○○○○○○工事
A15: 工 事 ( 委 託 ) 場 所 | C15: =基本データ!D6 -> 土浦市 田中町 地内 | G15: 保管場所
A16: 品名 | D16: 形状・寸法・品質 | F16: 数 量 | H16: 単 位 | I16: 摘要

Sheet 37
A1: 様式第８号（第１６条関係）
A3: 工 事 完 成 届
M6: 令和 年 月 日
B9: （届出先）土 浦 市 長
I12: 所 在 | J12: =基本データ!D14 -> 土浦市大和町○○番○号
H13: 請 負 者 | I13: 商 号 | J13: =基本データ!D15 -> ○○○○ (株)
I14: 代表者名 | J14: =基本データ!D18&" ㊞" -> 代表取締役 土浦 太郎 ㊞
B17: 下記の工事について、令和 年 月 日完成したので、土浦市請負工事及び委託業務執行規則第１６条の規定に基づき届け出ます。
G20: 記
B22: １ | C22: 工事番号及び | E22: =基本データ!D4 -> 土下維工 第○○号
C23: 工事件名 | E23: =基本データ!D5 -> ○○○○○○○○○○○○○○○○○○○○○○○○○○○○○○○○○工事
B25: ２ | C25: 工事場所 | E25: =基本データ!D6 -> 土浦市 田中町 地内
B27: ３ | C27: 契約年月日 | E27: =基本データ!D25 -> 45790
B29: ４ | C29: 工事期間 | E29: 自 | G29: =基本データ!D7 -> 45791
I30: =基本データ!D9 -> 306 | J30: 日間
E31: 至 | G31: =基本データ!D8 -> 46096
B33: ５ | C33: 請負金額 | E33: =IF(ISBLANK(基本データ!D24),基本データ!D23,IF(基本データ!D24>=0,基本データ!D24)) -> 300000000

Sheet 38
U1: 工事主要材料使用総括表 | BF1: （Ⅰ）
B3: 工事番号 | G3: =基本データ!D4 -> 土下維工 第○○号 | AE3: 事務所名 | AJ3: 土浦市 | BF3: 受注者 | BN3: =基本データ!D15 -> ○○○○ (株)
B4: 工事名 | G4: =基本データ!D5 -> ○○○○○○○○○○○○○○○○○○○○○○○○○○○○○○○○○工事 | AE4: 監督員 | AJ4: =基本データ!D11 -> 技師 ○○ ○○ | BB4: 印 | BF4: 現場代理人又は
B5: 工期 | H5: =TEXT((基本データ!D7),"ggge年M月d日")&"～"&TEXT((基本データ!D8),"ggge年M月d日") -> 令和7年5月14日～令和8年3月15日 | AE5: 監督員 | BB5: 印 | BF5: 施工管理担当者 | BN5: =基本データ!D19 -> 土浦 二郎 | CA5: 印
A7: 材 料 名 称 | U7: 設 計 内 容 | AX7: 数 量 | BL7: 差 | BR7: 備 考
A8: 名 称 | K8: 規 格 形 状 寸 法 | U8: 工 種 | AB8: 名 称 | AI8: 細 別 | AP8: 単 位 | AR8: 数 量 | AX8: 単 位 | AZ8: ① 設 計 | BF8: ② 納 入 | BL8: ②－①
U22: 工事主要材料使用総括表 | BF22: （Ⅱ）
A25: 材 料 名 称 | U25: 設 計 内 容 | AX25: 数 量 | BL25: 差 | BR25: 備 考
A26: 名 称 | K26: 規 格 形 状 寸 法 | U26: 工 種 | AB26: 名 称 | AI26: 細 別 | AP26: 単 位 | AR26: 数 量 | AX26: 単 位 | AZ26: ① 設 計 | BF26: ② 納 入 | BL26: ②－①

Sheet 40
A1: 様式第３号①
A2: 高度技術・創意工夫・社会性等に関する実施状況報告書
A5: 工 事 名 | B5: =基本データ!D4&CHAR(10)&基本データ!D5 -> 土下維工 第○○号 ○○○○○○○○○○○○○○○○○○○○○○○○○○○○○○○○○工事 | D5: 請負者名 | E5: =基本データ!D15 -> ○○○○ (株)
A6: 項 目 | B6: 評 価 内 容 | C6: 備 考
A7: □高度技術 | B7: □施工規模
B8: □構造物固有 | C8: 複雑な形状の構造物
A9: 工事全体を通 | C9: 既設構造物の補強、特殊な撤去工事
A10: して他の類似 | B10: □技術固有 | C10: 特殊な工種及び工法
A11: 工事に比べ | C11: 新工法（機器類を含む）及び新材料の適用
A12: て、特異な技 | B12: □自然・地盤条件 | C12: 湧水、地下水の影響
A13: 術力 | C13: 軟弱地盤、支持地盤の状況
C14: 制約の厳しい工事用道路・作業スペース等
C15: 気象現象の影響
C16: 地滑り、急流河川、潮流等、動植物等
B17: □周辺環境等、社 | C17: 埋設物等の地中内の作業障害物
B18: 会条件 | C18: 鉄道・供用中の道路・建築物等の近接施工
C19: 騒音・震動・水質汚濁等環境対策
C20: 作業スペース制約・現道上の交通規制
C21: 廃棄物処理
B22: □現場での対応 | C22: 災害等での臨機の処置
C23: 施工状況（条件）の変化への対応
B24: □ その他
A25: □創意工夫 | B25: □準備・後片付け
B26: □施工関係 | C26: 施工に伴う機械、器具、工具、装置類
A27: 「高度技術」 | C27: 二次製品、代替製品の利用
A28: で評価するほ | C28: 施工方法の工夫
A29: どでない軽微 | C29: 施工環境の改善
A30: な工夫 | C30: 仮設計画の工夫
C31: 施工管理、品質管理の工夫
B32: □品質関係
B33: □安全衛生関係 | C33: 安全施設・仮設備の配慮
C34: 安全教育・講習会・パトロールの工夫
C35: 作業環境の改善
C36: 交通事故防止の工夫
B37: □施工管理関係
B38: □その他
A39: □社会性等 | B39: □地域への貢献等 | C39: 地域の自然環境保全、動植物の保護
C40: 現場環境の地域への調和
A41: 地域社会や住 | C41: 地域住民とのコミュニケーション
A42: 民対する貢献 | C42: ボランティアの実施
A45: １．該当する項目の□にﾚマーク記入。
A46: ２．具体的内容の説明として、写真・ポンチ絵等を説明資料に整理。
A53: 様式第３号②
A55: 高度技術・創意工夫・社会性等に関する実施状況報告書（説明資料）
A58: 工 事 名 | B58: =基本データ!D5 -> ○○○○○○○○○○○○○○○○○○○○○○○○○○○○○○○○○工事 | E58: ／
A59: 項 目 | C59: 評 価 内 容
A60: 提 案 内 容
A61: (説 明)
A62: (添付図）
A65: 説明資料は簡潔に作成するものとし、必要に応じて別葉とする。

Sheet 42-1
A1: 様式第031号
A3: 建設業退職金共済制度掛金充当実績総括表
AF5: 年 | AI5: 月 | AL5: 日
A6: 発注者
B7: 土浦市長 安藤 真理子 | R7: 殿
T9: 受注者
U10: 住所 | W10: =基本データ!D14 -> 土浦市大和町○○番○号
U12: 名称 | W12: =基本データ!D15 -> ○○○○ (株)
B13: 共済契約者番号
B16: 建設キャリアアップシステム事業者ID
D17: =基本データ!D16 -> T1234567890122
B19: 工事番号および工事名
D20: =基本データ!D4&" "&基本データ!D5 -> 土下維工 第○○号 ○○○○○○○○○○○○○○○○○○○○○○○○○○○○○○○○○工事
B22: 建設キャリアアップシステム現場ID
B25: 工事期間
L26: 年 | O26: 月 | R26: 日 | T26: ～ | Z26: 年 | AC26: 月 | AF26: 日
B28: 上記工事に係る建設業退職金共済制度の掛金充当実績について、以下のとおり報告します。
A30: （１） | B30: 工事全体
B32: 労働者延べ就労日数 | AK32: 人日
B34: 本工事に従事した事業者数（元請を含む） | AL34: 者
B36: 本工事に従事した労働者数 | AL36: 人
A38: （２） | B38: 建退共対象労働者
B40: 建退共対象労働者延べ就労日数（掛金充当日数） | AK40: 人日
C42: 採用した方式
N43: 電子申請方式 | X43: 証紙貼付方式
B45: ・ | C45: 事業者数（元請を含む） | AL45: 者
B47: ・ | C47: 対象労働者数 | AL47: 人
A49: （参考：工事全体の数を記入すること）
B51: ・ | C51: 建設キャリアアップシステムによる就労履歴数 | AK51: 人日
B53: ・ | C53: 建設キャリアアップシステムの施工体制を登録した事業者数 | AL53: 者
B55: ・ | C55: 建設キャリアアップシステムの作業員登録を行った労働者数 | AL55: 人

Sheet 42-2
B1: （様式第032号）
B2: 工 事 別 共 済 証 紙 受 払 簿 （３２０円）
B3: 発注者名 | H3: 土浦市長 安藤 真理子
B4: 工事番号および 工事名 | H4: =基本データ!D4&CHAR(10)&基本データ!D5 -> 土下維工 第○○号 ○○○○○○○○○○○○○○○○○○○○○○○○○○○○○○○○○工事
B5: 建設キャリアアップシステム 現場I D
B7: 共済契約者名 | G7: =基本データ!D4 -> 土下維工 第○○号 | Y7: 工 事 期 間
AD8: 年 | AF8: 月 | AH8: 日 | AJ8: ◎ | AK8: この受払簿は、工事完成後、発注者に提示するものですので、
B9: ①共済契約成立年月日 | H9: （ Ｓ・ Ｈ ・ R） | P9: 年 | S9: 月 | U9: 日 | AK9: 正確に記載してください。
AE10: ～
B11: ②共済契約者番号 | N11: － | AD11: 年 | AF11: 月 | AH11: 日 | AJ11: ◎ | AK11: この受払簿は、受入・払出の都度、所定欄を記載し、
AK12: 工事毎に合計を出して整理してください。
B13: ③建設キャリアアップシステム事業者ID | M13: =基本データ!D16 -> T1234567890122
B15: 受入・払出 | H15: 受 入 | T15: 払 出 | AG15: 残 高 | AJ15: 払出欄の内訳 | AU15: 備 考
B16: 年 月 日 | H16: 購 入 | P16: 計 (A) | T16: 貼 付（自社） | X16: 下請へ交付 | AC16: 計 （Ｂ） | AG16: （Ａ）－（Ｂ） | AJ16: 貼付人員（自社） | AM16: 貼付人員（下請） | AP16: 就労月
B17: 前期繰越 | S17: 日分
H19: 金融機関名 | O19: 日分 | S19: 日分 | X19: 下請名 | AI19: 日分 | AL19: 人 | AO19: 人
C20: 年 | E20: 月 | G20: 日 | P20: =IF(F20="","",P17+L20) | AC20: =IF(F20="","",T20+X20) | AG20: =IF(F20="","",P20-AC20) | AQ20: 年 | AS20: 月分
W21: 日分 | AB21: 日分 | AF21: 日分
H22: 金融機関名 | O22: 日分 | S22: 日分 | X22: 下請名 | AI22: 日分 | AL22: 人 | AO22: 人
C23: 年 | E23: 月 | G23: 日 | P23: =IF(F23="","",P20+L23) | AC23: =IF(F23="","",AC20+T23+X23) | AG23: =IF(F23="","",P23-AC23) | AQ23: 年 | AS23: 月分
W24: 日分 | AB24: 日分 | AF24: 日分
H25: 金融機関名 | O25: 日分 | S25: 日分 | X25: 下請名 | AI25: 日分 | AL25: 人 | AO25: 人
C26: 年 | E26: 月 | G26: 日 | P26: =IF(F26="","",P23+L26) | AC26: =IF(F26="","",AC23+T26+X26) | AG26: =IF(F26="","",P26-AC26) | AQ26: 年 | AS26: 月分
W27: 日分 | AB27: 日分 | AF27: 日分
H28: 金融機関名 | O28: 日分 | S28: 日分 | X28: 下請名 | AI28: 日分 | AL28: 人 | AO28: 人
C29: 年 | E29: 月 | G29: 日 | P29: =IF(F29="","",P26+L29) | AC29: =IF(F29="","",AC26+T29+X29) | AG29: =IF(F29="","",P29-AC29) | AQ29: 年 | AS29: 月分
W30: 日分 | AB30: 日分 | AF30: 日分
H31: 金融機関名 | O31: 日分 | S31: 日分 | X31: 下請名 | AI31: 日分 | AL31: 人 | AO31: 人
C32: 年 | E32: 月 | G32: 日 | P32: =IF(F32="","",P29+L32) | AC32: =IF(F32="","",AC29+T32+X32) | AG32: =IF(F32="","",P32-AC32) | AQ32: 年 | AS32: 月分
W33: 日分 | AB33: 日分 | AF33: 日分
H34: 金融機関名 | O34: 日分 | S34: 日分 | X34: 下請名 | AI34: 日分 | AL34: 人 | AO34: 人
C35: 年 | E35: 月 | G35: 日 | P35: =IF(F35="","",P32+L35) | AC35: =IF(F35="","",AC32+T35+X35) | AG35: =IF(F35="","",P35-AC35) | AQ35: 年 | AS35: 月分
W36: 日分 | AB36: 日分 | AF36: 日分
H37: 金融機関名 | O37: 日分 | S37: 日分 | X37: 下請名 | AI37: 日分 | AL37: 人 | AO37: 人
C38: 年 | E38: 月 | G38: 日 | P38: =IF(F38="","",P35+L38) | AC38: =IF(F38="","",AC35+T38+X38) | AG38: =IF(F38="","",P38-AC38) | AQ38: 年 | AS38: 月分
W39: 日分 | AB39: 日分 | AF39: 日分
H40: 金融機関名 | O40: 日分 | S40: 日分 | X40: 下請名 | AI40: 日分 | AL40: 人 | AO40: 人
C41: 年 | E41: 月 | G41: 日 | P41: =IF(F41="","",P38+L41) | AC41: =IF(F41="","",AC38+T41+X41) | AG41: =IF(F41="","",P41-AC41) | AQ41: 年 | AS41: 月分
W42: 日分 | AB42: 日分 | AF42: 日分
H43: 金融機関名 | O43: 日分 | S43: 日分 | X43: 下請名 | AI43: 日分 | AL43: 人 | AO43: 人
C44: 年 | E44: 月 | G44: 日 | P44: =IF(F44="","",P41+L44) | AC44: =IF(F44="","",AC41+T44+X44) | AG44: =IF(F44="","",P44-AC44) | AQ44: 年 | AS44: 月分
W45: 日分 | AB45: 日分 | AF45: 日分
H46: 金融機関名 | O46: 日分 | S46: 日分 | X46: 下請名 | AI46: 日分 | AL46: 人 | AO46: 人
C47: 年 | E47: 月 | G47: 日 | P47: =IF(F47="","",P44+L47) | AC47: =IF(F47="","",AC44+T47+X47) | AG47: =IF(F47="","",P47-AC47) | AQ47: 年 | AS47: 月分
W48: 日分 | AB48: 日分 | AF48: 日分
H49: 金融機関名 | O49: 日分 | S49: 日分 | X49: 下請名 | AI49: 日分 | AL49: 人 | AO49: 人
C50: 年 | E50: 月 | G50: 日 | P50: =IF(F50="","",P47+L50) | AC50: =IF(F50="","",AC47+T50+X50) | AG50: =IF(F50="","",P50-AC50) | AQ50: 年 | AS50: 月分
W51: 日分 | AB51: 日分 | AF51: 日分
B52: 工事期間内 の 合 計 | O52: 日分 | P52: （頁計） | W52: 日分 | AB52: 日分 | AF52: 日分 | AI52: 日分 | AJ52: （頁計） | AM52: （頁計） | AV52: =IF(SUM(AW21,AW24,AW27,AW30,AW33,AW36,AW39,AW42,AW45,AW48,AW51,)=0,"",SUM(AW21,AW24,AW27,AW30,AW33,AW36,AW39,AW42,AW45,AW48,AW51,))
L53: （頁計） | M53: =IF(SUM(L20,L23,L26,L29,L32,L35,L38,L41,L44,L47,L50,)=0,0,SUM(L20,L23,L26,L29,L32,L35,L38,L41,L44,L47,L50,)) -> 0 | P53: =M53 -> 0 | S53: 日分 | T53: （頁計） | U53: =SUM(T20,T23,T26,T29,T32,T35,T38,T41,T44,T47,T50) -> 0 | X53: （頁計） | Y53: =SUM(X20,X23,X26,X29,X32,X35,X38,X41,X44,X47,X50,) -> 0 | AC53: （頁計） | AD53: =U53+Y53 -> 0 | AG53: =AG50 | AJ53: =SUM(AJ20,AJ23,AJ26,AJ29,AJ32,AJ35,AJ38,AJ41,AJ44,AJ47,AJ50,) -> 0 | AL53: 人 | AM53: =SUM(AM20,AM23,AM26,AM29,AM32,AM35,AM38,AM41,AM44,AM47,AM50,) -> 0 | AO53: 人
L54: （累計） | M54: =IF(SUM(L20,L23,L26,L29,L32,L35,L38,L41,L44,L47,L50,)=0,0,SUM(L20,L23,L26,L29,L32,L35,L38,L41,L44,L47,L50,)) -> 0 | T54: （累計） | U54: =SUM(T20,T23,T26,T29,T32,T35,T38,T41,T44,T47,T50,) -> 0 | X54: （累計） | Y54: =SUM(X20,X23,X26,X29,X32,X35,X38,X41,X44,X47,X50,) -> 0 | AC54: （累計） | AD54: =U54+Y54 -> 0
O55: 円 | P55: （累計） | W55: 円 | AB55: 円 | AF55: 円 | AJ55: （累計） | AM55: （頁計）
L56: （頁計） | M56: =M53*320 -> 0 | P56: =M54 -> 0 | S56: 日分 | T56: （頁計） | U56: =U53*320 -> 0 | X56: （頁計） | Y56: =Y53*320 -> 0 | AC56: （頁計） | AD56: =AD53*320 -> 0 | AJ56: =AJ53 -> 0 | AL56: 人 | AM56: =AM53 -> 0 | AO56: 人
L57: （累計） | M57: =M53*320 -> 0 | T57: （累計） | U57: =U54*320 -> 0 | X57: （累計） | Y57: =Y54*320 -> 0 | AC57: （累計） | AD57: =AD54*320 -> 0
F59: 注1： | K59: の箇所に必要事項入力。（受入・払出年月日を入力しないと、数字が表示されません）
F60: 注2： | H60: ページを増やす際は、最後のページを（121行目～180行目を行ごと）コピーし、181行目に挿入します。（他のページをコピーすると数式が壊れます。）
B61: （様式第032号）
B62: 工 事 別 共 済 証 紙 受 払 簿 （３２０円）
B63: 発注者名 | I63: =IF($H$3="","",$H$3) -> 土浦市長 安藤 真理子
B64: 工事番号および 工事名 | I64: =IF($H$4="","",$H$4) -> 土下維工 第○○号 ○○○○○○○○○○○○○○○○○○○○○○○○○○○○○○○○○工事
B65: 建設キャリアアップシステム 現場I D | I65: =IF($I$5="","",$I$5)
B67: 共済契約者名 | G67: =IF($G$7="","",$G$7) -> 土下維工 第○○号 | Y67: 工 事 期 間
AB68: =IF($AB$8="","",$AB$8) | AC68: =IF(AC8="","",AC8) | AD68: 年 | AE68: =IF($AE$8="","",$AE$8) | AF68: 月 | AG68: =IF($AG$8="","",$AG$8) | AH68: 日 | AJ68: ◎ | AK68: この受払簿は、工事完成後、発注者に提示するものですので、
B69: ①共済契約成立年月日 | H69: （ Ｓ・ Ｈ ・ R） | O69: =IF($O$9="","",$O$9) | P69: 年 | R69: =IF($R$9="","",$R$9) | S69: 月 | T69: =IF($T$9="","",$T$9) | U69: 日 | AK69: 正確に記載してください。
AE70: ～
B71: ②共済契約者番号 | L71: =IF($L$11="","",$L$11) | M71: =IF(M11="","",M11) | N71: － | O71: =IF($O$11="","",$O$11) | P71: =IF(P11="","",P11) | Q71: =IF(Q11="","",Q11) | R71: =IF(R11="","",R11) | S71: =IF(S11="","",S11) | T71: =IF(T11="","",T11) | AB71: =IF($AB$11="","",$AB$11) | AD71: 年 | AE71: =IF($AE$11="","",$AE$11) | AF71: 月 | AG71: =IF($AG$11="","",$AG$11) | AH71: 日 | AJ71: ◎ | AK71: この受払簿は、受入・払出の都度、所定欄を記載し、
AK72: 工事毎に合計を出して整理してください。
B73: ③建設キャリアアップシステム事業者ID | M73: =IF($M$13="","",$M$13) -> T1234567890122 | N73: =IF(N13="","",N13) | O73: =IF(O13="","",O13) | P73: =IF(P13="","",P13) | Q73: =IF(Q13="","",Q13) | R73: =IF(R13="","",R13) | S73: =IF(S13="","",S13) | T73: =IF(T13="","",T13) | U73: =IF(U13="","",U13) | ... X73: =IF(X13="","",X13)
B75: 受入・払出 | H75: 受 入 | T75: 払 出 | AG75: 残 高 | AJ75: 払出欄の内訳 | AU75: 備 考
B76: 年 月 日 | H76: 購 入 | P76: 計 (A) | T76: 貼 付（自社） | X76: 下請へ交付 | AC76: 計 （Ｂ） | AG76: （Ａ）－（Ｂ） | AJ76: 貼付人員（自社） | AM76: 貼付人員（下請） | AP76: 就労月
B77: 前頁繰越 | P77: =IF(P50="","",P50) | S77: 日分 | AC77: =IF(AC50="","",AC50) | AF77: 日分
H79: 金融機関名 | O79: 日分 | S79: 日分 | X79: 下請名 | AI79: 日分 | AL79: 人 | AO79: 人
C80: 年 | E80: 月 | G80: 日 | P80: =IF(F80="","",P77+L80) | AC80: =IF(F80="","",T80+AC77+X80) | AG80: =IF(F80="","",P80-AC80) | AQ80: 年 | AS80: 月分
W81: 日分 | AB81: 日分 | AF81: 日分
H82: 金融機関名 | O82: 日分 | S82: 日分 | X82: 下請名 | AI82: 日分 | AL82: 人 | AO82: 人
C83: 年 | E83: 月 | G83: 日 | P83: =IF(F83="","",P80+L83) | AC83: =IF(F83="","",AC80+T83+X83) | AG83: =IF(F83="","",P83-AC83) | AQ83: 年 | AS83: 月分
W84: 日分 | AB84: 日分 | AF84: 日分
H85: 金融機関名 | O85: 日分 | S85: 日分 | X85: 下請名 | AI85: 日分 | AL85: 人 | AO85: 人
C86: 年 | E86: 月 | G86: 日 | P86: =IF(F86="","",P83+L86) | AC86: =IF(F86="","",AC83+T86+X86) | AG86: =IF(F86="","",P86-AC86) | AQ86: 年 | AS86: 月分
W87: 日分 | AB87: 日分 | AF87: 日分
H88: 金融機関名 | O88: 日分 | S88: 日分 | X88: 下請名 | AI88: 日分 | AL88: 人 | AO88: 人
C89: 年 | E89: 月 | G89: 日 | P89: =IF(F89="","",P86+L89) | AC89: =IF(F89="","",AC86+T89+X89) | AG89: =IF(F89="","",P89-AC89) | AQ89: 年 | AS89: 月分
W90: 日分 | AB90: 日分 | AF90: 日分
H91: 金融機関名 | O91: 日分 | S91: 日分 | X91: 下請名 | AI91: 日分 | AL91: 人 | AO91: 人
C92: 年 | E92: 月 | G92: 日 | P92: =IF(F92="","",P89+L92) | AC92: =IF(F92="","",AC89+T92+X92) | AG92: =IF(F92="","",P92-AC92) | AQ92: 年 | AS92: 月分
W93: 日分 | AB93: 日分 | AF93: 日分
H94: 金融機関名 | O94: 日分 | S94: 日分 | X94: 下請名 | AI94: 日分 | AL94: 人 | AO94: 人
C95: 年 | E95: 月 | G95: 日 | P95: =IF(F95="","",P92+L95) | AC95: =IF(F95="","",AC92+T95+X95) | AG95: =IF(F95="","",P95-AC95) | AQ95: 年 | AS95: 月分
W96: 日分 | AB96: 日分 | AF96: 日分
H97: 金融機関名 | O97: 日分 | S97: 日分 | X97: 下請名 | AI97: 日分 | AL97: 人 | AO97: 人
C98: 年 | E98: 月 | G98: 日 | P98: =IF(F98="","",P95+L98) | AC98: =IF(F98="","",AC95+T98+X98) | AG98: =IF(F98="","",P98-AC98) | AQ98: 年 | AS98: 月分
W99: 日分 | AB99: 日分 | AF99: 日分
H100: 金融機関名 | O100: 日分 | S100: 日分 | X100: 下請名 | AI100: 日分 | AL100: 人 | AO100: 人
C101: 年 | E101: 月 | G101: 日 | P101: =IF(F101="","",P98+L101) | AC101: =IF(F101="","",AC98+T101+X101) | AG101: =IF(F101="","",P101-AC101) | AQ101: 年 | AS101: 月分
W102: 日分 | AB102: 日分 | AF102: 日分
H103: 金融機関名 | O103: 日分 | S103: 日分 | X103: 下請名 | AI103: 日分 | AL103: 人 | AO103: 人
C104: 年 | E104: 月 | G104: 日 | P104: =IF(F104="","",P101+L104) | AC104: =IF(F104="","",AC101+T104+X104) | AG104: =IF(F104="","",P104-AC104) | AQ104: 年 | AS104: 月分
W105: 日分 | AB105: 日分 | AF105: 日分
H106: 金融機関名 | O106: 日分 | S106: 日分 | X106: 下請名 | AI106: 日分 | AL106: 人 | AO106: 人
C107: 年 | E107: 月 | G107: 日 | P107: =IF(F107="","",P104+L107) | AC107: =IF(F107="","",AC104+T107+X107) | AG107: =IF(F107="","",P107-AC107) | AQ107: 年 | AS107: 月分
...

Sheet 42参考1
B1: 建退共事務受託様式第２号
B5: 建退共制度に係る被共済者就労状況報告書
B6: （兼建設業退職金共済証紙交付依頼書）
V8: 整理番号
Y10: 年 | AA10: 月 | AC10: 日
B12: 交付元
B13: 事業所
G16: 報告事業所
G18: 住所〒
G20: 電 話 番 号
G21: 共済契約者
G22: 番 号
G23: 建設キャリアアップシステム
G24: 事業者I D
G25: 工事番号および
G26: 工事名
G28: 工 事 コード
G29: 建設キャリアアップシステム
G30: 現場I D
C32: 以下のとおり報告します。
M34: 記
C36: 期 間 | H36: 年 | J36: 月 | L36: 日 | N36: ～ | Q36: 年 | S36: 月 | U36: 日 | Y36: 現場責任者確認
C38: 被共済者数 | J38: 人 | L38: 延べ就労日数 | T38: 日
B44: 建 設 業 退 職 金 共 済 証 紙 受 領 書
V46: 整理番号
B48: 交付元
B49: 事業所
K52: １日券 | S52: 枚
K55: １０日券 | S55: 枚 | W55: =IF(AND(N51="",N54=""),"",IF(Q38=(N51+(N54*10)),"","請求に対する受領枚数エラー"))
C58: 上記の共済証紙を受領いたしました。
Y59: 年 | AA59: 月 | AC59: 日
Z61: 受領者確認
L64: 報告事業所

Sheet 42参考3
A1: 建退共事務受託様式第３号
A3: 建 設 業 退 職 金 共 済 証 紙 貼 付 状 況 報 告 書
AN5: 報告日 | AT5: 年 | AV5: 月 | AX5: 日
A7: 元 請 名 | H7: =基本データ!D15 -> ○○○○ (株) | Y7: 殿 | AA7: 共済契約者（下請）名
A8: 工事番号および 工事名 | H8: =基本データ!D4&" "&基本データ!D5 -> 土下維工 第○○号 ○○○○○○○○○○○○○○○○○○○○○○○○○○○○○○○○○工事 | AA8: 共済契約者番号 | AL8: －
A9: 工 事 コ ー ド | AA9: 建設キャリアアップシステム 事業者I D
A11: 建設キャリアアップシステム 現場I D | AP11: 年 | AS11: 月 | AV11: 日
AA12: 工 期 | AQ12: ～
A13: 被 共 済 者 数 | J13: 人 | P13: 延べ就労日数 | W13: 日 | AP13: 年 | AS13: 月 | AV13: 日
B15: ＜ | D15: 月分＞ もしくは ＜工事終了日 | O15: 年 | Q15: 月 | S15: 日＞
A17: 受 入 | L17: 貼 付 | Z17: 払 出 | AV17: 証紙残枚数
A18: 受入年月日 | G18: 受入枚数 | L18: 貼付年月日 | R18: 被共済者数 | V18: 共済手帳への証紙貼付枚数 | Z18: 払出年月日 | AF18: 下 請 名 | AN18: 被共済者数 | AR18: 払出枚数
K19: 枚 | U19: 人 | Y19: 枚 | AQ19: 人 | AU19: 枚 | AY19: 枚
B20: 年 | D20: 月 | F20: 日 | M20: 年 | O20: 月 | Q20: 日 | AA20: 年 | AC20: 月 | AE20: 日 | AV20: =IF(E20="","",G20-V20-AR20)
K22: 枚 | U22: 人 | Y22: 枚 | AQ22: 人 | AU22: 枚 | AY22: 枚
B23: 年 | D23: 月 | F23: 日 | M23: 年 | O23: 月 | Q23: 日 | AA23: 年 | AC23: 月 | AE23: 日 | AV23: =IF(AND(E23="",P23="",AD23=""),"",AV20+G23-V23-AR23)
K25: 枚 | U25: 人 | Y25: 枚 | AQ25: 人 | AU25: 枚 | AY25: 枚
B26: 年 | D26: 月 | F26: 日 | M26: 年 | O26: 月 | Q26: 日 | AA26: 年 | AC26: 月 | AE26: 日 | AV26: =IF(AND(E26="",P26="",AD26=""),"",AV23+G26-V26-AR26)
K28: 枚 | U28: 人 | Y28: 枚 | AQ28: 人 | AU28: 枚 | AY28: 枚
B29: 年 | D29: 月 | F29: 日 | M29: 年 | O29: 月 | Q29: 日 | AA29: 年 | AC29: 月 | AE29: 日 | AV29: =IF(AND(E29="",P29="",AD29=""),"",AV26+G29-V29-AR29)
K31: 枚 | U31: 人 | Y31: 枚 | AQ31: 人 | AU31: 枚 | AY31: 枚
B32: 年 | D32: 月 | F32: 日 | M32: 年 | O32: 月 | Q32: 日 | AA32: 年 | AC32: 月 | AE32: 日 | AV32: =IF(AND(E32="",P32="",AD32=""),"",AV29+G32-V32-AR32)
K34: 枚 | U34: 人 | Y34: 枚 | AQ34: 人 | AU34: 枚 | AY34: 枚
B35: 年 | D35: 月 | F35: 日 | M35: 年 | O35: 月 | Q35: 日 | AA35: 年 | AC35: 月 | AE35: 日 | AV35: =IF(AND(E35="",P35="",AD35=""),"",AV32+G35-V35-AR35)
K37: 枚 | U37: 人 | Y37: 枚 | AQ37: 人 | AU37: 枚 | AY37: 枚
B38: 年 | D38: 月 | F38: 日 | M38: 年 | O38: 月 | Q38: 日 | AA38: 年 | AC38: 月 | AE38: 日 | AV38: =IF(AND(E38="",P38="",AD38=""),"",AV35+G38-V38-AR38)
K40: 枚 | U40: 人 | Y40: 枚 | AQ40: 人 | AU40: 枚 | AY40: 枚
B41: 年 | D41: 月 | F41: 日 | M41: 年 | O41: 月 | Q41: 日 | AA41: 年 | AC41: 月 | AE41: 日 | AV41: =IF(AND(E41="",P41="",AD41=""),"",AV38+G41-V41-AR41)
K43: 枚 | U43: 人 | Y43: 枚 | AQ43: 人 | AU43: 枚 | AY43: 枚
B44: 年 | D44: 月 | F44: 日 | M44: 年 | O44: 月 | Q44: 日 | AA44: 年 | AC44: 月 | AE44: 日 | AV44: =IF(AND(E44="",P44="",AD44=""),"",AV41+G44-V44-AR44)
K46: 枚 | U46: 人 | Y46: 枚 | AQ46: 人 | AU46: 枚 | AY46: 枚
B47: 年 | D47: 月 | F47: 日 | M47: 年 | O47: 月 | Q47: 日 | AA47: 年 | AC47: 月 | AE47: 日 | AV47: =IF(AND(E47="",P47="",AD47=""),"",AV44+G47-V47-AR47)
K49: 枚 | U49: 人 | Y49: 枚 | AQ49: 人 | AU49: 枚
A50: 合 計 | G50: =IF(SUM(G20,G23,G26,G29,G32,G35,G38,G41,G44,G47)=0,"",SUM(G20,G23,G26,G29,G32,G35,G38,G41,G44,G47)) | L50: 合 計 | R50: =IF(SUM(R20,R23,R26,R29,R32,R35,R38,R41,R44,R47)=0,"",SUM(R20,R23,R26,R29,R32,R35,R38,R41,R44,R47)) | V50: =IF(SUM(V20,V23,V26,V29,V32,V35,V38,V41,V44,V47)=0,"",SUM(V20,V23,V26,V29,V32,V35,V38,V41,V44,V47)) | Z50: 合 計 | AN50: =IF(SUM(AN20,AN23,AN26,AN29,AN32,AN35,AN38,AN41,AN44,AN47)=0,"",SUM(AN20,AN23,AN26,AN29,AN32,AN35,AN38,AN41,AN44,AN47)) | AR50: =IF(SUM(AR20,AR23,AR26,AR29,AR32,AR35,AR38,AR41,AR44,AR47)=0,"",SUM(AR20,AR23,AR26,AR29,AR32,AR35,AR38,AR41,AR44,AR47))
B53: 以上のとおり報告致します。

Sheet 46-1
A2: （別 紙 １） | I2: 担当課長
C4: 説 明 書
J6: 令和 年 月 日
A8: 土 浦 市 長 殿
C11: 商号又は名称及び | E11: =基本データ!D15 -> ○○○○ (株)
C12: 代表者の氏名 | E12: =基本データ!D18 -> 代表取締役 土浦 太郎
C13: ="（郵便番号 "&基本データ!D13&"） 電話番号 "&基本データ!D17 -> （郵便番号 300-8686） 電話番号 029-826-1111
C14: 住 所 | E14: =基本データ!D14 -> 土浦市大和町○○番○号
A17: 建設工事に係る資材の再資源化等に関する法律第１２条第１項の規定により、
A18: 対象建設工事の分別解体等の計画等に係る事項について説明します。
A21: 記
C23: =基本データ!D4 -> 土下維工 第○○号
A24: １．工事の名称 | C24: =基本データ!D5 -> ○○○○○○○○○○○○○○○○○○○○○○○○○○○○○○○○○工事
A26: ２．工事の場所 | C26: =基本データ!D6 -> 土浦市 田中町 地内
A28: ３．説明内容 添付資料のとおり
A30: ４．添付資料
A31: ①別紙（別紙２～４のうち該当するものに必要事項を記載したもの）
A32: □別紙２（建築物に係る解体工事）
A33: □別紙３（建築物に係る新築工事等〈新築・増築・修繕・模様替〉）
A34: □別紙４（建築物以外のものに係る解体工事又は新築工事等〈土木工事等〉）
A35: ②工程の概要を示す資料（できるだけ図面、表等を利用する。）
A37: □欄には、該当箇所に「レ」を付すこと。

Sheet 46-2
A2: （別紙２）
A3: 建築物に係る解体工事
A5: １．分別解体等の方法
A6: 工程ごとの作業内容及び解体方法 | B6: 工 程 | C6: 作業内容 | D6: 分別解体等の方法
B7: ①建築設備・ | C7: 建築設備・内装材等の取り外し | D7: □手作業
B8: 内装材等 | C8: □有 □無 | D8: □手作業・機械作業の併用
D9: 併用の場合の理由（ ）
B10: ②屋根ふき材 | C10: 屋根ふき材の取り外し | D10: □手作業
C11: □有 □無 | D11: □手作業・機械作業の併用
D12: 併用の場合の理由（ ）
B13: ③外装材・ | C13: 外装材・上部構造部分の取り壊し | D13: □手作業
B14: 上部構造部分 | C14: □有 □無 | D14: □手作業・機械作業の併用
B15: ④基礎・ | C15: 基礎・基礎ぐいの取り壊し | D15: □手作業
B16: 基礎ぐい | C16: □有 □無 | D16: □手作業・機械作業の併用
B17: ⑤その他 | C17: その他の取り壊し | D17: □手作業
B18: （ ） | C18: □有 □無 | D18: □手作業・機械作業の併用
A19: （注）分別解体等の方法については、該当がない場合は記載の必要はない。
A22: ２．解体工事に要する費用（直接工事費） 円（税抜き）
A23: （注） | B23: ・解体工事の場合のみ記載する。
B24: ・解体工事に伴う分別解体及び積込みに要する費用とする。
B25: ・仮設費及び運搬費は含まない。
A28: ３．再資源化等をする施設の名称及び所在地
A29: 特定建設資材廃棄物の種類 | C29: 施設の名称 | D29: 所在地
A36: ４．再資源化等に要する費用（直接工事費） 円（税抜き）
A37: （注） ・運搬費を含む。
A40: （別紙３）
D41: 建築物に係る新築工事等（新築・増築・修繕・模様替）
A43: １．分別解体等の方法
A44: 工程ごとの作業内容及び解体方法 | B44: 工 程 | C44: 作業内容 | D44: 分別解体等の方法
B45: ①造成等 | C45: 造成等の工事 | D45: □手作業
C46: □有 □無 | D46: □手作業・機械作業の併用
B47: ②基礎・ | C47: 基礎・基礎ぐいの工事 | D47: □手作業
B48: 基礎ぐい | C48: □有 □無 | D48: □手作業・機械作業の併用
B49: ③上部構造部分 | C49: 上部構造部分・外装の工事 | D49: □手作業
B50: ・外装 | C50: □有 □無 | D50: □手作業・機械作業の併用
B51: ④屋根 | C51: 屋根の工事 | D51: □手作業
C52: □有 □無 | D52: □手作業・機械作業の併用
B53: ⑤建築設備・ | C53: 建築設備・内装等の工事 | D53: □手作業
B54: 内装等 | C54: □有 □無 | D54: □手作業・機械作業の併用
B55: ⑥その他 | C55: その他の工事 | D55: □手作業
B56: （ ） | C56: □有 □無 | D56: □手作業・機械作業の併用
A57: （注）分別解体等の方法については、該当がない場合は記載の必要はない。
A60: ２．解体工事に要する費用（直接工事費） 該当無し
A63: ３．再資源化等をする施設の名称及び所在地
A64: 特定建設資材廃棄物の種類 | C64: 施設の名称 | D64: 所在地
A71: ４．再資源化等に要する費用（直接工事費） 円（税抜き）
A72: （注） ・運搬費を含む。
A75: （別紙４）
D76: 建築物以外のものに係る解体工事又は新築工事等（土木工事等）
A78: １．分別解体等の方法
A79: 工程ごとの作業内容及び解体方法 | B79: 工 程 | C79: 作業内容 | D79: 分別解体等の方法
B80: ①仮設 | C80: 仮設工事 | D80: □手作業
C81: □有 □無 | D81: □手作業・機械作業の併用
B82: ②土工 | C82: 土工事 | D82: □手作業
C83: □有 □無 | D83: □手作業・機械作業の併用
B84: ③基礎 | C84: 基礎工事 | D84: □手作業
C85: □有 □無 | D85: □手作業・機械作業の併用
B86: ④本体構造 | C86: 本体構造の工事 | D86: □手作業
C87: □有 □無 | D87: □手作業・機械作業の併用
B88: ⑤本体付属品 | C88: 本体付属品の工事 | D88: □手作業
C89: □有 □無 | D89: □手作業・機械作業の併用
B90: ⑥その他 | C90: その他の工事 | D90: □手作業
B91: （ ） | C91: □有 □無 | D91: □手作業・機械作業の併用
A92: （注）分別解体等の方法については、該当がない場合は記載の必要はない。
A95: ２．解体工事に要する費用（直接工事費） 円（税抜き）
A96: （注） | B96: ・解体工事の場合のみ記載する。
B97: ・解体工事に伴う分別解体及び積込みに要する費用とする。
B98: ・仮設費及び運搬費は含まない。
A101: ３．再資源化等をする施設の名称及び所在地
A102: 特定建設資材廃棄物の種類 | C102: 施設の名称 | D102: 所在地
A109: ４．再資源化等に要する費用（直接工事費） 円（税抜き）
A110: （注） ・運搬費を含む。

Sheet 46-①
A1: 別表１ | J1: （Ａ４）
I2: 建築物に係る解体工事
A3: 分別解体等の計画等
A4: 建築物の構造 | D4: □木造 □鉄骨鉄筋コンクリート造 □鉄筋コンクリート造
D5: □鉄骨造 □コンクリートブロック造 □その他（ ）
A6: 建築物に 関する 調査の結果 | C6: 建築物の状況 | D6: 築年数 年、棟数 棟
D7: その他（ ）
C8: 周辺状況 | D8: 周辺にある施設 □住宅 □商業施設 □学校
D9: □病院 □その他（ ）
D10: 敷地境界との最短距離 約 ｍ
D11: その他（ ）
A12: 建築物に 関する 調査の結果 及び 工事着手前 に実施する 措置の内容 | D12: 建築物に関する調査の結果 | H12: 工事着手前に実施する措置の内容
C14: 作業場所 | D14: 作業場所 □十分 □不十分
D15: その他（ ）
C16: 搬出経路 | D16: 障害物 □有（ ） □無
D17: 前面道路の幅員 約 ｍ
D18: 通学路 □有 □無
D19: その他（ ）
C20: 残存物品 | D20: □有（ ）
D21: □無
C22: 特定建設 資材への 付着物 | D22: □有 | E22: □飛散性石綿（吹付け石綿、 石綿吹付けロックウール等） | H22: □飛散性石綿に関する諸官庁届出（大防法、労安 衛法・石綿予防規則）
H23: □飛散性石綿の適正処理の実施
D24: □無 | E24: □非飛散性石綿（石綿含有 ビニール床タイル等） | H24: □非飛散性石綿の適正処理の実施
D25: □有 | E25: ( )
D26: □無 | E26: ( )
C27: その他 | D27: □有 | E27: □飛散性石綿【吹付け】（鉄骨 等の特定建設資材以外のもの に吹付けられた石綿） | H27: □飛散性石綿に関する諸官庁届出（大防法、労安 衛法・石綿予防規則）
E28: □飛散性石綿【吹付けではない】 （石綿を含有する断熱材、 保温材、・耐火被覆材等） | H28: □飛散性石綿の適正処理の実施
D29: □無 | E29: □非飛散性石綿（石綿含有スレ ート板等） | H29: □非飛散性石綿の適正処理の実施
D30: □有 | E30: ( ） | H30: ( ）
D31: □無 | E31: □フロン類使用機器（業務用エアコン、 業務用冷凍冷蔵機器等） | H31: □フロン類回収済み □フロン類回収予定
A32: 工程ごとの作業内容及び解体方法 | B32: 工程 | E32: 作業内容 | I32: 分別解体等の方法
B33: ①建築設備・内装材等 | E33: 建築設備･内装材等の取り外し □有 □無 | I33: □ 手作業
I34: □ 手作業・機械作業の併用
I35: 併用の場合の理由（ ）
B36: ②屋根ふき材 | E36: 屋根ふき材の取り外し □有 □無 | I36: □ 手作業
I37: □ 手作業・機械作業の併用
I38: 併用の場合の理由（ ）
B39: ③外装材・上部構造部分 | E39: 外装材・上部構造部分の取り壊し | I39: □ 手作業
E40: □有 □無 | I40: □ 手作業・機械作業の併用
B41: ④基礎・基礎ぐい | E41: 基礎・基礎ぐいの取り壊し □有 □無 | I41: □ 手作業
I42: □ 手作業・機械作業の併用
B43: ⑤その他 （ ） | E43: その他の取り壊し □有 □無 | I43: □ 手作業
I44: □ 手作業・機械作業の併用
A45: 工事の工程の順序 | E45: □上の工程における①→②→③→④の順序
E46: □その他（ ）
E47: その他の場合の理由（ ）
A48: □内装材に木材が含まれる場合 | E48: ①の工程における木材の分別に支障となる建設資材の事前の取り外し
E49: □可 □不可
E50: 不可の場合の理由（ ）
A51: 建築物に用いられた建設資材の量の見込み | F51: トン
A52: 廃棄物発生見込量 | B52: 特定建設資材廃棄物の種類ごとの量の見込み及びその発生が見込まれる建築物の部分 | E52: 種類 | G52: 量の見込み | I52: 発生が見込まれる部分（注）
E53: □コンクリート塊 | G53: トン | I53: □① □② □③ □④
I54: □⑤
E55: □ｱｽﾌｧﾙﾄ･ｺﾝｸﾘｰﾄ塊 | G55: トン | I55: □① □② □③ □④
I56: □⑤
E57: □建設発生木材 | G57: トン | I57: □① □② □③ □④
I58: □⑤
B59: （注） ①建築設備・内装材等 ②屋根ふき材 ③外装材・上部構造部分 ④基礎・基礎ぐい ⑤その他
A60: 備考
A63: □欄には、該当箇所に「レ」を付すこと。

Sheet 46-②
A1: 別表２ | J1: （Ａ４）
E2: 建築物に係る新築工事等（新築・増築・修繕・模様替）
A3: 分別解体等の計画等
A4: 使用する特定建設 資材の種類 | D4: □コンクリート □コンクリート及び鉄から成る建設資材
D5: □アスファルト・コンクリート □木材
A6: 建築物に関する調査の結果 | C6: 建築物の状況 | D6: 築年数 年、棟数 棟
D7: その他（ ）
C8: 周辺状況 | D8: 周辺にある施設 □住宅 □商業施設 □学校
D9: □病院 □その他（ ）
D10: 敷地境界との最短距離 約 ｍ
D11: その他（ ）
A12: 建築物に 関する 調査の結果 及び 工事着手前 に実施する 措置の内容 | D12: 建築物に関する調査の結果 | H12: 工事着手前に実施する措置の内容
C14: 作業場所 | D14: 作業場所 □十分 □不十分
D15: その他（ ）
C16: 搬出経路 | D16: 障害物 □有（ ） □無
D17: 前面道路の幅員 約 ｍ
D18: 通学路 □有 □無
D19: その他（ ）
C20: 特定建設 資材への 付着物 （修繕・ 模様替 工事のみ） | D20: □有 | E20: □飛散性石綿（吹付け石綿、 石綿吹付けロックウール等） | H20: □飛散性石綿に関する諸官庁届出（大防法、労安 衛法・石綿予防規則）
H21: □飛散性石綿の適正処理の実施
D22: □無 | E22: □非飛散性石綿（石綿含有 ビニール床タイル等） | H22: □非飛散性石綿の適正処理の実施
D23: □有 | E23: ( )
D24: □無 | E24: ( )
C25: その他 | D25: □有 | E25: □飛散性石綿【吹付け】（鉄骨 等の特定建設資材以外のもの に吹付けられた石綿） | H25: □飛散性石綿に関する諸官庁届出（大防法、労安 衛法・石綿予防規則）
E26: □飛散性石綿【吹付けではない】 （石綿を含有する断熱材、 保温材、・耐火被覆材等） | H26: □飛散性石綿の適正処理の実施
D27: □無 | E27: □非飛散性石綿（石綿含有スレ ート板等） | H27: □非飛散性石綿の適正処理の実施
D28: □有 | E28: ( ） | H28: ( ）
D29: □無 | E29: □フロン類使用機器（業務用エアコ ン、業務用冷凍冷蔵機器等） | H29: □フロン類回収済み □フロン類回収予定
A30: 工程ごとの作業内容 | B30: 工程 | E30: 作業内容
B31: ①造成等 | E31: 造成等の工事 □有 □無
B33: ②基礎・基礎ぐい | E33: 基礎・基礎ぐいの工事 □有 □無
B35: ③上部構造部分・外装 | E35: 上部構造部分・外装の工事 □有 □無
B37: ④屋根 | E37: 屋根の工事 □有 □無
B39: ⑤建築設備・内装等 | E39: 建築設備・内装等の工事 □有 □無
B41: ⑥その他 （ ） | E41: その他の工事 □有 □無
A43: 廃棄物発生見込量 | B43: 特定建設資材廃棄物の種類ごとの量の見込み並びに特定建設資材が使用される建築物の部分及び特定建設資材廃棄物の発生が見込まれる建築物の部分 | E43: 種類 | G43: 量の見込み | I43: 使用する部分又は発生が見込まれる部分（注）
E45: □コンクリート塊 | G45: トン | I45: □① □② □③ □④
I46: □⑤ □⑥
E47: □ｱｽﾌｧﾙﾄ･ｺﾝｸﾘｰﾄ塊 | G47: トン | I47: □① □② □③ □④
I48: □⑤ □⑥
E49: □建設発生木材 | G49: トン | I49: □① □② □③ □④
I50: □⑤ □⑥
B51: （注） ①造成等 ②基礎 ③上部構造部分・外装 ④屋根 ⑤建築設備・内装等 ⑥その他
A52: 備考
A55: □欄には、該当箇所に「レ」を付すこと。

Sheet 46-③
A1: 別表３ | J1: （Ａ４）
E2: 建築物以外のものに係る解体工事又は新築工事等（土木工事等）
A3: 分別解体等の計画等
A4: 工作物の構造（解体工事のみ） | D4: □鉄筋コンクリート造 □その他（ ）
A5: 工事の種類 | D5: □新築工事 □維持・修繕工事 □解体工事
D6: □電気 □水道 □ガス □下水道 □鉄道 □電話 □その他（ ）
A7: 使用する特定建設資材の種類 (新築･維持･修繕工事のみ） | D7: □コンクリート □コンクリート及び鉄から成る建設資材
D8: □アスファルト・コンクリート □木材
A9: 工作物に関する調査の結果 | C9: 工作物の状況 | D9: 築年数 年 その他（ ）
C10: 周辺状況 | D10: 周辺にある施設 □住宅 □商業施設 □学校
D11: □病院 □その他（ ）
D12: 敷地境界との最短距離 約 ｍ その他（ ）
A13: 工作物に 関する 調査の結果 及び 工事着手前 に実施する 措置の内容 | D13: 工作物に関する調査の結果 | H13: 工事着手前に実施する措置の内容
C15: 作業場所 | D15: 作業場所 □十分 □不十分
D16: その他（ ）
C17: 搬出経路 | D17: 障害物 □有（ ） □無
D18: 前面道路の幅員 約 ｍ
D19: 通学路 □有 □無
D20: その他（ ）
C21: 特定建設 資材への 付着物 （解体・ 維持修繕 工事のみ） | D21: □有 | E21: □飛散性石綿（吹付け石綿、 石綿吹付けロックウール等） | H21: □飛散性石綿に関する諸官庁届出（大防法、労安 衛法・石綿予防規則）
H22: □飛散性石綿の適正処理の実施
D23: □無 | E23: □非飛散性石綿（石綿含有 ビニール床タイル等） | H23: □非飛散性石綿の適正処理の実施
D24: □有 | E24: ( )
D25: □無 | E25: ( )
C26: その他 | D26: □有 | E26: □飛散性石綿【吹付け】（鉄骨 等の特定建設資材以外のもの に吹付けられた石綿） | H26: □飛散性石綿に関する諸官庁届出（大防法、労安 衛法・石綿予防規則）
E27: □飛散性石綿【吹付けではない】 （石綿を含有する断熱材、 保温材、・耐火被覆材等） | H27: □飛散性石綿の適正処理の実施
D28: □無 | E28: □非飛散性石綿（石綿含有スレ ート板等） | H28: □非飛散性石綿の適正処理の実施
D29: □有 | E29: ( ） | H29: ( ）
D30: □無 | E30: □フロン類使用機器（業務用エアコ ン、業務用冷凍冷蔵機器等） | H30: □フロン類回収済み □フロン類回収予定
A31: 工程ごとの作業内容及び解体方法 | B31: 工程 | E31: 作業内容 | I31: 分別解体等の方法 （解体工事のみ）
B33: ①仮設 | E33: 仮設工事 □有 □無 | I33: □ 手作業
I34: □ 手作業・機械作業の併用
B35: ②土工 | E35: 土工事 □有 □無 | I35: □ 手作業
I36: □ 手作業・機械作業の併用
B37: ③基礎 | E37: 基礎工事 □有 □無 | I37: □ 手作業
I38: □ 手作業・機械作業の併用
B39: ④本体構造 | E39: 本体構造の工事 □有 □無 | I39: □ 手作業
I40: □ 手作業・機械作業の併用
B41: ⑤本体付属品 | E41: 本体付属品の工事 □有 □無 | I41: □ 手作業
I42: □ 手作業・機械作業の併用
B43: ⑥その他（ ） | E43: その他の工事 □有 □無 | I43: □ 手作業
I44: □ 手作業・機械作業の併用
A45: 工事の工程の順序 （解体工事のみ） | E45: □上の工程における⑤→④→③の順序
E46: □その他（ ）
E47: その他の場合の理由（ ）
A48: 工作物に用いられた建設資材の量 の見込み（解体工事のみ） | E48: トン
A50: 廃棄物発生見込量 | B50: 特定建設資材廃棄物の種類ごとの量の見込み（全工事）並びに特定建設資材が使用される工作物の部分（新築・維持・修繕工事のみ）及び特定建設資材廃棄物の発生が見込まれる工作物の部分（維持・修繕・解体工事のみ） | E50: 種類 | G50: 量の見込み | I50: 使用する部分又は発生が見込まれる部分（注）
E52: □コンクリート塊 | G52: トン | I52: □① □② □③ □④
I53: □⑤ □⑥
E54: □ｱｽﾌｧﾙﾄ･ｺﾝｸﾘｰﾄ塊 | G54: トン | I54: □① □② □③ □④
I55: □⑤ □⑥
E56: □建設発生木材 | G56: トン | I56: □① □② □③ □④
I57: □⑤ □⑥
B58: （注） ①仮設 ②土工 ③基礎 ④本体構造 ⑤本体付属品 ⑥その他
A59: 備考
A60: □欄には、該当箇所に「レ」を付すこと。

Sheet 47
P1: 年 月 日
A3: 解体等工事に係る事前調査説明書面
B5: ①発注者 土浦市 殿
H7: ②元請業者 | J7: 住所 | K7: =基本データ!D14 -> 土浦市大和町○○番○号
J8: 氏名 | K8: =基本データ!D15 -> ○○○○ (株)
J9: 電話番号 | L9: =基本データ!D17 -> 029-826-1111
B11: 大気汚染防止法第 18 条の 15 第１項、18 条の 16 第 3 項に基づき、解体等工事に係る石綿使用の有無に関する事前調査
B12: 結果について下記のとおり説明します。
B14: ③解体等工事の場所・名称 | F14: =基本データ!D6 -> 土浦市 田中町 地内
F15: =基本データ!D5 -> ○○○○○○○○○○○○○○○○○○○○○○○○○○○○○○○○○工事
B16: ④解体又は改造・補修着手年月日 | F16: 年 月 日 | J16: 延床面積 | M16: ｍ2
B17: ⑤解体等工事の種類 | F17: □解体 □改造・改修 | J17: 階数 | M17: 階建
B18: ⑥建築物等の竣工・着工年 | F18: □昭和 □平成 年 □竣工 ・□着工 ・□不明
B19: ⑦建築物等の概要 | F19: □建築物
F20: ( □耐火 □準耐火 □その他 ( ) )
F21: ( □木造 □ＲＣ造 □Ｓ造 □その他 ( ) )
F22: □その他工作物
B23: ⑧事前調査を行った者及び当該者が登録規定に基づく講習を受講した講習実施機関の名称等 | F23: 氏名
F24: 講習実施機関の名称
F25: ( □一般 □特定 □一戸建て等 □その他 ( ) )
B26: ⑨調査を終了した年月日 | F26: 年 月 日
B27: ⑩調査の方法 | F27: □書面 □目視 □分析 □その他 ( )
B28: 分析を行った箇所
B29: 分析をした者の氏名及び所属機関・法人名 | F29: 氏名： 所属機関・法人名：
B31: ⑪調査の結果 | C31: ⑫特定建築材料の有無 | F31: □石綿有又は石綿みなし有 (詳細は別紙１のとおり)
F32: □石綿無
C33: ⑬破壊しないと調査できない場所であって、解体等が始まる前に確認できなかった場所
B37: ⑭事前調査の掲示 | C37: 設置予定年月日 | F37: 年 月 日
C39: 設置場所 | F39: 別紙 のとおり
B41: ⑮大気汚染防止法に係る作業の実 施の届出の要否 | F41: □要 □不要
B44: 備考 １ 特定建築材料が有り、特定粉じん排出等作業に該当する場合は別紙１を添付すること。
B45: ２ 工事中に特定建築材料を見つけた場合、再度説明すること。
B47: 元請業者からこの書面の説明を受けました。 ⑯発注者 氏名(法人にあっては名称並びに 説明を受けた者の職及び氏名) | I47: 発注者へこの書面の説明を行いました。 ⑰元請業者氏名(法人にあっては名称並びに 説明を行った者の職及び氏名)
B50: 令和 年 月 日 | E50: 土浦市 | I50: 令和 年 月 日
B53: ※ 該当がない項目については空欄とする。
B54: ※ この書面は発注者及び下請業者に説明すると共に、工事完了日から 3 年間保存すること。

Sheet 47-1
B1: 別紙１
A3: 特定粉じん排出(石綿除去)等作業の概要
B6: ①特定粉じん排出等作業の種類 | F6: 大気汚染防止法施行規則別表第７
F7: □ １の項 建築物の解体作業のうち、吹付け石綿及び石綿含有
F8: 断熱材等を除去する作業(次項及び５の項を除く)
F9: □ ２の項 建築物の解体作業のうち、石綿含有断熱材等を除去
F10: する作業(かき落とし、切断、又は破砕以外の方法
F11: で特定建築材料を除去するもの)(５の項を除く)
F12: □ ３の項 建築物の解体等作業のうち、石綿含有仕上塗材を除
F13: 去する作業(５の項を除く)
F14: □ ４の項 建築物の解体等作業のうち、石綿含有成形板等を除
F15: 去する作業(１から３の項、事項を除く)
F16: □ ５の項 特定建築材料の事前除去が著しく困難な解体作業
F17: □ ６の項 建築物の改造・補修作業のうち、吹付け石綿及び石
F18: 綿含有断熱材等に係る作業
B19: ②特定粉じん排出等作業の実施の期間 | F19: 自 年 月 日
F20: 至 年 月 日
B21: ③特定粉じん排出等作業の対象となる建築物等の部分における特定建築材料等の種類並びにその使用箇所及び使用面積 | F21: １ 吹付け石綿 ( 、 ｍ2)
F22: ２ 石綿を含有する保温材 ( 、 ｍ2)
F23: ３ 石綿を含有する耐火被覆材 ( 、 ｍ2)
F24: ４ 石綿を含有する断熱材 ( 、 ｍ2)
F25: ５ 石綿を含有する仕上塗材 ( 、 ｍ2)
F26: ６ 石綿を含有する成形板等 ( 、 ｍ2)
F27: ７ その他 ( 、 ｍ2)
F28: 詳細は別紙２のとおり
B29: ④特定粉じん排出等作業の方法 | F29: □除去 □囲い込み □封じ込め □その他(
B30: ⑤特定粉じん排出等作業の方法が法第18条の19各号に掲げる措置を当該各号に定める方法により行うものでないときは、その理由
B33: ⑥特定粉じん排出等作業の対象となる建築物等の配置図及び付近の状況 | F33: 別紙 のとおり
B35: ⑦特定粉じん排出等作業の工程を明示した特定工事の工程の概要 | F35: 別紙 のとおり
B37: ⑧作業の 掲示 | C37: 設置予定年月日 | F37: 年 月 日
C39: 設置場所 | F39: 別紙 のとおり
B41: ⑨特定工事の元請業者の現場責任者の氏名及び連絡場所 | F41: 電話番号
B43: ⑩下請負人が特定粉じん排出等作業を実施する場合の当該下請負人の現場責任者の氏名及び連絡場所 | F43: 電話番号
B47: 備考１ 解体等工事が特定粉じん排出等作業(石綿排出等作業)に該当する場合に作成すること。
B48: ２ 特定粉じん排出等作業(石綿排出等作業)の対象となる建築物等の配置図、付近の状況、特定粉じん排出等作
C49: 業(石綿排出等作業)工程を明示した特定工事(特定排出等工事)の工程の概要については、計画している作業
C50: 方法等がわかるものを添付すること(作業工程を示す日程表、図面等)。

Sheet 47-2
B1: 別紙２
A3: 石綿事前調査結果一覧表
B5: 建築材料の種類 | D5: 事前調査の結果 | G5: 特定建築材料に該当しない場合の判断の根拠
D6: 石 綿 有 | E6: み な し | F6: 石 綿 無 | G6: ①目視 ②設計図書等 (④を除 く。)
G7: ③分析 ④建築材料製造者による証明
G8: ⑤建築材料の製造年月日
B9: １ | C9: 吹付け材 | D9: □ | E9: □ | F9: □ | G9: ① □ ② □ ③ □ ④ □ ⑤ □
B10: ２ | C10: 保温材 | D10: □ | E10: □ | F10: □ | G10: ① □ ② □ ③ □ ④ □ ⑤ □
B11: ３ | C11: 耐火被覆材(吹付け材を除き、けい酸カルシウム板第２種を含む 。) | D11: □ | E11: □ | F11: □ | G11: ① □ ② □ ③ □ ④ □ ⑤ □
B12: ４ | C12: 煙突断熱材 | D12: □ | E12: □ | F12: □ | G12: ① □ ② □ ③ □ ④ □ ⑤ □
C13: 屋根用折版断熱材 | D13: □ | E13: □ | F13: □ | G13: ① □ ② □ ③ □ ④ □ ⑤ □
B14: ５ | C14: 仕上塗材 | D14: □ | E14: □ | F14: □ | G14: ① □ ② □ ③ □ ④ □ ⑤ □
B15: ６ | C15: スレート波板 | D15: □ | E15: □ | F15: □ | G15: ① □ ② □ ③ □ ④ □ ⑤ □
C16: スレートボード | D16: □ | E16: □ | F16: □ | G16: ① □ ② □ ③ □ ④ □ ⑤ □
C17: 屋根用化粧スレート | D17: □ | E17: □ | F17: □ | G17: ① □ ② □ ③ □ ④ □ ⑤ □
C18: けい酸カルシウム板第１種 | D18: □ | E18: □ | F18: □ | G18: ① □ ② □ ③ □ ④ □ ⑤ □
C19: 押出成形セメント板 | D19: □ | E19: □ | F19: □ | G19: ① □ ② □ ③ □ ④ □ ⑤ □
C20: パルプセメント板 | D20: □ | E20: □ | F20: □ | G20: ① □ ② □ ③ □ ④ □ ⑤ □
C21: ビニル床タイル | D21: □ | E21: □ | F21: □ | G21: ① □ ② □ ③ □ ④ □ ⑤ □
C22: 窯業系サイディング | D22: □ | E22: □ | F22: □ | G22: ① □ ② □ ③ □ ④ □ ⑤ □
C23: 石膏ボード | D23: □ | E23: □ | F23: □ | G23: ① □ ② □ ③ □ ④ □ ⑤ □
C24: ロックウール吸音天井板 | D24: □ | E24: □ | F24: □ | G24: ① □ ② □ ③ □ ④ □ ⑤ □
B25: ７ | C25: その他の材料
C26: ( ) | D26: □ | E26: □ | F26: □ | G26: ① □ ② □ ③ □ ④ □ ⑤ □
C27: ( ) | D27: □ | E27: □ | F27: □ | G27: ① □ ② □ ③ □ ④ □ ⑤ □
C28: ( ) | D28: □ | E28: □ | F28: □ | G28: ① □ ② □ ③ □ ④ □ ⑤ □
B30: 備考１ 事前調査の結果及び特定建築材料に該当しない場合の事前調査の方法の欄は、解体等工事の対象となる建築物等に
B31: 使用されている全ての建築材料について該当箇所に印を付すこと。
B32: ２ 事前調査の結果の欄は、大気汚染防止法施行規則第１６条の５第３号の規定により解体等工事が特定工事に該当す
B33: るものとみなして、大気汚染防止法及びこれに基づく命令中の特定工事に関する措置を講ずる場合についてはみなし
B34: の箇所に印を付すこと。
B35: ３ 特定建築材料に該当しない場合の事前調査の方法の欄は、該当する事前調査の方法が複数ある場合は、その全ての
B36: 箇所に印を付すこと。

Sheet 49
I2: 令和 年 月 日
B4: 建設部長 殿
E6: 請負業者名 | F6: =基本データ!D15 -> ○○○○ (株) | I6: ㊞
E7: TEL
E9: 現場代理人 | F9: =基本データ!D19 -> 土浦 二郎 | I9: ㊞
E10: TEL
A12: 工 事 現 場 保 安 管 理 計 画 書
B15: １．工事件名（工事番号及び工事名）
B16: =基本データ!D4 -> 土下維工 第○○号
B17: =基本データ!D5 -> ○○○○○○○○○○○○○○○○○○○○○○○○○○○○○○○○○工事
B19: ２．工事場所
B20: =基本データ!D6 -> 土浦市 田中町 地内
B22: ３．工事期間
B23: 自 | D23: =基本データ!D7 -> 45791
B24: 至 | D24: =基本データ!D8 -> 46096 | F24: =基本データ!D9 -> 306 | G24: 日間
B26: ４．休業期間
B27: 自 | D27: 令和2年5月1日
B28: 至 | D28: 令和2年5月8日 | F28: 8 | G28: 日間
B30: ５．休業期間の巡回
B31: （１） 月 日( ) 午前 回、午後 回、計 回
B32: （２） 月 日( ) 午前 回、午後 回、計 回
B33: （３） 月 日( ) 午前 回、午後 回、計 回
B34: （４） 月 日( ) 午前 回、午後 回、計 回
B35: （５） 月 日( ) 午前 回、午後 回、計 回
B36: （６） 月 日( ) 午前 回、午後 回、計 回
B37: （７） 月 日( ) 午前 回、午後 回、計 回
B38: （８） 月 日( ) 午前 回、午後 回、計 回
B39: （９） 月 日( ) 午前 回、午後 回、計 回
B40: （10） 月 日( ) 午前 回、午後 回、計 回
B42: ６．緊急連絡先（住所、氏名、TEL）
... B48: ８．保安対策（具体的に）

Sheet 50
A2: 別添様式１
F4: 令和 年 月 日
A7: 再 資 源 化 等 報 告 書
D11: 工事番号 | E11: =基本データ!D4 -> 土下維工 第○○号
D12: 工事名 | E12: =基本データ!D5 -> ○○○○○○○○○○○○○○○○○○○○○○○○○○○○○○○○○工事
D13: 請負者 | E13: =基本データ!D15 -> ○○○○ (株)
D14: 現場代理人 | E14: =基本データ!D19&" ㊞" -> 土浦 二郎 ㊞
B16: 建設工事に係る資材の再資源化等に関する法律第１８条第１項の規定により、下記のとおり、特定建設資材廃棄物の再資源化等が完了したことを報告します。
A20: 記
B23: １． 再資源化が完了した年月日
C25: 令和 年 月 日
B29: ２． 再資源化等をした施設の名称及び所在地
C31: 別添 再生資源利用(促進)実施書のとおり
B35: ３． 特定建設資材廃棄物の再資源化等に要した費用
C37: 万円（税込み）

Sheet 51
D2: 責任者 | E2: 氏名 | F2: =基本データ!D21 -> 山田 花子 | H2: 連絡先 | I2: =基本データ!D17 -> 029-826-1111
D3: 担当者 | E3: 氏名 | F3: =基本データ!D22 -> 鈴木 一郎 | H3: 連絡先 | I3: =基本データ!D17 -> 029-826-1111
A5: 様式第１０号（第２２条関係）
A6: その１（工事完成）
A8: 工 事 目 的 物 引 渡 書
J10: 令和 年 月 日
A12: （宛先）土浦市長
F15: 所 在 | G15: =基本データ!D14 -> 土浦市大和町○○番○号
E16: 請 負 人 | F16: 商 号 | G16: =基本データ!D15 -> ○○○○ (株)
F17: 代表者名 | G17: =基本データ!D18 -> 代表取締役 土浦 太郎
A21: 下記の工事について、土浦市請負工事及び委託業務執行規則第２０条の規定に基づき工事
A22: 検査認定書の交付を受けたので、工事目的物を引き渡すとともに、同規則第２２条の規定に基づ
A23: きこの書を提出します。
A27: 記
B30: １ 工事番号及び | D30: =基本データ!D4 -> 土下維工 第○○号
B31: 工事件名 | D31: =基本データ!D5 -> ○○○○○○○○○○○○○○○○○○○○○○○○○○○○○○○○○工事
B34: ２ 工事場所 | D34: =基本データ!D6 -> 土浦市 田中町 地内
B37: ３ 請負金額 | D37: =IF(ISBLANK(基本データ!D24),基本データ!D23,IF(基本データ!D24>=0,基本データ!D24)) -> 300000000
B40: ４ 工事完成年月日 | D40: 令和 年 月 日
D53: 責任者 | E53: 氏名 | F53: =基本データ!D21 -> 山田 花子 | H53: 連絡先 | I53: =基本データ!D17 -> 029-826-1111
D54: 担当者 | E54: 氏名 | F54: =基本データ!D22 -> 鈴木 一郎 | H54: 連絡先 | I54: =基本データ!D17 -> 029-826-1111
A56: 様式第１０号（第２２条関係）
A57: その２（部分引渡し）
A59: 工 事 目 的 物 引 渡 書
J61: 令和 年 月 日
A63: （宛先）土浦市長
F66: 所 在 | G66: =基本データ!D14 -> 土浦市大和町○○番○号
E67: 請 負 人 | F67: 商 号 | G67: =基本データ!D15 -> ○○○○ (株)
F68: 代表者名 | G68: =基本データ!D18 -> 代表取締役 土浦 太郎
A72: 下記の工事について、土浦市請負工事及び委託業務執行規則第２０条の規定に基づき工事検
A73: 査認定書の交付を受けたので、指定部分に係る工事目的物を引き渡すとともに、同規則第２２条
A74: の規定に基づきこの書を提出します。
A78: 記
B82: １ 工事番号及び | D82: =基本データ!D4 -> 土下維工 第○○号
B83: 工事件名 | D83: =基本データ!D5 -> ○○○○○○○○○○○○○○○○○○○○○○○○○○○○○○○○○工事
B86: ２ 工事場所 | D86: =基本データ!D6 -> 土浦市 田中町 地内
B89: ３ 請負金額 | D89: =IF(ISBLANK(基本データ!D24),基本データ!D23,IF(基本データ!D24>=0,基本データ!D24)) -> 300000000
B92: ４ 一部履行年月日 年 月 日 | D92: 令和 年 月 日
B95: ５ 指定部分の概要

Sheet 53-1
C2: 責任者 氏名 | D2: =基本データ!D21 -> 山田 花子 | E2: 連絡先 | F2: =基本データ!D17 -> 029-826-1111
C3: 担当者 氏名 | D3: =基本データ!D22 -> 鈴木 一郎 | E3: 連絡先 | F3: =基本データ!D17 -> 029-826-1111
A5: 様式第４号（第３３条関係）
A8: 契 約 保 証 金 還 付 請 求 書
F11: 令和 年 月 日
A13: （請求先）土 浦 市 長
D17: 所 在 | E17: =基本データ!D14 -> 土浦市大和町○○番○号
C18: 請求人 | D18: 商 号 | E18: =基本データ!D15 -> ○○○○ (株)
D19: 代表者名 | E19: =基本データ!D18 -> 代表取締役 土浦 太郎
D20: 登録番号 | E20: =基本データ!D16 -> T1234567890122
A23: 下記の契約に係る契約保証金を還付願います。
B26: 記
B29: １ 還付を求める額（一部・全部） 金 円
B32: ２ 工事番号 | C32: =基本データ!D4 -> 土下維工 第○○号
B34: 工事件名 | C34: =基本データ!D5 -> ○○○○○○○○○○○○○○○○○○○○○○○○○○○○○○○○○工事
B37: ３ 振込先
B38: 金融機関名 | C38: 支店等名 | D38: 預金種目 | F38: 口座番号
D39: １ 普通
D40: ２ 当座
D41: ３ その他 （ ）
B42: フリガナ
B43: 口座名義人
B46: （注）一部・全部については、いずれかを二重線で消してください。

Sheet 53-2
D2: 責任者 | E2: 氏名 | F2: =基本データ!D21 -> 山田 花子 | H2: 連絡先 | I2: =基本データ!D17 -> 029-826-1111
D3: 担当者 | E3: 氏名 | F3: =基本データ!D22 -> 鈴木 一郎 | H3: 連絡先 | I3: =基本データ!D17 -> 029-826-1111
A7: 保 証 書 に 係 る 受 領 書
I10: 令和 年 月 日
A12: （宛先）土 浦 市 長
F15: 所 在 | G15: =基本データ!D14 -> 土浦市大和町○○番○号
E16: 請 負 人 | F16: 商 号 | G16: =基本データ!D15 -> ○○○○ (株)
F17: 代表者名 | G17: =基本データ!D18 -> 代表取締役 土浦 太郎
B21: 貴職から下記工事（委託）に係る保証書（保証内容変更契約書がある場合には保証内容変更契約書を含む。）を受領したので、銀行等に返還すること及び今後、保証書の滅失、き損につき一切の責任を負うことを約します。
A26: 記
B29: １ 工事番号及び | D29: =基本データ!D4 -> 土下維工 第○○号
B31: 工事件名 | D31: =基本データ!D5 -> ○○○○○○○○○○○○○○○○○○○○○○○○○○○○○○○○○工事
B34: ２ 保 証 人 名
